 Dungeon Crawl Stone Soup version 0.29.0-15-g675c0067aa (webtiles) character file.

Game seed: 14323859164051823199

791357 qw the Bringer of Light (level 27, -5/64 (199) HPs)
             Began as a Gargoyle Fighter on Sept 11, 2022.
             Was the Champion of the Shining One.
             Killed by divine providence
             ... invoked by a smoke demon
              (15 damage)
             ... in Pandemonium.
             The game lasted 00:47:30 (99682 turns).

qw the Bringer of Light (Gargoyle Fighter)         Turns: 99682, Time: 00:47:30

HP:   -5/64 (199)   AC: 74    Str: 38    XL:     27
MP:   0/40          EV: 20    Int: 14    God:    the Shining One [******]
Gold: 5493          SH: 33    Dex: 23    Spells: 26/26 levels left

rFire   + . .      SeeInvis .   J - +9 broad axe (holy)
rCold   + . .      Faith    .   z - +2 tower shield {reflect}
rNeg    + + +      Spirit   .   y - +12 gold dragon scales
rPois   inf        Reflect  +   c - +2 helmet
rElec   +          Harm     .   m - +2 cloak {Stlth+}
rCorr   .          Rampage  .   E - +2 pair of gloves {Dex+3}
Will    ++...                   M - +0 pair of boots of Patterns {+Blink Dex+7 Stlth-}
Stlth   ..........              s - amulet of reflection
HPRegen 0.20/turn               j - ring "Qykkochi" {Str+6 Int+3 Dex+4}
MPRegen 0.27/turn               n - +4 ring of slaying {mikee}

@: about to teleport, flying, glowing, extremely drained, bezotted
A: sickness immunity, AC +20, big wings, negative energy resistance 1,
electricity resistance, torment resistance 1, petrification resistance, subdued
magic 1
}: 4/15 runes: decaying, silver, golden, gossamer
a: Renounce Religion, Evoke Blink, Divine Shield, Cleansing Flame, Summon Divine
Warrior


You were in Pandemonium.
You worshipped the Shining One.
The Shining One was exalted by your worship.
You visited 11 branches of the dungeon, and saw 51 of its levels.
You visited Pandemonium 1 time, and saw 10 of its levels.

You collected 10501 gold pieces.
You spent 5008 gold pieces at shops.


Innate Abilities, Weirdness & Mutations

You are immune to sickness and miasma.
Your stone body is resilient. (AC +20)
You are immune to poison.
Your large and strong wings let you fly.
You resist negative energy. (rN+)
You are resistant to electric shocks. (rElec)
You are resistant to unholy torment.
You are immune to petrification.
Your spells are a little easier to cast, but a little less powerful.


   Skills:
 O Level 27 Fighting
 - Level 4.8 Short Blades
 - Level 19.0 Axes
 - Level 14.5 Throwing
 O Level 27 Armour
 - Level 18.0 Dodging
 + Level 24.1 Shields
 O Level 27 Invocations


You had 26 spell levels left.
You didn't know any spells.
Your spell library was empty.

Inventory:

Hand Weapons
 D - the +9 broad axe "Feroc" {vorpal, *Corrode rPois Str+5 Stlth+}
   (Okawaru gifted it to you on level 4 of the Spider Nest)

   It inflicts extra damage upon your enemies.
   Str:       It affects your strength (+5).
   rPois:     It protects you from poison.
   *Corrode:  It may corrode you when you take damage.
   Stlth:     It makes you more stealthy.
 J - a +9 broad axe of holy wrath (weapon)
Armour
 c - a +2 helmet (worn)
 m - a +2 cloak of stealth (worn)
 y - +12 gold dragon scales (worn)
 z - a +2 tower shield of reflection (worn)
 E - a +2 pair of gloves of dexterity (worn)
 H - the +0 pair of gloves of the Hidden Vale {-Tele rF++ rN+ rCorr}
   (Okawaru gifted it to you on level 1 of the Depths)

   rF:        It greatly protects you from fire.
   rN:        It protects you from negative energy.
   -Tele:     It prevents most forms of teleportation.
   rCorr:     It protects you from acid and corrosion.
 M - the +0 pair of boots of Patterns (worn) {+Blink Dex+7 Stlth-}
   (You found it in Pandemonium)

   Dex:       It affects your dexterity (+7).
   +Blink:    It lets you blink.
   Stlth:     It makes you less stealthy.
 N - the +1 chain mail of Xom's Pride {rCorr}
   (You found it on level 5 of the Vaults)

   rCorr:     It protects you from acid and corrosion.
Jewellery
 j - the ring "Qykkochi" (left hand) {Str+6 Int+3 Dex+4}
   (You found it on level 1 of the Lair of Beasts)

   [ring of strength]

   Str:       It affects your strength (+6).
   Int:       It affects your intelligence (+3).
   Dex:       It affects your dexterity (+4).
 l - a ring of ice
 n - a +4 ring of slaying (right hand) {mikee}
 s - an amulet of reflection (around neck)
 t - a ring of protection from fire
 x - a ring of resist corrosion
 F - the ring of Discretion {rN+ rCorr}
   (You found it on level 3 of the Crypt)

   [ring of positive energy]

   rN:        It protects you from negative energy.
   rCorr:     It protects you from acid and corrosion.
 I - a ring of fire
 K - the ring "Ijoriuth" {rElec rC+ rN+}
   (You found it on level 3 of the Crypt)

   [ring of positive energy]

   rC:        It protects you from cold.
   rElec:     It insulates you from electricity.
   rN:        It protects you from negative energy.
Wands
 k - a wand of digging (9)
Scrolls
 g - 2 scrolls of enchant weapon
 o - 49 scrolls of identify
 q - 19 scrolls of teleportation
 v - 3 scrolls of brand weapon
 B - 13 scrolls of blinking
Potions
 b - 4 potions of mutation
 d - 5 potions of might
 e - 19 potions of haste
 h - 16 potions of attraction
 i - 12 potions of heal wounds
 r - 20 potions of curing
 w - a potion of magic
 C - 3 potions of lignification
 L - 2 potions of cancellation
Miscellaneous
 f - a figurine of a ziggurat

Dungeon Overview and Level Annotations

Branches:
Dungeon (15/15)            Temple (1/1) D:5            Lair (5/5) D:11
  Swamp (4/4) Lair:3       Spider (4/4) Lair:3        Slime (0/5) Lair:4
    Orc (2/2) D:9             Elf (0/3) Orc:2        Vaults (5/5) D:14
  Crypt (3/3) Vaults:2       Tomb (3/3) Crypt:3      Depths (4/4) D:15
    Zot (5/5) Depths:4

Altars:
Ashenzari
Cheibriados
Dithmenos
Elyvilon
Fedhas
Gozag
Hepliaklqana
Kikubaaqudgha
Makhleb
Nemelex Xobeh
Okawaru
Qazlal
Ru
Sif Muna
Trog
Uskayaw
Vehumet
Wu Jian
Xom
Yredelemnul
Zin
The Shining One

Shops:
D:5 :(   D:6 =   D:14 (   D:15 *   Orc:2 ([[:*!*   Vaults:1 ?*   Vaults:4 (:(
Vaults:5 =:[?   Depths:1 =

Portals:
Hell: Depths:1 Depths:2 Depths:3 Depths:4
Abyss: Depths:1 Depths:3
Pandemonium: Depths:2 Depths:3
Ziggurat: Depths:4

Annotations:
D:7 1 runed translucent door, Crazy Yiuf
Lair:2 2 transporters, qw's ghost, journeyman FoCA
Lair:5 1 runed translucent door
Swamp:2 1 runed translucent door, qw's ghost, adept GrBe
Swamp:4 1 runed translucent door, qw's ghost, adept GrBe
Vaults:3 36 runed doors
Pan 1 runed translucent door


Message History

You feel your power returning.
The ufetubus disappears in a puff of smoke! x3
The smoke demon gestures at you.
Your +2 tower shield of reflection reflects the sticky flame!
The sticky flame hits the smoke demon.
The smoke demon resists.
The ghost moth stares at you.
You feel your power leaking away.
A smoke demon comes into view.
The smoke demon roars!
You slash the smoke demon!
The smoke demon convulses!
The smoke demon is severely wounded.
The ghost moth stares at you. x2
You completely miss the smoke demon.
The smoke demon is severely wounded.
The smoke demon gestures at you. Something smites you!
The ghost moth stares at you.
You slice the smoke demon!!
You kill the smoke demon!
The Shining One accepts your kill.
You feel better.
You feel your power returning. The smoke demon gestures at you.
Something smites you! The ghost moth stares at you.
You feel your power leaking away. The smoke demon gestures at you.
Something smites you!
A large abomination comes into view.
You slice the smoke demon!!
The smoke demon convulses!!
The smoke demon is almost dead.
The smoke demon gestures at you. Something smites you!
99682 ||| READING 20 scrolls of teleportation.
As you read the scroll of teleportation, it crumbles to dust.
You feel strangely unstable. The ghost moth stares at you.
You feel your power leaking away. The smoke demon gestures at you.
Something smites you!
You die...

##'##))......#..#######......#
#.
#...........)...).).).)/######
#. #...##).)##....%....)..### #.
#....).##)..#########....# ##.
#.....##.###........##...# #..
#.....#/).........##+##..# #..
##.#..#..)........#y#.#.)# #..
#.#.###.........%###.#).## #..
#.#.#y#........@.....#...## #..
#.#.###.).)...)\3....#)...####..
#.#..#....))......)..#))#...####
#.#..#....).......)..#).###.....
#.#..#...............#).# ##....
#.#..#...))##X.......#..# #....
#..#./...........).#).# #....
#..##.....#..).)..)#)[####.).. #
#..)#)))....)......)))).).....


You could see a ghost moth (invisible), a large abomination and a smoke demon.

Vanquished Creatures
  4 dread liches
  Khufu (Tomb:2)
  7 orbs of fire
  Mara (Swamp:4)
  4 ancient liches (Zot:5)
  8 pandemonium lords (Pan)
  8 royal mummies
  7 Killer Klowns
  Vv (Depths:2)
  Parghit (Zot:2)
  A caustic shrike (Depths:2)
  2 curse toes
  15 golden dragons
  A bone dragon (Depths:4)
  Nikola (Spider:3)
  6 Brimstone Fiends (Pan)
  2 Tzitzimimeh (Pan)
  Arachne (Spider:4)
  2 electric golems (Zot:5)
  Rupert (Orc:2)
  A Hell Sentinel (Pan)
  25 tentacled monstrosities
  10 liches
  4 Ice Fiends (Pan)
  25 Orb Guardians (Zot:5)
  19 titans
  4 deep elf blademasters
  3 deep elf master archers
  6 quicksilver dragons
  3 walking divine tomes (Depths:3)
  9 death cobs
  9 ancient champions
  7 Executioners (Pan)
  10 sphinxes
  Frances (Swamp:2)
  Kirke (Spider:3)
  10 storm dragons
  5 tengu reavers
  Donald (Spider:3)
  A thorn hunter (Swamp:4)
  5 draconian monks
  5 draconian knights
  4 demonspawn warmongers (Pan)
  9 shadow dragons
  A deep elf sorcerer (Vaults:5)
  11 vault wardens
  22 frost giants
  3 revenants
  2 fenstrider witches
  A rockslime (Zot:5)
  29 fire giants
  7 iron dragons
  7 emperor scorpions
  Aizul (Swamp:2)
  7 draconian scorchers
  An orc warlord (Vaults:1)
  7 cacodemons (Pan)
  Louise (Depths:3)
  77 balrugs (Pan)
  9 ghost moths
  11 ghouls
  11 draconian shifters
  2 curse skulls
  20 ironbound preservers
  An angel (Pan)
  5 demonspawn corrupters (Pan)
  4 reapers
  42 very ugly things
  2 draconian stormcallers (Zot:1)
  5 ironbound thunderhulks
  8 draconian annihilators
  7 bennus
  7 war gargoyles
  26 stone giants
  A deep elf demonologist (Vaults:5)
  6 demonspawn blood saints (Pan)
  65 lorocyprocas (Pan)
  4 entropy weavers
  6 eleionomae
  9 vampire knights
  16 green draconians
  18 red draconians
  10 black draconians
  20 dire elephants
  2 spark wasps
  2 deep elf annihilators
  6 purple draconians
  6 demonspawn black suns (Pan)
  12 yellow draconians
  A bunyip (Swamp:2)
  Azrael (D:14)
  18 white draconians
  5 eidola
  5 deep elf death magi
  22 mummy priests
  13 ettins
  5 jiangshi
  12 blizzard demons (Pan)
  A merfolk javelineer (Depths:1)
  8 green deaths
  Josephine (D:14)
  2 deep elf high priests (Vaults:5)
  An ettin (shapeshifter) (Vaults:5)
  7 fire dragons
  A crystal guardian (Vaults:3)
  14 yaktaur captains
  A shambling mangrove (Swamp:2)
  9 great orbs of eyes
  4 rakshasas
  2 fenstrider witch zombies
  8 ice dragons
  38 vault guards
  12 hydras
  2 spriggan air magi
  2 ogre magi (Vaults:5)
  3 peacekeepers
  4 hell beasts (Pan)
  A jorogumo (Spider:1)
  2 ghost crabs (Swamp:4)
  A catoblepas (Lair:5)
  7 boulder beetles
  A radroach (Spider:1)
  6 death knights
  5 centaur warriors
  8 deep troll shamans
  7 ironbound frosthearts
  2 tengu warriors
  6 alligators
  14 death scarabs
  8 two-headed ogres
  5 death yaks
  5 deep troll earth magi
  2 spriggan berserkers
  10 spriggans
  7 vampire magi
  245 sun demons (Pan)
  24 soul eaters
  Amaemon (D:9)
  5 hell knights (Depths:1)
  2 storm dragon zombies
  A shadow wraith (Crypt:2)
  A spark wasp zombie (Depths:1)
  An iron giant zombie (Crypt:2)
  11 iron trolls
  3 sun moths
  4 pharaoh ants (Spider:3)
  11 deep elf knights
  13 shadow demons (Pan)
  16 sixfirhies
  39 skeletal warriors
  2 storm dragon skeletons
  A death drake (Swamp:4)
  2 fire crabs (Swamp:4)
  54 deep trolls
  A deep troll (shapeshifter) (Vaults:5)
  7 spriggan druids
  2 glowing orange brains
  7 orb spiders
  An obsidian statue (Zot:5)
  11 bog bodies
  13 swamp dragons
  4 goliath frogs
  11 flayed ghosts
  9 steelbarb worms
  12 ironbound convokers
  An orange crystal statue (Vaults:2)
  A glowing orange brain (shapeshifter) (Depths:2)
  9 deep elf pyromancers
  13 wizards
  16 lindwurms
  7 deep elf archers
  5 orc knights
  A sphinx zombie (Depths:1)
  22 phantasmal warriors
  A lindwurm (shapeshifter) (Vaults:2)
  20 wolf spiders
  8 necromancers
  4 deep elf zephyrmancers
  8 harpies
  An iron dragon zombie (Crypt:3)
  46 ugly things
  A frost giant zombie (Depths:1)
  4 will-o-the-wisps
  An orc sorcerer (Orc:1)
  A wolf spider (shapeshifter) (Depths:2)
  2 cyclopes
  2 manticores (Lair:5)
  An ice statue (Lair:1)
  5 rust devils
  37 moths of wrath
  3 black mambas
  5 elephants
  A centaur zombie (Tomb:3)
  A moth of wrath (shapeshifter) (D:14)
  A dire elephant zombie (Crypt:2)
  Maurice (D:9)
  18 vault sentinels
  An alligator snapping turtle zombie (Crypt:1)
  5 torpor snails (Lair:5)
  7 fire giant skeletons (Crypt:3)
  A centaur skeleton (Crypt:2)
  18 orange demons
  12 cane toads
  8 gargoyles
  151 smoke demons (Pan)
  Maggie (D:6)
  6 komodo dragons
  157 demonic crawlers
  A komodo dragon (shapeshifter) (Vaults:5)
  3 efreet
  15 hellions (Pan)
  An orb spider zombie (Crypt:1)
  Psyche (D:11)
  5 tengu conjurers
  A kobold demonologist (D:12)
  2 tormentors (Pan)
  5 rime drakes
  A pale draconian skeleton (Crypt:2)
  50 guardian mummies
  3 ice devils
  A red draconian skeleton (Crypt:2)
  A hydra zombie (Tomb:1)
  5 red devils (Pan)
  14 freezing wraiths
  15 yaktaurs
  15 hellwings
  3 polar bears
  19 hornets
  3 trolls
  9 meliai
  12 tyrant leeches
  2 bloated husks
  A hydra skeleton (Crypt:3)
  A raiju (shapeshifter) (D:14)
  19 tarantellas
  3 harpy skeletons
  A meliai zombie (Crypt:1)
  18 dream sheep
  3 blink frogs (Lair:1)
  A jumping spider (shapeshifter) (D:13)
  34 slime creatures
  25 culicivoras
  A centaur simulacrum (D:14)
  3 black mamba zombies
  204 ynoxinuls (Pan)
  35 jumping spiders
  12 water elementals
  6 fire dragon skeletons (Crypt:3)
  13 wraiths
  31 yaks
  6 shadows
  9 vampires
  5 ushabtiu
  A wyvern (shapeshifter) (D:14)
  14 flying skulls
  108 large abominations (Pan)
  5 wyverns
  3 basilisks
  25 chaos spawn (Pan)
  4 fire elementals (D:14)
  4 hogs (Spider:3)
  9 steam dragons
  A human (Spider:3)
  5 neqoxecs (Pan)
  A slime creature zombie (Crypt:1)
  49 redbacks
  14 vampire mosquitoes
  A harpy simulacrum (Lair:1)
  14 swamp worms
  4 wargs
  A deep troll zombie (Crypt:2)
  A swamp worm (shapeshifter) (Vaults:5)
  Edmund (D:4)
  4 acid dragons
  2 hell hounds (D:14)
  A floating eye (Depths:2)
  13 water moccasins
  37 orc warriors
  3 sky beasts
  2 ice beasts
  14 swamp drakes
  7 ogres
  5 boggarts (Vaults:1)
  21 wolves
  An eye of devastation zombie (Crypt:1)
  23 centaurs
  3 phantoms
  3 kobold brigands
  9 bullfrogs
  4 necrophages
  2 scorpions
  A two-headed ogre simulacrum (Lair:1)
  9 wights
  An elephant simulacrum (Lair:1)
  13 killer bees
  A shapeshifter skeleton (Crypt:2)
  2 spriggan zombies
  4 electric eels
  3 howler monkeys
  A bullfrog zombie (Crypt:1)
  6 hounds
  A human zombie (Crypt:2)
  2 jellies (D:6)
  10 orc priests
  4 iguanas
  22 orc wizards
  6 hell rats (Lair:5)
  A polar bear simulacrum (Lair:1)
  A spriggan simulacrum (Lair:1)
  43 mummies
  10 gnolls
  A steam dragon zombie (Crypt:2)
  9 adders
  A naga simulacrum (Lair:1)
  2 shadow imps
  3 white imps
  2 dart slugs
  64 orcs
  9 bats
  6 endoplasms
  A giant cockroach (D:3)
  6 goblins
  9 hobgoblins
  6 jackals
  4 quokkas
  2 ball pythons (D:2)
  A butterfly zombie (Crypt:2)
  A frilled lizard (D:3)
  A gnoll skeleton (Crypt:1)
  2 jackal skeletons
  12 kobolds
  7 rats
  11 fire vortices (Pan)
3536 creatures vanquished.

Vanquished Creatures (collateral kills)
  A pandemonium lord (Pan)
  7 royal mummies
  Boris (Tomb:2)
  A Tzitzimitl (Pan)
  A Hell Sentinel (Pan)
  A lich (Crypt:3)
  An Executioner (Pan)
  A frost giant (Tomb:2)
  A fire giant (Tomb:2)
  2 demonspawn warmongers (Pan)
  7 balrugs (Pan)
  3 reapers (Pan)
  A stone giant (Tomb:3)
  A bennu (Tomb:2)
  A demonspawn corrupter (Pan)
  A lorocyproca (Pan)
  2 mummy priests (Tomb:3)
  A blizzard demon (Pan)
  A green death (Pan)
  2 death scarabs (Tomb:3)
  4 soul eaters (Pan)
  13 sun demons (Pan)
  A sixfirhy (Pan)
  A cherub (Pan)
  A fire giant skeleton (Crypt:3)
  2 smoke demons (Pan)
  A hellion (Pan)
  2 demonic crawlers (Pan)
  An efreet (Pan)
  8 guardian mummies
  2 flying skulls (Tomb:2)
  4 ynoxinuls (Pan)
  2 fire dragon skeletons (Crypt:3)
  2 large abominations (Pan)
  2 chaos spawn (Pan)
  8 mummies
  A fire vortex (Pan)
92 creatures vanquished.

Vanquished Creatures (others)
  Bai Suzhen (Spider:3)
  An Ice Fiend (Pan)
  A draconian knight (Zot:3)
  A ghost moth (Pan)
  A balrug (Pan)
  A demonspawn blood saint (Pan)
  A red draconian (Zot:1)
  A sixfirhy (Pan)
  A shadow demon (Pan)
  A deep elf archer (Tomb:1)
  A wizard (Depths:3)
  A smoke demon (Pan)
  A moth of wrath (Zot:3)
  A demonic crawler (Pan)
  A tyrant leech (Swamp:4)
  2 ynoxinuls (Pan)
  A chaos spawn (Pan)
  A swamp drake (Swamp:4)
  A sky beast (D:10)
  A goblin (D:9)
  2 fire vortices (Pan)
  19 foxfires
  13 fungi
  45 plants
  39 withered plants (Crypt:3)
139 creatures vanquished.

Grand Total: 3767 creatures vanquished

Notes
Turn   | Place    | Note
-------+----------+-------------------------------------------
     0 | D:1      | qw the Gargoyle Fighter began the quest for the Orb.
     0 | D:1      | Reached XP level 1. HP: 14/14 MP: 1/1
     0 | D:1      | 0 ||| qw: Version: 0.1-a-119-g272c26d
     0 | D:1      | 0 ||| qw: Game counter: 10662
     0 | D:1      | 0 ||| qw: Always use a shield: true
     0 | D:1      | 0 ||| qw: God list: Okawaru
     0 | D:1      | 0 ||| qw: Allow faded altars: false
     0 | D:1      | 0 ||| qw: Do Orc after D:15 true
     0 | D:1      | 0 ||| qw: Do second Lair branch before Depths: true
     0 | D:1      | 0 ||| qw: Lair rune preference: random
     0 | D:1      | 0 ||| qw: Plans: Normal, Zot, God:TSO, Crypt, Tomb, Pan,
                  | Slime, Hells, Zig, Abyss, Orb
     0 | D:1      | 0 ||| PLANNING D:1-11
   195 | D:1      | 195 ||| READING scroll labelled ARONLUCAOD.
   196 | D:1      | 196 ||| Stepping randomly (stuck).
   197 | D:1      | 197 ||| Stepping randomly (stuck).
   198 | D:1      | 198 ||| Stepping randomly (stuck).
   199 | D:1      | 199 ||| Stepping randomly (stuck).
   200 | D:1      | 200 ||| Stepping randomly (stuck).
   201 | D:1      | 201 ||| Stepping randomly (stuck).
   202 | D:1      | 202 ||| Stepping randomly (stuck).
   203 | D:1      | 203 ||| Stepping randomly (stuck).
   204 | D:1      | 204 ||| Stepping randomly (stuck).
   205 | D:1      | 205 ||| Stepping randomly (stuck).
   206 | D:1      | 206 ||| Stepping randomly (stuck).
   207 | D:1      | 207 ||| Stepping randomly (stuck).
   208 | D:1      | 208 ||| Stepping randomly (stuck).
   210 | D:1      | 210 ||| Stepping randomly (stuck).
   216 | D:1      | 216 ||| Stepping randomly (stuck).
   217 | D:1      | 217 ||| Stepping randomly (stuck).
   218 | D:1      | 218 ||| Stepping randomly (stuck).
   219 | D:1      | 219 ||| Stepping randomly (stuck).
   220 | D:1      | 220 ||| Stepping randomly (stuck).
   221 | D:1      | 221 ||| Stepping randomly (stuck).
   222 | D:1      | 222 ||| Stepping randomly (stuck).
   223 | D:1      | 223 ||| Stepping randomly (stuck).
   224 | D:1      | 224 ||| Stepping randomly (stuck).
   225 | D:1      | 225 ||| Stepping randomly (stuck).
   226 | D:1      | 226 ||| Stepping randomly (stuck).
   227 | D:1      | 227 ||| Stepping randomly (stuck).
   228 | D:1      | 228 ||| Stepping randomly (stuck).
   229 | D:1      | 229 ||| Stepping randomly (stuck).
   230 | D:1      | 230 ||| Stepping randomly (stuck).
   231 | D:1      | 231 ||| Stepping randomly (stuck).
   232 | D:1      | 232 ||| Stepping randomly (stuck).
   233 | D:1      | 233 ||| Stepping randomly (stuck).
   234 | D:1      | 234 ||| Stepping randomly (stuck).
   235 | D:1      | 235 ||| Stepping randomly (stuck).
   236 | D:1      | 236 ||| Stepping randomly (stuck).
   237 | D:1      | 237 ||| Stepping randomly (stuck).
   238 | D:1      | 238 ||| Stepping randomly (stuck).
   239 | D:1      | 239 ||| Stepping randomly (stuck).
   240 | D:1      | 240 ||| Stepping randomly (stuck).
   241 | D:1      | 241 ||| Stepping randomly (stuck).
   242 | D:1      | 242 ||| Stepping randomly (stuck).
   243 | D:1      | 243 ||| Stepping randomly (stuck).
   244 | D:1      | 244 ||| Stepping randomly (stuck).
   245 | D:1      | 245 ||| Stepping randomly (stuck).
   246 | D:1      | 246 ||| Stepping randomly (stuck).
   247 | D:1      | 247 ||| Stepping randomly (stuck).
   248 | D:1      | 248 ||| Stepping randomly (stuck).
   249 | D:1      | 249 ||| Stepping randomly (stuck).
   250 | D:1      | 250 ||| Stepping randomly (stuck).
   251 | D:1      | 251 ||| Stepping randomly (stuck).
   252 | D:1      | 252 ||| Stepping randomly (stuck).
   253 | D:1      | 253 ||| Stepping randomly (stuck).
   254 | D:1      | 254 ||| Stepping randomly (stuck).
   255 | D:1      | 255 ||| Stepping randomly (stuck).
   256 | D:1      | 256 ||| Stepping randomly (stuck).
   257 | D:1      | 257 ||| Stepping randomly (stuck).
   258 | D:1      | 258 ||| Stepping randomly (stuck).
   259 | D:1      | 259 ||| Stepping randomly (stuck).
   260 | D:1      | 260 ||| Stepping randomly (stuck).
   261 | D:1      | 261 ||| Stepping randomly (stuck).
   262 | D:1      | 262 ||| Stepping randomly (stuck).
   263 | D:1      | 263 ||| Stepping randomly (stuck).
   264 | D:1      | 264 ||| Stepping randomly (stuck).
   265 | D:1      | 265 ||| Stepping randomly (stuck).
   266 | D:1      | 266 ||| Stepping randomly (stuck).
   279 | D:1      | Reached XP level 2. HP: 19/19 MP: 2/2
   292 | D:1      | 292 ||| Stepping randomly (stuck).
   293 | D:1      | 293 ||| Stepping randomly (stuck).
   294 | D:1      | 294 ||| Stepping randomly (stuck).
   295 | D:1      | 295 ||| Stepping randomly (stuck).
   299 | D:1      | 299 ||| Stepping randomly (stuck).
   300 | D:1      | 300 ||| Stepping randomly (stuck).
   301 | D:1      | 301 ||| Stepping randomly (stuck).
   335 | D:1      | 335 ||| Stepping ~*~*~tactically~*~*~ (stealth).
   573 | D:1      | Found a faded altar of an unknown god.
   798 | D:1      | 798 ||| Stepping ~*~*~tactically~*~*~ (stealth).
   873 | D:1      | Reached skill level 3 in Axes
   890 | D:1      | 890 ||| Stepping ~*~*~tactically~*~*~ (stealth).
   892 | D:1      | 892 ||| Stepping ~*~*~tactically~*~*~ (stealth).
   911 | D:1      | Reached XP level 3. HP: 23/23 MP: 3/3
   914 | D:1      | 914 ||| DROPPING +0 club.
  1305 | D:1      | 1305 ||| UPGRADING to amulet of guardian spirit.
  1310 | D:1      | 1310 ||| READING 3 scrolls labelled UGAROL VINEXT.
  1552 | D:2      | 1552 ||| Stepping ~*~*~tactically~*~*~ (hiding).
  1561 | D:2      | Reached skill level 1 in Throwing
  1817 | D:2      | Found a shimmering altar of Xom.
  1836 | D:2      | 1836 ||| READING scroll of enchant weapon.
  1836 | D:2      | 1836 ||| ENCHANTING +1 war axe.
  1849 | D:2      | 1849 ||| UPGRADING to +0 chain mail.
  1859 | D:2      | 1859 ||| DROPPING +0 scale mail.
  1860 | D:2      | 1860 ||| UPGRADING to +0 helmet.
  1865 | D:2      | 1865 ||| UPGRADING to +4 ring of evasion.
  1866 | D:2      | 1866 ||| UPGRADING to +4 ring of slaying {mikee}.
  1867 | D:2      | 1867 ||| READING 2 scrolls labelled SOIBBEICVO.
  1868 | D:2      | 1868 ||| READING scroll labelled GETURCHE JEMUA.
  1869 | D:2      | 1869 ||| DRINKING 2 brown potions.
  1870 | D:2      | 1870 ||| DRINKING 2 fuming blue potions.
  1870 | D:2      | Gained mutation: You are frail. (-10% HP) [potion of
                  | mutation]
  1871 | D:2      | 1871 ||| DRINKING potion of mutation.
  1871 | D:2      | Lost mutation: You are frail. (-10% HP) [potion of
                  | mutation]
  1871 | D:2      | Gained mutation: Your spells are a little easier to cast,
                  | but a little less powerful. [potion of mutation]
  1871 | D:2      | Gained mutation: You expend magic power (3 MP) to
                  | strengthen your wands. [potion of mutation]
  1871 | D:2      | Gained mutation: You have a pair of small horns on your
                  | head. [potion of mutation]
  1871 | D:2      | Gained mutation: Your natural rate of healing is unusually
                  | fast. [potion of mutation]
  1877 | D:2      | 1877 ||| DROPPING +0 helmet.
  1976 | D:2      | 1976 ||| STAIRDANCE
  1984 | D:2      | Reached XP level 4. HP: 28/28 MP: 4/4
  2094 | D:2      | 2094 ||| READING scroll of enchant weapon.
  2094 | D:2      | 2094 ||| ENCHANTING +2 war axe.
  2308 | D:3      | Identified the +6 longbow of Agony {venom, Will+ Int+4}
  2399 | D:3      | Noticed a phantom
  2407 | D:3      | Killed a phantom
  2408 | D:3      | Reached XP level 5. HP: 32/32 MP: 5/5
  2727 | D:3      | 2727 ||| Stepping ~*~*~tactically~*~*~ (stealth).
  2731 | D:3      | 2731 ||| Stepping ~*~*~tactically~*~*~ (stealth).
  2740 | D:3      | 2740 ||| Stepping ~*~*~tactically~*~*~ (stealth).
  2751 | D:3      | 2751 ||| DROPPING +0 whip.
  2939 | D:3      | 2939 ||| READING scroll labelled TEFIAK LUSUOQY.
  2940 | D:3      | 2940 ||| READING scroll labelled RONNOD MOUWI.
  2941 | D:3      | 2941 ||| DRINKING 2 yellow potions.
  3039 | D:4      | Found a blossoming altar of Fedhas.
  3042 | D:4      | Noticed a sky beast
  3048 | D:4      | Killed a sky beast
  3049 | D:4      | Reached XP level 6. HP: 39/39 MP: 6/6
  3240 | D:4      | 3240 ||| Stepping ~*~*~tactically~*~*~ (stealth).
  3242 | D:4      | 3242 ||| Stepping ~*~*~tactically~*~*~ (hiding).
  3250 | D:4      | 3250 ||| DRINKING potion of curing.
  3250 | D:4      | 3250 ||| (to cure confusion)
  3274 | D:4      | 3274 ||| Stepping ~*~*~tactically~*~*~ (stealth).
  3287 | D:4      | Reached XP level 7. HP: 40/44 MP: 4/7
  3321 | D:4      | Found an ancient bone altar of Kikubaaqudgha.
  3405 | D:4      | Reached skill level 6 in Axes
  3413 | D:4      | 3413 ||| DROPPING +0 flail.
  3458 | D:4      | Noticed Edmund
  3466 | D:4      | Killed Edmund
  3881 | D:4      | 3881 ||| DROPPING ring of flight.
  3882 | D:4      | 3882 ||| READING scroll labelled CIACLE KUERR.
  3883 | D:4      | 3883 ||| READING scroll labelled VADATO COMIXEN.
  4004 | D:5      | Entered Level 5 of the Dungeon
  4205 | D:5      | Found a staircase to the Ecumenical Temple.
  4206 | D:5      | 4206 ||| PLANNING TEMPLE
  4206 | D:5      | 4206 ||| FLEEEEING.
  4207 | D:5      | 4207 ||| FLEEEEING.
  4208 | D:5      | 4208 ||| FLEEEEING.
  4209 | D:5      | 4209 ||| FLEEEEING.
  4210 | D:5      | 4210 ||| FLEEEEING.
  4211 | D:5      | 4211 ||| FLEEEEING.
  4212 | D:5      | 4212 ||| FLEEEEING.
  4213 | D:5      | 4213 ||| FLEEEEING.
  4214 | D:5      | 4214 ||| FLEEEEING.
  4215 | D:5      | 4215 ||| FLEEEEING.
  4216 | D:5      | 4216 ||| FLEEEEING.
  4217 | D:5      | 4217 ||| FLEEEEING.
  4219 | D:5      | 4219 ||| FLEEEEING.
  4220 | D:5      | 4220 ||| FLEEEEING.
  4221 | D:5      | 4221 ||| FLEEEEING.
  4222 | D:5      | 4222 ||| FLEEEEING.
  4223 | D:5      | 4223 ||| FLEEEEING.
  4224 | D:5      | 4224 ||| FLEEEEING.
  4225 | D:5      | 4225 ||| FLEEEEING.
  4226 | D:5      | 4226 ||| FLEEEEING.
  4227 | D:5      | 4227 ||| FLEEEEING.
  4228 | D:5      | 4228 ||| FLEEEEING.
  4229 | D:5      | 4229 ||| FLEEEEING.
  4230 | D:5      | 4230 ||| FLEEEEING.
  4231 | D:5      | 4231 ||| FLEEEEING.
  4233 | D:5      | 4233 ||| FLEEEEING.
  4234 | D:5      | 4234 ||| FLEEEEING.
  4235 | D:5      | 4235 ||| FLEEEEING.
  4236 | D:5      | 4236 ||| FLEEEEING.
  4237 | D:5      | 4237 ||| FLEEEEING.
  4238 | D:5      | 4238 ||| FLEEEEING.
  4239 | D:5      | 4239 ||| FLEEEEING.
  4240 | D:5      | 4240 ||| FLEEEEING.
  4241 | D:5      | 4241 ||| FLEEEEING.
  4243 | D:5      | 4243 ||| FLEEEEING.
  4244 | D:5      | 4244 ||| FLEEEEING.
  4245 | D:5      | 4245 ||| FLEEEEING.
  4247 | D:5      | 4247 ||| FLEEEEING.
  4248 | D:5      | 4248 ||| FLEEEEING.
  4249 | D:5      | 4249 ||| FLEEEEING.
  4250 | D:5      | 4250 ||| FLEEEEING.
  4252 | D:5      | 4252 ||| FLEEEEING.
  4253 | D:5      | 4253 ||| FLEEEEING.
  4254 | D:5      | 4254 ||| FLEEEEING.
  4255 | D:5      | 4255 ||| FLEEEEING.
  4257 | D:5      | 4257 ||| FLEEEEING.
  4258 | D:5      | 4258 ||| FLEEEEING.
  4259 | D:5      | 4259 ||| FLEEEEING.
  4260 | D:5      | 4260 ||| FLEEEEING.
  4261 | D:5      | 4261 ||| FLEEEEING.
  4262 | D:5      | 4262 ||| FLEEEEING.
  4263 | D:5      | 4263 ||| FLEEEEING.
  4264 | D:5      | 4264 ||| FLEEEEING.
  4265 | D:5      | 4265 ||| FLEEEEING.
  4266 | D:5      | 4266 ||| FLEEEEING.
  4267 | D:5      | 4267 ||| FLEEEEING.
  4270 | D:5      | 4270 ||| FLEEEEING.
  4271 | D:5      | 4271 ||| FLEEEEING.
  4272 | D:5      | 4272 ||| FLEEEEING.
  4273 | D:5      | 4273 ||| FLEEEEING.
  4274 | D:5      | 4274 ||| FLEEEEING.
  4275 | D:5      | 4275 ||| FLEEEEING.
  4276 | D:5      | 4276 ||| FLEEEEING.
  4277 | D:5      | 4277 ||| FLEEEEING.
  4279 | D:5      | 4279 ||| FLEEEEING.
  4280 | D:5      | 4280 ||| FLEEEEING.
  4281 | D:5      | 4281 ||| FLEEEEING.
  4282 | D:5      | 4282 ||| FLEEEEING.
  4283 | D:5      | 4283 ||| FLEEEEING.
  4284 | D:5      | 4284 ||| FLEEEEING.
  4286 | D:5      | 4286 ||| STAIRDANCE
  4288 | D:4      | 4288 ||| READING scroll labelled INIETA ILIAL.
  4289 | D:4      | 4289 ||| READING 2 scrolls of identify.
  4289 | D:4      | 4289 ||| IDENTIFYING viscous coppery potion
  4290 | D:4      | 4290 ||| DROPPING potion of degeneration.
  4298 | D:5      | 4298 ||| STAIRDANCE
  4420 | Temple   | Entered the Ecumenical Temple
  4424 | Temple   | 4424 ||| PLANNING D:1-11
  4427 | Temple   | Became a worshipper of Warmaster Okawaru
  4428 | Temple   | 4428 ||| REMOVING amulet of guardian spirit.
  4433 | Temple   | 4433 ||| DROPPING amulet of guardian spirit.
  4465 | D:5      | Reached XP level 8. HP: 48/48 MP: 8/8
  4548 | D:5      | 4548 ||| Stepping ~*~*~tactically~*~*~ (stealth).
  4555 | D:5      | Identified the ring "Lonadoma" {Will+ Int+3}
  4596 | D:5      | Found Wuchom's Book Emporium.
  4607 | D:5      | Found Faoxas's Weapon Shop.
  4853 | D:5      | Reached * piety under Okawaru
  5168 | D:5      | 5168 ||| DROPPING ring "Lonadoma" {Will+ Int+3}.
  5169 | D:5      | 5169 ||| READING 2 scrolls of identify.
  5169 | D:5      | 5169 ||| IDENTIFYING ruby potion
  5170 | D:5      | 5170 ||| DROPPING potion of brilliance.
  5183 | D:6      | Noticed Maggie
  5183 | D:6      | Found Abyalugh's Jewellery Shop.
  5184 | D:6      | 5184 ||| INVOKING Heroism.
  5185 | D:6      | 5185 ||| STAIRDANCE
  5205 | D:6      | 5205 ||| STAIRDANCE
  5217 | D:6      | 5217 ||| INVOKING Heroism.
  5227 | D:6      | Killed Maggie
  5227 | D:6      | HP: 9/49 [steam dragon (7)]
  5228 | D:6      | Reached skill level 6 in Fighting
  5228 | D:6      | 5228 ||| READING 4 scrolls of teleportation.
  5229 | D:6      | 5229 ||| INVOKING Heroism.
  5231 | D:6      | Reached skill level 3 in Invocations
  5231 | D:6      | Reached XP level 9. HP: 8/55 MP: 5/11
  5233 | D:6      | 5233 ||| READING 3 scrolls of teleportation.
  5234 | D:6      | HP: 7/55 [acid (3)]
  5238 | D:6      | 5238 ||| Stepping ~*~*~tactically~*~*~ (stealth).
  5239 | D:6      | 5239 ||| Stepping ~*~*~tactically~*~*~ (stealth).
  5334 | D:6      | 5334 ||| INVOKING Heroism.
  5355 | D:6      | 5355 ||| INVOKING Heroism.
  5430 | D:6      | 5430 ||| SHOPLISTING amulet of reflection (300 gold, have
                  | 192).
  5430 | D:6      | 5430 ||| SHOPLISTING amulet of regeneration (300 gold, have
                  | 192).
  5430 | D:6      | 5430 ||| SHOPLISTING ring of protection from cold (250
                  | gold, have 192).
  5430 | D:6      | 5430 ||| SHOPLISTING ring of protection from fire (250
                  | gold, have 192).
  5886 | D:6      | 5886 ||| UPGRADING to +0 pair of gloves.
  5891 | D:6      | 5891 ||| READING scroll of enchant armour.
  5891 | D:6      | 5891 ||| ENCHANTING +0 pair of gloves.
  5892 | D:6      | 5892 ||| READING scroll labelled RAICRU LOQOTH.
  5893 | D:6      | 5893 ||| READING scroll labelled KIGGE OBIXASHU.
  5894 | D:6      | 5894 ||| READING 2 scrolls of identify.
  5894 | D:6      | 5894 ||| IDENTIFYING fuming red potion
  5903 | D:7      | 5903 ||| INVOKING Heroism.
  5904 | D:7      | 5904 ||| Stepping randomly (cloudy).
  5909 | D:7      | 5909 ||| Stepping ~*~*~tactically~*~*~ (cloud).
  5950 | D:7      | 5950 ||| Stepping ~*~*~tactically~*~*~ (stealth).
  5951 | D:7      | 5951 ||| Stepping ~*~*~tactically~*~*~ (stealth).
  5952 | D:7      | 5952 ||| Stepping ~*~*~tactically~*~*~ (stealth).
  5953 | D:7      | 5953 ||| Stepping ~*~*~tactically~*~*~ (stealth).
  5965 | D:7      | 5965 ||| READING scroll of enchant weapon.
  5965 | D:7      | 5965 ||| ENCHANTING +3 war axe.
  6031 | D:7      | 6031 ||| Stepping ~*~*~tactically~*~*~ (hiding).
  6038 | D:7      | Reached skill level 9 in Axes
  6060 | D:7      | 6060 ||| Stepping ~*~*~tactically~*~*~ (hiding).
  6062 | D:7      | 6062 ||| INVOKING Heroism.
  6079 | D:7      | Found a burning altar of Makhleb.
  6084 | D:7      | Found a stormy altar of Qazlal.
  6207 | D:7      | 6207 ||| Stepping ~*~*~tactically~*~*~ (stealth).
  6209 | D:7      | 6209 ||| Stepping ~*~*~tactically~*~*~ (hiding).
  6215 | D:7      | 6215 ||| INVOKING Heroism.
  6472 | D:7      | Reached ** piety under Okawaru
  6490 | D:7      | 6490 ||| Stepping ~*~*~tactically~*~*~ (stealth).
  6492 | D:7      | 6492 ||| INVOKING Heroism.
  6493 | D:7      | 6493 ||| Stepping ~*~*~tactically~*~*~ (stealth).
  6505 | D:7      | 6505 ||| DRINKING 2 potions of curing.
  6505 | D:7      | 6505 ||| (to cure confusion)
  6546 | D:7      | Found a runed translucent door.
  6547 | D:7      | Noticed Crazy Yiuf
  6829 | D:8      | Found a hide-covered altar of Uskayaw.
  6955 | D:8      | Reached XP level 10. HP: 51/63 MP: 13/13
  7063 | D:8      | 7063 ||| Stepping ~*~*~tactically~*~*~ (stealth).
  7065 | D:8      | 7065 ||| INVOKING Heroism.
  7115 | D:8      | You fall into a shaft and drop 1 floor!
  7209 | D:9      | Found a staircase to the Orcish Mines.
  7211 | D:9      | Noticed Amaemon
  7211 | D:9      | Noticed an orange demon
  7212 | D:9      | 7212 ||| INVOKING Heroism.
  7222 | D:9      | Killed Amaemon
  7222 | D:9      | Reached *** piety under Okawaru
  7229 | D:9      | Killed an orange demon
  7230 | D:9      | Reached skill level 3 in Throwing
  7234 | D:9      | 7234 ||| DROPPING +0 morningstar.
  7252 | D:9      | 7252 ||| DRINKING 2 clear potions.
  7253 | D:9      | 7253 ||| DRINKING 2 fizzy brown potions.
  7358 | D:9      | 7358 ||| READING 2 scrolls of identify.
  7358 | D:9      | 7358 ||| IDENTIFYING fuming purple potion
  7359 | D:9      | 7359 ||| DROPPING potion of berserk rage.
  7422 | D:8      | 7422 ||| READING scroll of enchant weapon.
  7422 | D:8      | 7422 ||| ENCHANTING +4 war axe.
  7474 | D:8      | 7474 ||| FLEEEEING.
  7475 | D:8      | 7475 ||| FLEEEEING.
  7476 | D:8      | 7476 ||| FLEEEEING.
  7482 | D:8      | 7482 ||| Stepping ~*~*~tactically~*~*~ (hiding).
  7535 | D:8      | 7535 ||| READING scroll of enchant weapon.
  7535 | D:8      | 7535 ||| ENCHANTING +5 war axe.
  7618 | D:8      | 7618 ||| READING scroll of enchant armour.
  7618 | D:8      | 7618 ||| ENCHANTING +1 pair of gloves.
  7780 | D:8      | 7780 ||| UPGRADING to amulet of reflection.
  7835 | D:9      | 7835 ||| Stepping ~*~*~tactically~*~*~ (hiding).
  8010 | D:9      | 8010 ||| Stepping ~*~*~tactically~*~*~ (stealth).
  8012 | D:9      | 8012 ||| INVOKING Heroism.
  8042 | D:9      | Noticed Maurice
  8043 | D:9      | 8043 ||| Stepping ~*~*~tactically~*~*~ (hiding).
  8050 | D:9      | Killed Maurice
  8050 | D:9      | Reached **** piety under Okawaru
  8245 | D:9      | 8245 ||| INVOKING Heroism.
  8445 | D:9      | 8445 ||| Stepping ~*~*~tactically~*~*~ (hiding).
  8447 | D:9      | 8447 ||| Stepping ~*~*~tactically~*~*~ (hiding).
  8448 | D:9      | 8448 ||| Stepping ~*~*~tactically~*~*~ (hiding).
  8449 | D:9      | 8449 ||| Stepping ~*~*~tactically~*~*~ (hiding).
  8689 | D:9      | 8689 ||| UPGRADING to +0 plate armour.
  8699 | D:9      | 8699 ||| DROPPING +0 chain mail.
  8700 | D:9      | 8700 ||| UPGRADING to +0 cloak of stealth.
  8705 | D:9      | 8705 ||| DROPPING amulet of magic regeneration.
  8740 | D:10     | Entered Level 10 of the Dungeon
  8741 | D:10     | 8741 ||| Stepping ~*~*~tactically~*~*~ (hiding).
  8745 | D:10     | 8745 ||| STAIRDANCE
  8853 | D:10     | 8853 ||| STAIRDANCE
  8855 | D:9      | 8855 ||| INVOKING Heroism.
  8874 | D:10     | 8874 ||| Stepping ~*~*~tactically~*~*~ (stealth).
  8876 | D:10     | 8876 ||| STAIRDANCE
  8881 | D:10     | 8881 ||| STAIRDANCE
  8888 | D:10     | 8888 ||| STAIRDANCE
  8890 | D:9      | 8890 ||| INVOKING Heroism.
  8916 | D:10     | 8916 ||| STAIRDANCE
  8924 | D:10     | 8924 ||| STAIRDANCE
  8930 | D:10     | 8930 ||| STAIRDANCE
  8935 | D:10     | 8935 ||| Stepping ~*~*~tactically~*~*~ (hiding).
  9213 | D:10     | Received a gift from Okawaru
  9223 | D:10     | 9223 ||| FLEEEEING.
  9266 | D:10     | 9266 ||| INVOKING Heroism.
  9272 | D:10     | Reached skill level 6 in Armour
  9272 | D:10     | Reached XP level 11. HP: 69/69 MP: 11/15
  9487 | D:10     | 9487 ||| INVOKING Heroism.
  9502 | D:10     | 9502 ||| Stepping ~*~*~tactically~*~*~ (stealth).
  9505 | D:10     | 9505 ||| Stepping ~*~*~tactically~*~*~ (cloud).
  9506 | D:10     | 9506 ||| Stepping ~*~*~tactically~*~*~ (cloud).
  9508 | D:10     | 9508 ||| Stepping ~*~*~tactically~*~*~ (cloud).
  9511 | D:10     | 9511 ||| Stepping ~*~*~tactically~*~*~ (cloud).
  9512 | D:10     | 9512 ||| INVOKING Heroism.
  9517 | D:10     | Reached skill level 6 in Invocations
  9517 | D:10     | 9517 ||| Stepping ~*~*~tactically~*~*~ (cloud).
  9528 | D:10     | Noticed a two-headed ogre
  9534 | D:10     | Killed a two-headed ogre
  9544 | D:10     | Noticed a two-headed ogre
  9545 | D:10     | 9545 ||| INVOKING Heroism.
  9549 | D:10     | 9549 ||| Stepping ~*~*~tactically~*~*~ (water).
  9555 | D:10     | Killed a two-headed ogre
  9735 | D:10     | 9735 ||| INVOKING Heroism.
  9822 | D:10     | 9822 ||| DROPPING ring of wizardry.
  9823 | D:10     | 9823 ||| READING scroll labelled UDOOH XUFUUBAU.
  9824 | D:10     | 9824 ||| READING 2 scrolls of identify.
  9824 | D:10     | 9824 ||| IDENTIFYING blue potion
  9825 | D:10     | 9825 ||| DROPPING potion of invisibility.
  9846 | D:11     | 9846 ||| Stepping ~*~*~tactically~*~*~ (hiding).
  9846 | D:11     | Noticed a brown ugly thing
  9848 | D:11     | Noticed a two-headed ogre
  9849 | D:11     | 9849 ||| INVOKING Heroism.
  9858 | D:11     | Killed a brown ugly thing
  9862 | D:11     | Killed a two-headed ogre
  9862 | D:11     | Reached ***** piety under Okawaru
  9863 | D:11     | Reached skill level 9 in Fighting
  9881 | D:11     | Noticed a two-headed ogre
  9884 | D:11     | 9884 ||| INVOKING Heroism.
  9895 | D:11     | Killed a two-headed ogre
 10004 | D:11     | 10004 ||| Stepping ~*~*~tactically~*~*~ (stealth).
 10005 | D:11     | 10005 ||| Stepping ~*~*~tactically~*~*~ (stealth).
 10014 | D:11     | Reached skill level 9 in Invocations
 10284 | D:11     | Found a staircase to the Lair.
 10438 | D:11     | Noticed a brown ugly thing
 10445 | D:11     | Killed a brown ugly thing
 10446 | D:11     | Reached XP level 12. HP: 76/76 MP: 17/19
 10577 | D:11     | Noticed Psyche
 10578 | D:11     | 10578 ||| READING 2 scrolls of teleportation.
 10580 | D:11     | 10580 ||| INVOKING Heroism.
 10629 | D:11     | 10629 ||| INVOKING Heroism.
 10631 | D:11     | 10631 ||| Stepping ~*~*~tactically~*~*~ (stealth).
 10633 | D:11     | 10633 ||| Stepping ~*~*~tactically~*~*~ (stealth).
 10635 | D:11     | Killed Psyche
 10635 | D:11     | Received a gift from Okawaru
 10635 | D:11     | Found the +2 Maxwell's thermic engine {flame, freeze}
 10657 | D:11     | 10657 ||| READING scroll of enchant weapon.
 10657 | D:11     | 10657 ||| ENCHANTING +6 war axe.
 10743 | D:11     | 10743 ||| PLANNING LAIR
 10776 | Lair:1   | Entered Level 1 of the Lair of Beasts
 10778 | Lair:1   | 10778 ||| Stepping ~*~*~tactically~*~*~ (stealth).
 10779 | Lair:1   | 10779 ||| Stepping ~*~*~tactically~*~*~ (stealth).
 10781 | Lair:1   | 10781 ||| INVOKING Heroism.
 10830 | Lair:1   | 10830 ||| INVOKING Heroism.
 10837 | Lair:1   | Reached skill level 12 in Axes
 10871 | Lair:1   | 10871 ||| Stepping ~*~*~tactically~*~*~ (stealth).
 10872 | Lair:1   | 10872 ||| Stepping ~*~*~tactically~*~*~ (stealth).
 10874 | Lair:1   | 10874 ||| Stepping ~*~*~tactically~*~*~ (stealth).
 10875 | Lair:1   | 10875 ||| Stepping ~*~*~tactically~*~*~ (stealth).
 10889 | Lair:1   | 10889 ||| Stepping ~*~*~tactically~*~*~ (stealth).
 10891 | Lair:1   | 10891 ||| Stepping ~*~*~tactically~*~*~ (hiding).
 10895 | Lair:1   | 10895 ||| INVOKING Heroism.
 10901 | Lair:1   | Reached skill level 6 in Shields
 10927 | Lair:1   | 10927 ||| INVOKING Heroism.
 10929 | Lair:1   | HP: 18/76 [bog body/bolt of cold (32)]
 10930 | Lair:1   | 10930 ||| READING scroll of teleportation.
 10931 | Lair:1   | 10931 ||| DRINKING potion of heal wounds.
 11084 | Lair:1   | You fall into a shaft and drop 1 floor!
 11085 | Lair:2   | 11085 ||| INVOKING Heroism.
 11115 | Lair:2   | 11115 ||| INVOKING Heroism.
 11123 | Lair:2   | Reached skill level 9 in Armour
 11214 | Lair:2   | 11214 ||| READING scroll labelled ALEDIUF LEMUSK.
 11215 | Lair:2   | 11215 ||| DRINKING 2 fizzy emerald potions.
 11316 | Lair:2   | 11316 ||| DRINKING 2 viscous silvery potions.
 11317 | Lair:2   | 11317 ||| READING 2 scrolls of identify.
 11317 | Lair:2   | 11317 ||| IDENTIFYING amethyst potion
 11318 | Lair:2   | 11318 ||| DROPPING potion of ambrosia.
 11319 | Lair:2   | Found a transporter.
 11319 | Lair:2   | Found a transporter.
 11464 | Lair:1   | Noticed a boulder beetle
 11465 | Lair:1   | 11465 ||| INVOKING Heroism.
 11466 | Lair:1   | 11466 ||| INVOKING Finesse.
 11472 | Lair:1   | Identified the +0 chain mail "Iwit" {rPois Will+ Str-4
                  | Int+4} (Okawaru gifted it to you on level 1 of the Lair of
                  | Beasts)
 11472 | Lair:1   | Received a gift from Okawaru
 11480 | Lair:1   | Killed a boulder beetle
 11584 | Lair:1   | 11584 ||| Stepping ~*~*~tactically~*~*~ (stealth).
 11589 | Lair:1   | 11589 ||| Stepping ~*~*~tactically~*~*~ (stealth).
 11590 | Lair:1   | 11590 ||| Stepping ~*~*~tactically~*~*~ (stealth).
 11591 | Lair:1   | 11591 ||| Stepping ~*~*~tactically~*~*~ (stealth).
 11594 | Lair:1   | 11594 ||| Stepping ~*~*~tactically~*~*~ (stealth).
 11595 | Lair:1   | 11595 ||| INVOKING Heroism.
 11596 | Lair:1   | 11596 ||| Stepping ~*~*~tactically~*~*~ (stealth).
 11602 | Lair:1   | 11602 ||| Stepping ~*~*~tactically~*~*~ (stealth).
 11640 | Lair:1   | Noticed a death yak
 11641 | Lair:1   | 11641 ||| INVOKING Finesse.
 11657 | Lair:1   | Killed a death yak
 11699 | Lair:1   | 11699 ||| INVOKING Heroism.
 11700 | Lair:1   | 11700 ||| INVOKING Finesse.
 11704 | Lair:1   | 11704 ||| Stepping ~*~*~tactically~*~*~ (cloud).
 11705 | Lair:1   | 11705 ||| Stepping ~*~*~tactically~*~*~ (cloud).
 11710 | Lair:1   | 11710 ||| Stepping ~*~*~tactically~*~*~ (water).
 11715 | Lair:1   | 11715 ||| Stepping ~*~*~tactically~*~*~ (cloud).
 11764 | Lair:1   | Identified the ring "Qykkochi" {Str+6 Int+3 Dex+4}
 12069 | Lair:1   | 12069 ||| DROPPING +0 chain mail "Iwit" {rPois Will+ Str-4
                  | Int+4}.
 12070 | Lair:1   | 12070 ||| UPGRADING to ring "Qykkochi" {Str+6 Int+3 Dex+4}.
 12072 | Lair:1   | 12072 ||| DROPPING +4 ring of evasion.
 12073 | Lair:1   | 12073 ||| READING 2 scrolls of identify.
 12073 | Lair:1   | 12073 ||| IDENTIFYING lumpy green potion
 12074 | Lair:1   | 12074 ||| DROPPING potion of flight.
 12134 | Lair:2   | Noticed a death yak
 12185 | Lair:2   | Reached skill level 3 in Dodging
 12185 | Lair:2   | Reached XP level 13. HP: 82/82 MP: 20/20
 12208 | Lair:2   | Identified the +2 leather armour "Jeigi" {rN+ Str+5}
 12586 | Lair:2   | Noticed qw's ghost (journeyman FoCA)
 12703 | Lair:2   | 12703 ||| UPGRADING to +0 pair of boots.
 12779 | Lair:3   | 12779 ||| INVOKING Heroism.
 12918 | Lair:3   | Found a staircase to the Swamp.
 13074 | Lair:3   | 13074 ||| INVOKING Finesse.
 13075 | Lair:3   | Found a hole to the Spider Nest.
 13141 | Lair:3   | 13141 ||| READING scroll of enchant weapon.
 13141 | Lair:3   | 13141 ||| ENCHANTING +7 war axe.
 13490 | Lair:4   | 13490 ||| INVOKING Heroism.
 13539 | Lair:4   | Found a staircase to the Slime Pits.
 13551 | Lair:4   | 13551 ||| Stepping ~*~*~tactically~*~*~ (stealth).
 13552 | Lair:4   | Received a gift from Okawaru
 13554 | Lair:4   | 13554 ||| INVOKING Heroism.
 13595 | Lair:4   | 13595 ||| INVOKING Heroism.
 13596 | Lair:4   | 13596 ||| INVOKING Finesse.
 13599 | Lair:4   | 13599 ||| Stepping ~*~*~tactically~*~*~ (stealth).
 13611 | Lair:4   | 13611 ||| Stepping ~*~*~tactically~*~*~ (stealth).
 13612 | Lair:4   | 13612 ||| Stepping ~*~*~tactically~*~*~ (stealth).
 13897 | Lair:4   | 13897 ||| INVOKING Heroism.
 14039 | Lair:4   | 14039 ||| Stepping ~*~*~tactically~*~*~ (hiding).
 14177 | Lair:5   | Entered Level 5 of the Lair of Beasts
 14184 | Lair:5   | 14184 ||| STAIRDANCE
 14192 | Lair:4   | Received a gift from Okawaru
 14213 | Lair:5   | 14213 ||| INVOKING Heroism.
 14226 | Lair:5   | 14226 ||| STAIRDANCE
 14231 | Lair:5   | 14231 ||| INVOKING Heroism.
 14232 | Lair:5   | Identified the +6 hand axe of the Valley {drain, rC+ rN++
                  | Will+ Dex+4} (Okawaru gifted it to you on level 5 of the
                  | Lair of Beasts)
 14232 | Lair:5   | Received a gift from Okawaru
 14274 | Lair:5   | 14274 ||| Stepping ~*~*~tactically~*~*~ (stealth).
 14324 | Lair:5   | 14324 ||| INVOKING Heroism.
 14388 | Lair:5   | 14388 ||| INVOKING Heroism.
 14461 | Lair:5   | 14461 ||| Stepping ~*~*~tactically~*~*~ (stealth).
 14464 | Lair:5   | 14464 ||| Stepping ~*~*~tactically~*~*~ (stealth).
 14465 | Lair:5   | 14465 ||| Stepping ~*~*~tactically~*~*~ (stealth).
 14466 | Lair:5   | 14466 ||| INVOKING Heroism.
 14484 | Lair:5   | Gained mutation: Your large and strong wings let you fly.
                  | [Gargoyle growth]
 14484 | Lair:5   | Reached XP level 14. HP: 84/90 MP: 21/21
 14737 | Lair:5   | Found a runed translucent door.
 14739 | Lair:5   | 14739 ||| INVOKING Heroism.
 14743 | Lair:5   | Reached skill level 15 in Axes
 14769 | Lair:5   | 14769 ||| INVOKING Heroism.
 14800 | Lair:5   | 14800 ||| INVOKING Heroism.
 14913 | Lair:5   | 14913 ||| Stepping ~*~*~tactically~*~*~ (stealth).
 14917 | Lair:5   | 14917 ||| INVOKING Heroism.
 15040 | Lair:5   | Noticed a dire elephant
 15041 | Lair:5   | 15041 ||| Stepping ~*~*~tactically~*~*~ (stealth).
 15053 | Lair:5   | 15053 ||| INVOKING Heroism.
 15062 | Lair:5   | Killed a dire elephant
 15101 | Lair:5   | 15101 ||| Stepping ~*~*~tactically~*~*~ (stealth).
 15109 | Lair:5   | 15109 ||| Stepping ~*~*~tactically~*~*~ (stealth).
 15116 | Lair:5   | 15116 ||| Stepping ~*~*~tactically~*~*~ (hiding).
 15117 | Lair:5   | 15117 ||| INVOKING Heroism.
 15118 | Lair:5   | 15118 ||| INVOKING Finesse.
 15176 | Lair:5   | Noticed a dire elephant
 15177 | Lair:5   | 15177 ||| Stepping ~*~*~tactically~*~*~ (stealth).
 15178 | Lair:5   | 15178 ||| INVOKING Heroism.
 15186 | Lair:5   | Reached skill level 12 in Fighting
 15258 | Lair:5   | 15258 ||| INVOKING Heroism.
 15269 | Lair:5   | Killed a dire elephant
 15394 | Lair:5   | 15394 ||| PLANNING D
 15394 | Lair:5   | 15394 ||| UPGRADING to scarf of repulsion.
 15903 | D:12     | Reached ****** piety under Okawaru
 16025 | D:12     | 16025 ||| Stepping ~*~*~tactically~*~*~ (stealth).
 16027 | D:12     | 16027 ||| INVOKING Heroism.
 16508 | D:12     | 16508 ||| READING 5 scrolls of identify.
 16508 | D:12     | 16508 ||| IDENTIFYING orange potion
 16617 | D:13     | Identified the +5 kite shield "Tuul" {Dex+6} (Okawaru
                  | gifted it to you on level 13 of the Dungeon)
 16617 | D:13     | Received a gift from Okawaru
 16707 | D:13     | 16707 ||| INVOKING Heroism.
 16708 | D:13     | 16708 ||| Stepping ~*~*~tactically~*~*~ (hiding).
 16737 | D:13     | 16737 ||| INVOKING Heroism.
 16781 | D:13     | 16781 ||| INVOKING Heroism.
 16829 | D:13     | 16829 ||| Stepping ~*~*~tactically~*~*~ (stealth).
 16831 | D:13     | 16831 ||| Stepping ~*~*~tactically~*~*~ (stealth).
 16836 | D:13     | 16836 ||| Stepping ~*~*~tactically~*~*~ (stealth).
 16862 | D:13     | 16862 ||| INVOKING Heroism.
 17076 | D:13     | 17076 ||| Stepping ~*~*~tactically~*~*~ (stealth).
 17162 | D:13     | 17162 ||| UPGRADING to +5 kite shield "Tuul" {Dex+6}.
 17172 | D:13     | 17172 ||| DROPPING +0 buckler.
 17199 | D:14     | 17199 ||| STAIRDANCE
 17203 | D:14     | 17203 ||| INVOKING Heroism.
 17222 | D:14     | Identified the +8 plate armour "Gekum" {rF+ rN+ Int-5 SInv}
 17275 | D:14     | 17275 ||| Stepping ~*~*~tactically~*~*~ (stealth).
 17312 | D:14     | Noticed Azrael
 17313 | D:14     | 17313 ||| Stepping ~*~*~tactically~*~*~ (hiding).
 17322 | D:14     | 17322 ||| INVOKING Heroism.
 17323 | D:14     | 17323 ||| INVOKING Finesse.
 17328 | D:14     | Killed Azrael
 17341 | D:14     | 17341 ||| Stepping ~*~*~tactically~*~*~ (stealth).
 17344 | D:14     | Noticed Josephine
 17350 | D:14     | Killed Josephine
 17351 | D:14     | Reached XP level 15. HP: 58/96 MP: 17/22
 17360 | D:14     | Reached skill level 9 in Shields
 17386 | D:14     | 17386 ||| Stepping ~*~*~tactically~*~*~ (stealth).
 17432 | D:14     | 17432 ||| READING 2 scrolls of enchant weapon.
 17432 | D:14     | 17432 ||| ENCHANTING +8 war axe.
 17458 | D:14     | 17458 ||| INVOKING Heroism.
 17496 | D:14     | Found Lemiammu's Weapon Shop.
 17520 | D:14     | 17520 ||| Stepping ~*~*~tactically~*~*~ (hiding).
 17538 | D:14     | Found a gate to the Vaults.
 17540 | D:14     | 17540 ||| INVOKING Heroism.
 17542 | D:14     | 17542 ||| INVOKING Finesse.
 17626 | D:14     | 17626 ||| INVOKING Heroism.
 17696 | D:14     | 17696 ||| Stepping ~*~*~tactically~*~*~ (hiding).
 17697 | D:14     | 17697 ||| Stepping ~*~*~tactically~*~*~ (hiding).
 17702 | D:14     | 17702 ||| FLEEEEING.
 17705 | D:14     | 17705 ||| FLEEEEING.
 17706 | D:14     | 17706 ||| FLEEEEING.
 17707 | D:14     | 17707 ||| FLEEEEING.
 17709 | D:14     | 17709 ||| STAIRDANCE
 17720 | D:13     | 17720 ||| UPGRADING to +8 plate armour "Gekum" {rF+ rN+
                  | Int-5 SInv}.
 17730 | D:13     | 17730 ||| DROPPING +0 plate armour.
 17744 | D:14     | 17744 ||| Stepping ~*~*~tactically~*~*~ (hiding).
 17748 | D:14     | 17748 ||| INVOKING Heroism.
 17831 | D:14     | 17831 ||| Stepping ~*~*~tactically~*~*~ (stealth).
 17833 | D:14     | 17833 ||| Stepping ~*~*~tactically~*~*~ (stealth).
 17834 | D:14     | 17834 ||| Stepping ~*~*~tactically~*~*~ (stealth).
 18100 | D:15     | Entered Level 15 of the Dungeon
 18131 | D:15     | 18131 ||| Stepping ~*~*~tactically~*~*~ (hiding).
 18154 | D:15     | 18154 ||| Stepping ~*~*~tactically~*~*~ (hiding).
 18286 | D:15     | 18286 ||| Stepping ~*~*~tactically~*~*~ (hiding).
 18287 | D:15     | Received a gift from Okawaru
 18298 | D:15     | Reached skill level 12 in Shields
 18317 | D:15     | 18317 ||| DROPPING +2 war axe of venom.
 18321 | D:15     | 18321 ||| SWAPPING to +1 broad axe.
 18322 | D:15     | 18322 ||| DROPPING +9 war axe.
 18323 | D:15     | 18323 ||| READING scroll of enchant weapon.
 18323 | D:15     | 18323 ||| ENCHANTING +1 broad axe.
 18324 | D:15     | 18324 ||| DROPPING +6 hand axe of the Valley {drain, rC+
                  | rN++ Will+ Dex+4}.
 18334 | D:15     | 18334 ||| INVOKING Heroism.
 18366 | D:15     | 18366 ||| READING scroll of enchant weapon.
 18366 | D:15     | 18366 ||| ENCHANTING +2 broad axe.
 18392 | D:15     | 18392 ||| Stepping ~*~*~tactically~*~*~ (hiding).
 18393 | D:15     | 18393 ||| INVOKING Heroism.
 18476 | D:15     | 18476 ||| Stepping ~*~*~tactically~*~*~ (hiding).
 18478 | D:15     | 18478 ||| INVOKING Heroism.
 18479 | D:15     | Found a sparkling altar of Nemelex Xobeh.
 18582 | D:15     | 18582 ||| Stepping ~*~*~tactically~*~*~ (hiding).
 18617 | D:15     | Found Mixzivost's Gadget Gallery.
 18627 | D:15     | 18627 ||| BUYING wand of digging (5) (357 gold).
 18627 | D:15     | Bought a wand of digging (5) for 357 gold pieces
 18627 | D:15     | 18627 ||| BUYING wand of digging (7) (499 gold).
 18627 | D:15     | Bought a wand of digging (7) for 499 gold pieces
 18689 | D:15     | 18689 ||| INVOKING Heroism.
 18690 | D:15     | 18690 ||| SWAPPING to +0 demon whip of venom.
 18691 | D:15     | 18691 ||| INVOKING Finesse.
 18692 | D:15     | 18692 ||| Stepping ~*~*~tactically~*~*~ (outnumbered).
 18693 | D:15     | 18693 ||| SWAPPING to +3 broad axe.
 18699 | D:15     | 18699 ||| SWAPPING to +0 demon whip of venom.
 18705 | D:15     | 18705 ||| SWAPPING to +3 broad axe.
 18745 | D:15     | Found a staircase to the Depths.
 18902 | D:15     | 18902 ||| PLANNING ORC
 19037 | Orc:1    | Entered Level 1 of the Orcish Mines
 19098 | Orc:2    | Entered Level 2 of the Orcish Mines
 19099 | Orc:2    | 19099 ||| INVOKING Heroism.
 19100 | Orc:2    | 19100 ||| STAIRDANCE
 19106 | Orc:2    | 19106 ||| STAIRDANCE
 19111 | Orc:2    | 19111 ||| STAIRDANCE
 19116 | Orc:2    | 19116 ||| STAIRDANCE
 19126 | Orc:2    | 19126 ||| STAIRDANCE
 19134 | Orc:2    | 19134 ||| DRINKING 10 potions of curing.
 19134 | Orc:2    | 19134 ||| (to cure confusion)
 19232 | Orc:2    | Found a staircase to the Elven Halls.
 19238 | Orc:2    | 19238 ||| Stepping ~*~*~tactically~*~*~ (hiding).
 19243 | Orc:2    | 19243 ||| Stepping ~*~*~tactically~*~*~ (hiding).
 19246 | Orc:2    | 19246 ||| INVOKING Heroism.
 19255 | Orc:2    | Received a gift from Okawaru
 19277 | Orc:2    | 19277 ||| INVOKING Heroism.
 19302 | Orc:2    | Found Buuqo's Armour Boutique.
 19302 | Orc:2    | Found Ruriela's Book Emporium.
 19302 | Orc:2    | Found Yciuvvap's General Store.
 19322 | Orc:2    | Found Kixac's Antique Armour Shop.
 19329 | Orc:2    | 19329 ||| BUYING +2 pair of boots of rampaging (301 gold).
 19329 | Orc:2    | Bought a +2 pair of boots of rampaging for 301 gold pieces
 19331 | Orc:2    | 19331 ||| BUYING pair of runed gloves (195 gold).
 19331 | Orc:2    | Bought a pair of runed gloves for 195 gold pieces
 19336 | Orc:2    | 19336 ||| BUYING potion of haste (140 gold).
 19336 | Orc:2    | Bought a potion of haste for 140 gold pieces
 19336 | Orc:2    | 19336 ||| BUYING potion of haste (140 gold).
 19336 | Orc:2    | Bought a potion of haste for 140 gold pieces
 19336 | Orc:2    | 19336 ||| SHOPLISTING scroll of enchant armour (105 gold,
                  | have 78).
 19336 | Orc:2    | 19336 ||| BUYING scroll of identify (28 gold).
 19336 | Orc:2    | Bought a scroll of identify for 28 gold pieces
 19366 | Orc:2    | 19366 ||| INVOKING Heroism.
 19408 | Orc:2    | Noticed Rupert
 19409 | Orc:2    | 19409 ||| INVOKING Finesse.
 19413 | Orc:2    | 19413 ||| DRINKING 9 potions of curing.
 19413 | Orc:2    | 19413 ||| (to cure confusion)
 19416 | Orc:2    | 19416 ||| DRINKING 8 potions of curing.
 19416 | Orc:2    | 19416 ||| (to cure confusion)
 19427 | Orc:2    | Killed Rupert
 19473 | Orc:2    | Found Ehiahirr's Distillery.
 19482 | Orc:2    | 19482 ||| Stepping ~*~*~tactically~*~*~ (stealth).
 19490 | Orc:2    | Found Guixeppu's Assorted Antiques.
 19492 | Orc:2    | 19492 ||| BUYING potion of curing (48 gold).
 19492 | Orc:2    | Bought a potion of curing for 48 gold pieces
 19492 | Orc:2    | 19492 ||| SHOPLISTING potion of heal wounds (80 gold, have
                  | 11).
 19492 | Orc:2    | 19492 ||| SHOPLISTING potion of mutation (128 gold, have
                  | 11).
 19500 | Orc:2    | 19500 ||| SHOPLISTING potion of haste (310 gold, have 11).
 19500 | Orc:2    | 19500 ||| SHOPLISTING scroll of enchant weapon (232 gold,
                  | have 11).
 19500 | Orc:2    | 19500 ||| SHOPLISTING scroll of teleportation (93 gold,
                  | have 11).
 19527 | Orc:2    | 19527 ||| Stepping ~*~*~tactically~*~*~ (stealth).
 19528 | Orc:2    | 19528 ||| STAIRDANCE
 19530 | Orc:1    | 19530 ||| DRINKING 8 potions of curing.
 19530 | Orc:1    | 19530 ||| (to cure confusion)
 19531 | Orc:1    | 19531 ||| INVOKING Heroism.
 19564 | Orc:1    | Reached XP level 16. HP: 101/101 MP: 23/23
 19568 | Orc:1    | 19568 ||| UPGRADING to +2 pair of boots of rampaging.
 19578 | Orc:1    | 19578 ||| DROPPING +0 pair of boots.
 19579 | Orc:1    | 19579 ||| DROPPING +0 pair of gloves of infusion.
 19583 | Orc:2    | 19583 ||| STAIRDANCE
 19603 | Orc:2    | Found Weneril's Distillery.
 19639 | Orc:2    | Found a dark tunnel.
 19696 | Orc:2    | Found Jegobautah's Weapon Shop.
 20159 | Orc:1    | 20159 ||| INVOKING Heroism.
 20248 | Orc:1    | 20248 ||| PLANNING SPIDER:1-3
 20449 | Spider:1 | Entered Level 1 of the Spider Nest
 20450 | Spider:1 | 20450 ||| INVOKING Heroism.
 20489 | Spider:1 | 20489 ||| Stepping ~*~*~tactically~*~*~ (stealth).
 20494 | Spider:1 | 20494 ||| Stepping ~*~*~tactically~*~*~ (stealth).
 20502 | Spider:1 | Received a gift from Okawaru
 20594 | Spider:1 | 20594 ||| INVOKING Heroism.
 20648 | Spider:1 | 20648 ||| Stepping ~*~*~tactically~*~*~ (stealth).
 20650 | Spider:1 | 20650 ||| Stepping ~*~*~tactically~*~*~ (stealth).
 20652 | Spider:1 | 20652 ||| Stepping ~*~*~tactically~*~*~ (hiding).
 20726 | Spider:1 | 20726 ||| INVOKING Heroism.
 20727 | Spider:1 | 20727 ||| INVOKING Finesse.
 20845 | Spider:1 | 20845 ||| Stepping ~*~*~tactically~*~*~ (stealth).
 20846 | Spider:1 | 20846 ||| Stepping ~*~*~tactically~*~*~ (stealth).
 20853 | Spider:1 | 20853 ||| INVOKING Heroism.
 20933 | Spider:1 | Received a gift from Okawaru
 20985 | Spider:1 | 20985 ||| Stepping ~*~*~tactically~*~*~ (stealth).
 20990 | Spider:1 | 20990 ||| Stepping ~*~*~tactically~*~*~ (stealth).
 21102 | Spider:1 | 21102 ||| INVOKING Heroism.
 21336 | Spider:1 | 21336 ||| INVOKING Heroism.
 21346 | Spider:1 | Reached skill level 6 in Dodging
 21497 | Spider:1 | 21497 ||| Stepping ~*~*~tactically~*~*~ (hiding).
 21508 | Spider:1 | Received a gift from Okawaru
 21772 | Spider:2 | 21772 ||| INVOKING Heroism.
 21976 | Spider:2 | 21976 ||| INVOKING Heroism.
 21979 | Spider:2 | Reached skill level 6 in Throwing
 21981 | Spider:2 | HP: 17/104 [meliai/divine providence (16)]
 21982 | Spider:2 | 21982 ||| READING 4 scrolls of teleportation.
 21982 | Spider:2 | HP: 7/104 [meliai/divine providence (11)]
 21983 | Spider:2 | 21983 ||| DRINKING 6 potions of heal wounds.
 22076 | Spider:2 | Found a frozen archway.
 22080 | Spider:2 | Identified the +1 cloak of Baleful Birdsong {Fly rN+ Dex+2}
 22331 | Spider:2 | 22331 ||| Stepping ~*~*~tactically~*~*~ (stealth).
 22334 | Spider:2 | 22334 ||| INVOKING Heroism.
 22342 | Spider:2 | 22342 ||| Stepping ~*~*~tactically~*~*~ (stealth).
 22372 | Spider:2 | 22372 ||| Stepping ~*~*~tactically~*~*~ (stealth).
 22544 | Spider:2 | 22544 ||| Stepping ~*~*~tactically~*~*~ (hiding).
 22546 | Spider:2 | 22546 ||| INVOKING Heroism.
 22569 | Spider:2 | 22569 ||| Stepping ~*~*~tactically~*~*~ (stealth).
 22675 | Spider:2 | 22675 ||| Stepping ~*~*~tactically~*~*~ (hiding).
 22678 | Spider:2 | 22678 ||| INVOKING Finesse.
 22716 | Spider:2 | 22716 ||| INVOKING Finesse.
 22717 | Spider:2 | 22717 ||| Stepping ~*~*~tactically~*~*~ (stealth).
 22732 | Spider:2 | 22732 ||| INVOKING Heroism.
 23161 | Spider:2 | 23161 ||| DROPPING scarf of shadows.
 23162 | Spider:2 | 23162 ||| DROPPING +0 cloak of stealth.
 23163 | Spider:2 | 23163 ||| UPGRADING to +1 cloak of Baleful Birdsong {Fly
                  | rN+ Dex+2}.
 23218 | Spider:3 | 23218 ||| INVOKING Heroism.
 23251 | Spider:3 | 23251 ||| Stepping ~*~*~tactically~*~*~ (stealth).
 23253 | Spider:3 | 23253 ||| Stepping ~*~*~tactically~*~*~ (stealth).
 23254 | Spider:3 | 23254 ||| Stepping ~*~*~tactically~*~*~ (stealth).
 23258 | Spider:3 | 23258 ||| Stepping ~*~*~tactically~*~*~ (stealth).
 23313 | Spider:3 | Noticed Donald
 23314 | Spider:3 | 23314 ||| INVOKING Heroism.
 23315 | Spider:3 | 23315 ||| INVOKING Finesse.
 23316 | Spider:3 | 23316 ||| Stepping ~*~*~tactically~*~*~ (stealth).
 23322 | Spider:3 | Killed Donald
 23361 | Spider:3 | 23361 ||| SWAPPING to +2 broad axe of flaming.
 23362 | Spider:3 | 23362 ||| DROPPING +0 demon whip of venom.
 23363 | Spider:3 | 23363 ||| DROPPING +3 broad axe.
 23379 | Spider:3 | Received a gift from Okawaru
 23455 | Spider:3 | Noticed Bai Suzhen
 23456 | Spider:3 | 23456 ||| INVOKING Heroism.
 23457 | Spider:3 | 23457 ||| INVOKING Finesse.
 23466 | Spider:3 | Noticed Nikola
 23481 | Spider:3 | Killed Bai Suzhen
 23482 | Spider:3 | Reached skill level 12 in Armour
 23493 | Spider:3 | 23493 ||| Stepping ~*~*~tactically~*~*~ (hiding).
 23502 | Spider:3 | 23502 ||| Stepping ~*~*~tactically~*~*~ (hiding).
 23503 | Spider:3 | 23503 ||| Stepping ~*~*~tactically~*~*~ (hiding).
 23511 | Spider:3 | 23511 ||| INVOKING Heroism.
 23513 | Spider:3 | 23513 ||| INVOKING Finesse.
 23523 | Spider:3 | Killed Nikola
 23577 | Spider:3 | 23577 ||| INVOKING Finesse.
 23584 | Spider:3 | Reached XP level 17. HP: 108/108 MP: 19/24
 23589 | Spider:3 | 23589 ||| Stepping ~*~*~tactically~*~*~ (hiding).
 23591 | Spider:3 | 23591 ||| INVOKING Heroism.
 23664 | Spider:3 | 23664 ||| INVOKING Heroism.
 23682 | Spider:3 | Reached skill level 18 in Axes
 23692 | Spider:3 | Noticed Kirke
 23698 | Spider:3 | 23698 ||| DRINKING potion of cancellation.
 23700 | Spider:3 | Noticed a sphinx
 23705 | Spider:3 | Killed Kirke
 23776 | Spider:3 | 23776 ||| Stepping ~*~*~tactically~*~*~ (stealth).
 23778 | Spider:3 | 23778 ||| INVOKING Heroism.
 23892 | Spider:3 | 23892 ||| Stepping ~*~*~tactically~*~*~ (stealth).
 23955 | Spider:3 | 23955 ||| PLANNING SWAMP:1-3
 23955 | Spider:3 | 23955 ||| READING scroll labelled ZIW SUHOYLEB.
 24073 | Swamp:1  | Entered Level 1 of the Swamp
 24171 | Swamp:1  | 24171 ||| INVOKING Heroism.
 24172 | Swamp:1  | 24172 ||| Stepping ~*~*~tactically~*~*~ (cloud).
 24308 | Swamp:1  | 24308 ||| INVOKING Heroism.
 24339 | Swamp:1  | Received a gift from Okawaru
 24365 | Swamp:1  | 24365 ||| Stepping ~*~*~tactically~*~*~ (hiding).
 24718 | Swamp:1  | Noticed a tentacled monstrosity
 24732 | Swamp:1  | 24732 ||| INVOKING Heroism.
 24733 | Swamp:1  | 24733 ||| INVOKING Finesse.
 24738 | Swamp:1  | Killed a tentacled monstrosity
 24845 | Swamp:2  | Found a runed translucent door.
 24845 | Swamp:2  | Noticed qw's ghost (adept GrBe)
 24871 | Swamp:2  | Noticed Aizul
 24872 | Swamp:2  | 24872 ||| INVOKING Heroism.
 24873 | Swamp:2  | 24873 ||| INVOKING Finesse.
 24886 | Swamp:2  | Killed Aizul
 24928 | Swamp:2  | 24928 ||| INVOKING Heroism.
 25022 | Swamp:2  | Noticed Frances
 25023 | Swamp:2  | 25023 ||| Stepping ~*~*~tactically~*~*~ (stealth).
 25025 | Swamp:2  | 25025 ||| Stepping ~*~*~tactically~*~*~ (hiding).
 25026 | Swamp:2  | 25026 ||| Stepping ~*~*~tactically~*~*~ (hiding).
 25031 | Swamp:2  | 25031 ||| INVOKING Heroism.
 25032 | Swamp:2  | 25032 ||| INVOKING Finesse.
 25041 | Swamp:2  | Killed Frances
 25199 | Swamp:2  | 25199 ||| INVOKING Heroism.
 25230 | Swamp:2  | 25230 ||| Stepping ~*~*~tactically~*~*~ (stealth).
 25232 | Swamp:2  | 25232 ||| Stepping ~*~*~tactically~*~*~ (hiding).
 25261 | Swamp:2  | 25261 ||| Stepping ~*~*~tactically~*~*~ (hiding).
 25310 | Swamp:2  | 25310 ||| INVOKING Heroism.
 25377 | Swamp:2  | 25377 ||| INVOKING Heroism.
 25397 | Swamp:2  | 25397 ||| Stepping ~*~*~tactically~*~*~ (hiding).
 25538 | Swamp:2  | 25538 ||| Stepping ~*~*~tactically~*~*~ (stealth).
 25553 | Swamp:2  | 25553 ||| Stepping ~*~*~tactically~*~*~ (stealth).
 25555 | Swamp:2  | 25555 ||| INVOKING Heroism.
 25562 | Swamp:2  | 25562 ||| Stepping ~*~*~tactically~*~*~ (cloud).
 25567 | Swamp:2  | Received a gift from Okawaru
 25610 | Swamp:2  | 25610 ||| Stepping ~*~*~tactically~*~*~ (stealth).
 25612 | Swamp:2  | 25612 ||| Stepping ~*~*~tactically~*~*~ (hiding).
 25613 | Swamp:2  | 25613 ||| Stepping ~*~*~tactically~*~*~ (hiding).
 25614 | Swamp:2  | 25614 ||| INVOKING Heroism.
 25972 | Swamp:2  | 25972 ||| READING scroll labelled PAANKI USI.
 26016 | Swamp:3  | 26016 ||| Stepping ~*~*~tactically~*~*~ (hiding).
 26019 | Swamp:3  | 26019 ||| INVOKING Heroism.
 26030 | Swamp:3  | 26030 ||| Stepping ~*~*~tactically~*~*~ (stealth).
 26032 | Swamp:3  | 26032 ||| Stepping ~*~*~tactically~*~*~ (hiding).
 26153 | Swamp:3  | 26153 ||| INVOKING Heroism.
 26226 | Swamp:3  | 26226 ||| STAIRDANCE
 26393 | Swamp:3  | 26393 ||| INVOKING Heroism.
 26475 | Swamp:3  | 26475 ||| Stepping ~*~*~tactically~*~*~ (stealth).
 26500 | Swamp:3  | 26500 ||| Stepping ~*~*~tactically~*~*~ (hiding).
 26501 | Swamp:3  | 26501 ||| Stepping ~*~*~tactically~*~*~ (hiding).
 26502 | Swamp:3  | 26502 ||| INVOKING Heroism.
 26676 | Swamp:3  | 26676 ||| Stepping ~*~*~tactically~*~*~ (stealth).
 26787 | Swamp:3  | 26787 ||| PLANNING SPIDER:4
 26977 | Spider:4 | Entered Level 4 of the Spider Nest
 26978 | Spider:4 | 26978 ||| STAIRDANCE
 26985 | Spider:4 | 26985 ||| STAIRDANCE
 26993 | Spider:4 | 26993 ||| STAIRDANCE
 27027 | Spider:4 | 27027 ||| STAIRDANCE
 27036 | Spider:3 | Reached skill level 15 in Fighting
 27080 | Spider:4 | 27080 ||| STAIRDANCE
 27082 | Spider:3 | Received a gift from Okawaru
 27154 | Spider:4 | 27154 ||| Stepping ~*~*~tactically~*~*~ (hiding).
 27251 | Spider:4 | 27251 ||| Stepping ~*~*~tactically~*~*~ (hiding).
 27274 | Spider:4 | Identified the +4 long sword of the Messenger {vorpal,
                  | rElec Dex+2}
 27276 | Spider:4 | Noticed Arachne
 27277 | Spider:4 | 27277 ||| INVOKING Finesse.
 27284 | Spider:4 | 27284 ||| INVOKING Heroism.
 27291 | Spider:4 | Killed Arachne
 27352 | Spider:4 | 27352 ||| READING scroll of enchant weapon.
 27352 | Spider:4 | 27352 ||| ENCHANTING +2 broad axe of flaming.
 27398 | Spider:4 | Received a gift from Okawaru
 27508 | Spider:4 | 27508 ||| Stepping ~*~*~tactically~*~*~ (stealth).
 27515 | Spider:4 | 27515 ||| Stepping ~*~*~tactically~*~*~ (hiding).
 27523 | Spider:4 | Reached XP level 18. HP: 119/119 MP: 25/25
 27531 | Spider:4 | 27531 ||| INVOKING Heroism.
 27589 | Spider:4 | 27589 ||| Stepping ~*~*~tactically~*~*~ (stealth).
 27593 | Spider:4 | 27593 ||| Stepping ~*~*~tactically~*~*~ (stealth).
 27594 | Spider:4 | 27594 ||| INVOKING Heroism.
 27605 | Spider:4 | 27605 ||| INVOKING Finesse.
 27610 | Spider:4 | Identified the +9 broad axe "Feroc" {vorpal, *Corrode rPois
                  | Str+5 Stlth+} (Okawaru gifted it to you on level 4 of the
                  | Spider Nest)
 27610 | Spider:4 | Received a gift from Okawaru
 27776 | Spider:4 | Got a gossamer rune of Zot
 27802 | Spider:4 | 27802 ||| SWAPPING to +9 broad axe "Feroc" {vorpal,
                  | *Corrode rPois Str+5 Stlth+}.
 27803 | Spider:4 | 27803 ||| DROPPING +3 broad axe of flaming.
 27984 | Spider:4 | 27984 ||| PLANNING VAULTS:1-4
 27984 | Spider:4 | 27984 ||| DROPPING +0 pair of boots of flying.
 27985 | Spider:4 | 27985 ||| DROPPING scarf of harm.
 27986 | Spider:4 | 27986 ||| UPGRADING to +2 pair of gloves of dexterity.
 27996 | Spider:4 | 27996 ||| DROPPING +2 pair of gloves.
 27997 | Spider:4 | 27997 ||| READING scroll labelled JEREFUMNOMAO.
 28232 | Vaults:1 | Entered Level 1 of the Vaults
 28244 | Vaults:1 | 28244 ||| Stepping ~*~*~tactically~*~*~ (stealth).
 28246 | Vaults:1 | 28246 ||| Stepping ~*~*~tactically~*~*~ (stealth).
 28248 | Vaults:1 | 28248 ||| Stepping ~*~*~tactically~*~*~ (stealth).
 28255 | Vaults:1 | 28255 ||| Stepping ~*~*~tactically~*~*~ (stealth).
 28292 | Vaults:1 | 28292 ||| Stepping ~*~*~tactically~*~*~ (hiding).
 28303 | Vaults:1 | 28303 ||| INVOKING Heroism.
 28304 | Vaults:1 | 28304 ||| INVOKING Finesse.
 28362 | Vaults:1 | 28362 ||| INVOKING Finesse.
 28363 | Vaults:1 | 28363 ||| INVOKING Heroism.
 28389 | Vaults:1 | Identified the +0 crystal plate armour of Gestures {Slay+5
                  | Stlth-} (Okawaru gifted it to you on level 1 of the Vaults)
 28389 | Vaults:1 | Received a gift from Okawaru
 28393 | Vaults:1 | 28393 ||| Stepping ~*~*~tactically~*~*~ (stealth).
 28469 | Vaults:1 | 28469 ||| Stepping ~*~*~tactically~*~*~ (hiding).
 28472 | Vaults:1 | 28472 ||| Stepping ~*~*~tactically~*~*~ (hiding).
 28723 | Vaults:1 | 28723 ||| Stepping ~*~*~tactically~*~*~ (hiding).
 28724 | Vaults:1 | 28724 ||| Stepping ~*~*~tactically~*~*~ (hiding).
 28953 | Vaults:1 | 28953 ||| DRINKING 14 potions of curing.
 28953 | Vaults:1 | 28953 ||| (to cure confusion)
 29064 | Vaults:1 | 29064 ||| INVOKING Heroism.
 29070 | Vaults:1 | Reached skill level 9 in Dodging
 29112 | Vaults:1 | 29112 ||| Stepping ~*~*~tactically~*~*~ (hiding).
 29113 | Vaults:1 | 29113 ||| Stepping ~*~*~tactically~*~*~ (hiding).
 29114 | Vaults:1 | 29114 ||| Stepping ~*~*~tactically~*~*~ (hiding).
 29239 | Vaults:1 | 29239 ||| Stepping ~*~*~tactically~*~*~ (hiding).
 29308 | Vaults:1 | 29308 ||| INVOKING Heroism.
 29309 | Vaults:1 | 29309 ||| Stepping ~*~*~tactically~*~*~ (stealth).
 29358 | Vaults:1 | 29358 ||| Stepping ~*~*~tactically~*~*~ (hiding).
 29360 | Vaults:1 | 29360 ||| Stepping ~*~*~tactically~*~*~ (hiding).
 29538 | Vaults:1 | 29538 ||| INVOKING Heroism.
 29549 | Vaults:1 | Reached skill level 9 in Throwing
 29557 | Vaults:1 | 29557 ||| Stepping ~*~*~tactically~*~*~ (hiding).
 29559 | Vaults:1 | 29559 ||| Stepping ~*~*~tactically~*~*~ (hiding).
 29570 | Vaults:1 | Reached skill level 15 in Shields
 29771 | Vaults:1 | 29771 ||| Stepping ~*~*~tactically~*~*~ (hiding).
 29823 | Vaults:1 | 29823 ||| Stepping ~*~*~tactically~*~*~ (stealth).
 29824 | Vaults:1 | Received a gift from Okawaru
 29841 | Vaults:1 | 29841 ||| DROPPING +2 broad axe of flaming.
 29844 | Vaults:1 | Found Yrhugill's Assorted Antiques.
 29880 | Vaults:1 | 29880 ||| INVOKING Heroism.
 29881 | Vaults:1 | 29881 ||| INVOKING Finesse.
 29888 | Vaults:1 | Found Zaem's Magic Scroll Emporium.
 29895 | Vaults:1 | Reached XP level 19. HP: 124/124 MP: 19/26
 29926 | Vaults:1 | 29926 ||| Stepping ~*~*~tactically~*~*~ (hiding).
 29931 | Vaults:1 | 29931 ||| Stepping ~*~*~tactically~*~*~ (hiding).
 29932 | Vaults:1 | 29932 ||| Stepping ~*~*~tactically~*~*~ (hiding).
 29941 | Vaults:1 | 29941 ||| INVOKING Finesse.
 30091 | Vaults:1 | 30091 ||| BUYING 3 scrolls of teleportation (135 gold).
 30091 | Vaults:1 | Bought 3 scrolls of teleportation for 135 gold pieces
 30091 | Vaults:1 | 30091 ||| BUYING scroll of enchant armour (112 gold).
 30091 | Vaults:1 | Bought a scroll of enchant armour for 112 gold pieces
 30091 | Vaults:1 | 30091 ||| BUYING scroll of teleportation (45 gold).
 30091 | Vaults:1 | Bought a scroll of teleportation for 45 gold pieces
 30257 | Vaults:1 | 30257 ||| INVOKING Heroism.
 30259 | Vaults:1 | 30259 ||| Stepping ~*~*~tactically~*~*~ (hiding).
 30265 | Vaults:1 | 30265 ||| Stepping ~*~*~tactically~*~*~ (hiding).
 30266 | Vaults:1 | 30266 ||| Stepping ~*~*~tactically~*~*~ (hiding).
 30267 | Vaults:1 | 30267 ||| INVOKING Finesse.
 30271 | Vaults:1 | 30271 ||| INVOKING Heroism.
 30381 | Vaults:1 | 30381 ||| DROPPING ring of positive energy.
 30395 | Vaults:2 | 30395 ||| INVOKING Heroism.
 30396 | Vaults:2 | 30396 ||| DRINKING 13 potions of curing.
 30396 | Vaults:2 | 30396 ||| (to cure confusion)
 30397 | Vaults:2 | 30397 ||| INVOKING Finesse.
 30581 | Vaults:2 | 30581 ||| INVOKING Heroism.
 30746 | Vaults:2 | 30746 ||| Stepping ~*~*~tactically~*~*~ (hiding).
 31027 | Vaults:2 | 31027 ||| INVOKING Heroism.
 31028 | Vaults:2 | 31028 ||| INVOKING Finesse.
 31033 | Vaults:2 | Received a gift from Okawaru
 31123 | Vaults:2 | Reached skill level 15 in Armour
 31351 | Vaults:2 | 31351 ||| Stepping ~*~*~tactically~*~*~ (hiding).
 31352 | Vaults:2 | 31352 ||| Stepping ~*~*~tactically~*~*~ (hiding).
 31355 | Vaults:2 | 31355 ||| INVOKING Heroism.
 31356 | Vaults:2 | 31356 ||| INVOKING Finesse.
 31404 | Vaults:2 | 31404 ||| INVOKING Heroism.
 31450 | Vaults:2 | 31450 ||| Stepping ~*~*~tactically~*~*~ (stealth).
 31454 | Vaults:2 | 31454 ||| Stepping ~*~*~tactically~*~*~ (hiding).
 31512 | Vaults:2 | 31512 ||| FLEEEEING.
 31515 | Vaults:2 | 31515 ||| Stepping ~*~*~tactically~*~*~ (hiding).
 31516 | Vaults:2 | 31516 ||| FLEEEEING.
 31517 | Vaults:2 | 31517 ||| FLEEEEING.
 31518 | Vaults:2 | 31518 ||| FLEEEEING.
 31519 | Vaults:2 | 31519 ||| FLEEEEING.
 31520 | Vaults:2 | 31520 ||| FLEEEEING.
 31521 | Vaults:2 | 31521 ||| FLEEEEING.
 31522 | Vaults:2 | 31522 ||| FLEEEEING.
 31523 | Vaults:2 | 31523 ||| FLEEEEING.
 31524 | Vaults:2 | 31524 ||| FLEEEEING.
 31526 | Vaults:2 | 31526 ||| STAIRDANCE
 31632 | Vaults:2 | 31632 ||| Stepping ~*~*~tactically~*~*~ (hiding).
 31645 | Vaults:2 | 31645 ||| INVOKING Heroism.
 31653 | Vaults:2 | 31653 ||| Stepping ~*~*~tactically~*~*~ (hiding).
 31663 | Vaults:2 | Paralysed by a great orb of eyes for 3 turns
 31807 | Vaults:2 | 31807 ||| Stepping ~*~*~tactically~*~*~ (stealth).
 31809 | Vaults:2 | 31809 ||| Stepping ~*~*~tactically~*~*~ (hiding).
 31812 | Vaults:2 | 31812 ||| Stepping ~*~*~tactically~*~*~ (hiding).
 31813 | Vaults:2 | 31813 ||| Stepping ~*~*~tactically~*~*~ (hiding).
 31822 | Vaults:2 | Identified the +1 plate armour of Death Resistance {+Blink}
                  | (Okawaru gifted it to you on level 2 of the Vaults)
 31822 | Vaults:2 | Received a gift from Okawaru
 31906 | Vaults:2 | 31906 ||| Stepping ~*~*~tactically~*~*~ (hiding).
 32112 | Vaults:2 | 32112 ||| INVOKING Heroism.
 32130 | Vaults:2 | Found the +7 captain's cutlass {speed, disarm}
 32249 | Vaults:2 | Found a staircase to the Crypt.
 32249 | Vaults:2 | Found an ancient bone altar of Kikubaaqudgha.
 32249 | Vaults:2 | Found a basalt altar of Yredelemnul.
 32363 | Vaults:2 | 32363 ||| INVOKING Heroism.
 32479 | Vaults:3 | 32479 ||| INVOKING Heroism.
 32533 | Vaults:3 | 32533 ||| Stepping ~*~*~tactically~*~*~ (hiding).
 32546 | Vaults:3 | 32546 ||| Stepping ~*~*~tactically~*~*~ (hiding).
 32550 | Vaults:3 | 32550 ||| Stepping ~*~*~tactically~*~*~ (hiding).
 32551 | Vaults:3 | 32551 ||| Stepping ~*~*~tactically~*~*~ (hiding).
 32668 | Vaults:3 | 32668 ||| Stepping ~*~*~tactically~*~*~ (stealth).
 32670 | Vaults:3 | 32670 ||| INVOKING Heroism.
 32671 | Vaults:3 | 32671 ||| Stepping ~*~*~tactically~*~*~ (stealth).
 32772 | Vaults:3 | 32772 ||| FLEEEEING.
 32773 | Vaults:3 | 32773 ||| FLEEEEING.
 32774 | Vaults:3 | 32774 ||| FLEEEEING.
 32775 | Vaults:3 | 32775 ||| FLEEEEING.
 32779 | Vaults:3 | 32779 ||| FLEEEEING.
 32780 | Vaults:3 | 32780 ||| FLEEEEING.
 32781 | Vaults:3 | 32781 ||| FLEEEEING.
 32782 | Vaults:3 | 32782 ||| FLEEEEING.
 32783 | Vaults:3 | 32783 ||| FLEEEEING.
 32786 | Vaults:3 | 32786 ||| FLEEEEING.
 32787 | Vaults:3 | 32787 ||| FLEEEEING.
 32788 | Vaults:3 | 32788 ||| FLEEEEING.
 32789 | Vaults:3 | 32789 ||| FLEEEEING.
 32790 | Vaults:3 | 32790 ||| FLEEEEING.
 32791 | Vaults:3 | 32791 ||| FLEEEEING.
 32792 | Vaults:3 | 32792 ||| FLEEEEING.
 32793 | Vaults:3 | 32793 ||| FLEEEEING.
 32794 | Vaults:3 | 32794 ||| FLEEEEING.
 32795 | Vaults:3 | 32795 ||| FLEEEEING.
 32796 | Vaults:3 | 32796 ||| FLEEEEING.
 32797 | Vaults:3 | 32797 ||| FLEEEEING.
 32798 | Vaults:3 | 32798 ||| FLEEEEING.
 32799 | Vaults:3 | 32799 ||| FLEEEEING.
 32800 | Vaults:3 | 32800 ||| FLEEEEING.
 32801 | Vaults:3 | 32801 ||| FLEEEEING.
 32802 | Vaults:3 | 32802 ||| FLEEEEING.
 32806 | Vaults:3 | 32806 ||| FLEEEEING.
 32808 | Vaults:3 | 32808 ||| STAIRDANCE
 33015 | Vaults:3 | 33015 ||| STAIRDANCE
 33141 | Vaults:3 | 33141 ||| Stepping ~*~*~tactically~*~*~ (hiding).
 33148 | Vaults:3 | 33148 ||| Stepping ~*~*~tactically~*~*~ (stealth).
 33161 | Vaults:3 | 33161 ||| Stepping ~*~*~tactically~*~*~ (stealth).
 33162 | Vaults:3 | 33162 ||| Stepping ~*~*~tactically~*~*~ (hiding).
 33165 | Vaults:3 | 33165 ||| INVOKING Heroism.
 33207 | Vaults:3 | 33207 ||| Stepping ~*~*~tactically~*~*~ (hiding).
 33209 | Vaults:3 | 33209 ||| Stepping ~*~*~tactically~*~*~ (hiding).
 33213 | Vaults:3 | 33213 ||| INVOKING Heroism.
 33214 | Vaults:3 | 33214 ||| INVOKING Finesse.
 33258 | Vaults:3 | 33258 ||| Stepping ~*~*~tactically~*~*~ (hiding).
 33259 | Vaults:3 | 33259 ||| Stepping ~*~*~tactically~*~*~ (hiding).
 33267 | Vaults:3 | Reached XP level 20. HP: 134/134 MP: 27/27
 33276 | Vaults:3 | 33276 ||| Stepping ~*~*~tactically~*~*~ (stealth).
 33277 | Vaults:3 | 33277 ||| Stepping ~*~*~tactically~*~*~ (stealth).
 33278 | Vaults:3 | 33278 ||| Stepping ~*~*~tactically~*~*~ (stealth).
 33287 | Vaults:3 | Received a gift from Okawaru
 33336 | Vaults:3 | 33336 ||| Stepping ~*~*~tactically~*~*~ (stealth).
 33339 | Vaults:3 | 33339 ||| Stepping ~*~*~tactically~*~*~ (stealth).
 33366 | Vaults:3 | 33366 ||| Stepping ~*~*~tactically~*~*~ (stealth).
 33482 | Vaults:3 | 33482 ||| INVOKING Finesse.
 33486 | Vaults:3 | Received a gift from Okawaru
 33638 | Vaults:3 | 33638 ||| Stepping ~*~*~tactically~*~*~ (hiding).
 33639 | Vaults:3 | 33639 ||| Stepping ~*~*~tactically~*~*~ (hiding).
 33762 | Vaults:3 | 33762 ||| Stepping ~*~*~tactically~*~*~ (hiding).
 33769 | Vaults:3 | 33769 ||| INVOKING Heroism.
 33794 | Vaults:3 | Received a gift from Okawaru
 34173 | Vaults:3 | Found a huge runed gate.
 34173 | Vaults:3 | Found a huge runed gate.
 34173 | Vaults:3 | Found a huge runed gate.
 34173 | Vaults:3 | Found a huge runed gate.
 34173 | Vaults:3 | Found a huge runed gate.
 34173 | Vaults:3 | Found a huge runed gate.
 34173 | Vaults:3 | Found a huge runed gate.
 34174 | Vaults:3 | Found a huge runed gate.
 34174 | Vaults:3 | Found a huge runed gate.
 34174 | Vaults:3 | Found a huge runed gate.
 34178 | Vaults:3 | Found a huge runed gate.
 34178 | Vaults:3 | Found a huge runed gate.
 34178 | Vaults:3 | Found a huge runed gate.
 34178 | Vaults:3 | Found a huge runed gate.
 34178 | Vaults:3 | Found a huge runed gate.
 34179 | Vaults:3 | Found a huge runed gate.
 34180 | Vaults:3 | Found a huge runed gate.
 34181 | Vaults:3 | Found a huge runed gate.
 34182 | Vaults:3 | Found a huge runed gate.
 34190 | Vaults:3 | Found a huge runed gate.
 34190 | Vaults:3 | Found a huge runed gate.
 34190 | Vaults:3 | Found a huge runed gate.
 34190 | Vaults:3 | Found a huge runed gate.
 34190 | Vaults:3 | Found a huge runed gate.
 34190 | Vaults:3 | Found a huge runed gate.
 34191 | Vaults:3 | Found a huge runed gate.
 34192 | Vaults:3 | Found a huge runed gate.
 34193 | Vaults:3 | Found a huge runed gate.
 34201 | Vaults:3 | Found a huge runed gate.
 34201 | Vaults:3 | Found a huge runed gate.
 34201 | Vaults:3 | Found a huge runed gate.
 34201 | Vaults:3 | Found a huge runed gate.
 34201 | Vaults:3 | Found a huge runed gate.
 34201 | Vaults:3 | Found a huge runed gate.
 34202 | Vaults:3 | Found a huge runed gate.
 34289 | Vaults:3 | 34289 ||| Stepping ~*~*~tactically~*~*~ (hiding).
 34410 | Vaults:3 | Found a huge runed gate.
 34818 | Vaults:4 | 34818 ||| INVOKING Heroism.
 34822 | Vaults:4 | Received a gift from Okawaru
 34881 | Vaults:4 | 34881 ||| Stepping ~*~*~tactically~*~*~ (hiding).
 34883 | Vaults:4 | 34883 ||| Stepping ~*~*~tactically~*~*~ (hiding).
 34925 | Vaults:4 | 34925 ||| INVOKING Heroism.
 34945 | Vaults:4 | Identified the +6 plate armour of Creativity {rC+ Dex+5}
                  | (Okawaru gifted it to you on level 4 of the Vaults)
 34945 | Vaults:4 | Received a gift from Okawaru
 34950 | Vaults:4 | 34950 ||| INVOKING Finesse.
 34961 | Vaults:4 | Reached skill level 18 in Fighting
 35233 | Vaults:4 | 35233 ||| Stepping ~*~*~tactically~*~*~ (stealth).
 35235 | Vaults:4 | 35235 ||| Stepping ~*~*~tactically~*~*~ (hiding).
 35413 | Vaults:4 | 35413 ||| Stepping ~*~*~tactically~*~*~ (hiding).
 35576 | Vaults:4 | 35576 ||| Stepping ~*~*~tactically~*~*~ (hiding).
 35577 | Vaults:4 | 35577 ||| Stepping ~*~*~tactically~*~*~ (hiding).
 35648 | Vaults:4 | Found Fuecidd's Antique Weapon Shop.
 35887 | Vaults:4 | Found Ygiwka's Book Emporium.
 35922 | Vaults:4 | Found Haeptyma's Antique Weapon Shoppe.
 35929 | Vaults:4 | 35929 ||| Stepping ~*~*~tactically~*~*~ (hiding).
 35930 | Vaults:4 | 35930 ||| Stepping ~*~*~tactically~*~*~ (hiding).
 35947 | Vaults:4 | 35947 ||| BUYING glowing broad axe (217 gold).
 35947 | Vaults:4 | Bought a glowing broad axe for 217 gold pieces
 35947 | Vaults:4 | 35947 ||| BUYING runed broad axe (217 gold).
 35947 | Vaults:4 | Bought a runed broad axe for 217 gold pieces
 35947 | Vaults:4 | 35947 ||| SWAPPING to +1 vampiric broad axe.
 35948 | Vaults:4 | 35948 ||| DROPPING +2 vorpal broad axe.
 35949 | Vaults:4 | 35949 ||| READING scroll of enchant weapon.
 35949 | Vaults:4 | 35949 ||| ENCHANTING +1 vampiric broad axe.
 36218 | Vaults:4 | 36218 ||| PLANNING SWAMP:4
 36218 | Vaults:4 | 36218 ||| DROPPING ring of see invisible.
 36547 | Swamp:4  | Entered Level 4 of the Swamp
 36558 | Swamp:4  | Identified the +6 war axe of the Apocalypse {freeze, Dex+4}
 36581 | Swamp:4  | Noticed Mara
 36582 | Swamp:4  | 36582 ||| INVOKING Heroism.
 36583 | Swamp:4  | 36583 ||| INVOKING Finesse.
 36584 | Swamp:4  | 36584 ||| Stepping ~*~*~tactically~*~*~ (hiding).
 36586 | Swamp:4  | 36586 ||| Stepping ~*~*~tactically~*~*~ (hiding).
 36608 | Swamp:4  | Killed Mara
 36620 | Swamp:4  | 36620 ||| Stepping ~*~*~tactically~*~*~ (hiding).
 36741 | Swamp:4  | 36741 ||| Stepping ~*~*~tactically~*~*~ (hiding).
 36746 | Swamp:4  | 36746 ||| Stepping ~*~*~tactically~*~*~ (hiding).
 36756 | Swamp:4  | 36756 ||| READING 11 scrolls of teleportation.
 36757 | Swamp:4  | 36757 ||| Stepping ~*~*~tactically~*~*~ (cloud).
 36761 | Swamp:4  | 36761 ||| READING 10 scrolls of teleportation.
 36762 | Swamp:4  | 36762 ||| Stepping randomly (cloudy).
 36763 | Swamp:4  | 36763 ||| INVOKING Heroism.
 36837 | Swamp:4  | 36837 ||| Stepping ~*~*~tactically~*~*~ (hiding).
 36988 | Swamp:4  | 36988 ||| Stepping ~*~*~tactically~*~*~ (hiding).
 36990 | Swamp:4  | 36990 ||| INVOKING Heroism.
 37049 | Swamp:4  | 37049 ||| Stepping ~*~*~tactically~*~*~ (stealth).
 37052 | Swamp:4  | 37052 ||| Stepping ~*~*~tactically~*~*~ (hiding).
 37068 | Swamp:4  | Found a runed translucent door.
 37070 | Swamp:4  | Noticed qw's ghost (adept GrBe)
 37072 | Swamp:4  | Identified the +6 spear of Qirisk {freeze, rPois Str-3
                  | Int+2 Dex+3}
 37159 | Swamp:4  | 37159 ||| Stepping ~*~*~tactically~*~*~ (hiding).
 37280 | Swamp:4  | Got a decaying rune of Zot
 37313 | Swamp:4  | Paralysed by a fenstrider witch for 2 turns
 37360 | Swamp:4  | 37360 ||| Stepping ~*~*~tactically~*~*~ (hiding).
 37405 | Swamp:4  | 37405 ||| INVOKING Heroism.
 37423 | Swamp:4  | 37423 ||| Stepping ~*~*~tactically~*~*~ (cloud).
 37570 | Swamp:4  | 37570 ||| PLANNING DEPTHS
 37774 | Depths:1 | Entered Level 1 of the Depths
 37800 | Depths:1 | 37800 ||| Stepping ~*~*~tactically~*~*~ (hiding).
 37801 | Depths:1 | 37801 ||| INVOKING Heroism.
 37802 | Depths:1 | 37802 ||| INVOKING Finesse.
 37826 | Depths:1 | 37826 ||| Stepping ~*~*~tactically~*~*~ (hiding).
 37875 | Depths:1 | Found Fiymugyi's Jewellery Emporium.
 37876 | Depths:1 | 37876 ||| INVOKING Heroism.
 37881 | Depths:1 | 37881 ||| INVOKING Finesse.
 37915 | Depths:1 | 37915 ||| SHOPLISTING amulet of the Four Winds {rN+ Will+++
                  | Clar} (1274 gold, have 880).
 37915 | Depths:1 | 37915 ||| BUYING ring of resist corrosion (420 gold).
 37915 | Depths:1 | Bought a ring of resist corrosion for 420 gold pieces
 37937 | Depths:1 | 37937 ||| INVOKING Heroism.
 37943 | Depths:1 | Reached XP level 21. HP: 144/144 MP: 25/28
 37961 | Depths:1 | 37961 ||| Stepping ~*~*~tactically~*~*~ (stealth).
 37966 | Depths:1 | 37966 ||| Stepping ~*~*~tactically~*~*~ (hiding).
 37969 | Depths:1 | 37969 ||| Stepping ~*~*~tactically~*~*~ (hiding).
 38082 | Depths:1 | 38082 ||| Stepping ~*~*~tactically~*~*~ (stealth).
 38083 | Depths:1 | 38083 ||| Stepping ~*~*~tactically~*~*~ (stealth).
 38084 | Depths:1 | 38084 ||| INVOKING Heroism.
 38085 | Depths:1 | 38085 ||| INVOKING Finesse.
 38183 | Depths:1 | 38183 ||| INVOKING Heroism.
 38188 | Depths:1 | Identified the +0 pair of gloves of the Hidden Vale {-Tele
                  | rF++ rN+ rCorr} (Okawaru gifted it to you on level 1 of the
                  | Depths)
 38188 | Depths:1 | Received a gift from Okawaru
 38277 | Depths:1 | 38277 ||| Stepping ~*~*~tactically~*~*~ (stealth).
 38281 | Depths:1 | 38281 ||| INVOKING Finesse.
 38330 | Depths:1 | 38330 ||| Stepping ~*~*~tactically~*~*~ (stealth).
 38353 | Depths:1 | 38353 ||| Stepping ~*~*~tactically~*~*~ (stealth).
 38405 | Depths:1 | Found a one-way gate to the infinite horrors of the Abyss.
 38433 | Depths:1 | Found a gateway to Hell.
 38563 | Depths:1 | 38563 ||| INVOKING Heroism.
 38564 | Depths:1 | 38564 ||| INVOKING Finesse.
 38565 | Depths:1 | 38565 ||| Stepping ~*~*~tactically~*~*~ (hiding).
 38567 | Depths:1 | 38567 ||| Stepping ~*~*~tactically~*~*~ (hiding).
 38657 | Depths:1 | 38657 ||| Stepping ~*~*~tactically~*~*~ (hiding).
 38848 | Depths:1 | 38848 ||| Stepping ~*~*~tactically~*~*~ (stealth).
 38851 | Depths:1 | 38851 ||| INVOKING Heroism.
 38905 | Depths:1 | 38905 ||| Stepping ~*~*~tactically~*~*~ (hiding).
 39074 | Depths:2 | 39074 ||| INVOKING Heroism.
 39078 | Depths:2 | Noticed a caustic shrike
 39079 | Depths:2 | 39079 ||| INVOKING Finesse.
 39096 | Depths:2 | Killed a caustic shrike
 39139 | Depths:2 | 39139 ||| READING 10 scrolls of teleportation.
 39158 | Depths:2 | 39158 ||| Stepping ~*~*~tactically~*~*~ (stealth).
 39159 | Depths:2 | 39159 ||| Stepping ~*~*~tactically~*~*~ (stealth).
 39165 | Depths:2 | 39165 ||| Stepping ~*~*~tactically~*~*~ (stealth).
 39167 | Depths:2 | 39167 ||| Stepping ~*~*~tactically~*~*~ (hiding).
 39168 | Depths:2 | 39168 ||| Stepping ~*~*~tactically~*~*~ (hiding).
 39170 | Depths:2 | 39170 ||| Stepping ~*~*~tactically~*~*~ (hiding).
 39174 | Depths:2 | 39174 ||| INVOKING Heroism.
 39175 | Depths:2 | 39175 ||| INVOKING Finesse.
 39197 | Depths:2 | Reached skill level 18 in Armour
 39405 | Depths:2 | Found a one-way gate leading to the halls of Pandemonium.
 39479 | Depths:2 | 39479 ||| INVOKING Heroism.
 39480 | Depths:2 | 39480 ||| INVOKING Finesse.
 39482 | Depths:2 | Noticed Vv
 39483 | Depths:2 | 39483 ||| DRINKING 5 potions of resistance.
 39493 | Depths:2 | Received a gift from Okawaru
 39528 | Depths:2 | Killed Vv
 39530 | Depths:2 | Received a gift from Okawaru
 39542 | Depths:2 | 39542 ||| DRINKING 13 potions of curing.
 39542 | Depths:2 | 39542 ||| (to cure confusion)
 39553 | Depths:2 | 39553 ||| Stepping ~*~*~tactically~*~*~ (stealth).
 39554 | Depths:2 | 39554 ||| Stepping ~*~*~tactically~*~*~ (stealth).
 39555 | Depths:2 | 39555 ||| Stepping ~*~*~tactically~*~*~ (stealth).
 39556 | Depths:2 | 39556 ||| Stepping ~*~*~tactically~*~*~ (stealth).
 39562 | Depths:2 | 39562 ||| Stepping ~*~*~tactically~*~*~ (stealth).
 39563 | Depths:2 | 39563 ||| Stepping ~*~*~tactically~*~*~ (stealth).
 39564 | Depths:2 | 39564 ||| INVOKING Heroism.
 39728 | Depths:2 | 39728 ||| DROPPING scarf of shadows.
 39736 | Depths:2 | 39736 ||| Stepping ~*~*~tactically~*~*~ (stealth).
 39737 | Depths:2 | 39737 ||| Stepping ~*~*~tactically~*~*~ (stealth).
 39739 | Depths:2 | 39739 ||| Stepping ~*~*~tactically~*~*~ (hiding).
 39772 | Depths:2 | 39772 ||| INVOKING Heroism.
 39773 | Depths:2 | 39773 ||| INVOKING Finesse.
 39941 | Depths:2 | 39941 ||| INVOKING Heroism.
 39959 | Depths:2 | Reached XP level 22. HP: 152/152 MP: 29/29
 40142 | Depths:3 | 40142 ||| INVOKING Heroism.
 40143 | Depths:3 | 40143 ||| INVOKING Finesse.
 40194 | Depths:3 | 40194 ||| INVOKING Finesse.
 40195 | Depths:3 | 40195 ||| INVOKING Heroism.
 40229 | Depths:3 | Noticed a golden dragon
 40229 | Depths:3 | 40229 ||| Stepping randomly (cloudy).
 40258 | Depths:3 | Killed a golden dragon
 40327 | Depths:3 | 40327 ||| Stepping ~*~*~tactically~*~*~ (hiding).
 40329 | Depths:3 | 40329 ||| INVOKING Heroism.
 40330 | Depths:3 | 40330 ||| INVOKING Finesse.
 40340 | Depths:3 | 40340 ||| Stepping ~*~*~tactically~*~*~ (hiding).
 40351 | Depths:3 | 40351 ||| Stepping ~*~*~tactically~*~*~ (stealth).
 40438 | Depths:3 | 40438 ||| Stepping ~*~*~tactically~*~*~ (stealth).
 40442 | Depths:3 | 40442 ||| INVOKING Heroism.
 40443 | Depths:3 | Received a gift from Okawaru
 40500 | Depths:3 | 40500 ||| Stepping ~*~*~tactically~*~*~ (stealth).
 40501 | Depths:3 | 40501 ||| INVOKING Heroism.
 40502 | Depths:3 | 40502 ||| INVOKING Finesse.
 40571 | Depths:3 | 40571 ||| INVOKING Heroism.
 40572 | Depths:3 | 40572 ||| INVOKING Finesse.
 40637 | Depths:3 | 40637 ||| Stepping ~*~*~tactically~*~*~ (hiding).
 40659 | Depths:3 | Identified the +0 pair of gloves "Hudulokk" {-Cast Fly
                  | Will+} (Okawaru gifted it to you on level 3 of the Depths)
 40659 | Depths:3 | Received a gift from Okawaru
 40787 | Depths:3 | 40787 ||| Stepping ~*~*~tactically~*~*~ (stealth).
 40801 | Depths:3 | Noticed Louise
 40813 | Depths:3 | 40813 ||| Stepping ~*~*~tactically~*~*~ (hiding).
 40815 | Depths:3 | 40815 ||| Stepping ~*~*~tactically~*~*~ (hiding).
 40821 | Depths:3 | Killed Louise
 41170 | Depths:3 | Noticed a golden dragon
 41171 | Depths:3 | 41171 ||| INVOKING Heroism.
 41172 | Depths:3 | 41172 ||| INVOKING Finesse.
 41180 | Depths:3 | Killed a golden dragon
 41196 | Depths:3 | 41196 ||| Stepping ~*~*~tactically~*~*~ (hiding).
 41206 | Depths:3 | 41206 ||| Stepping ~*~*~tactically~*~*~ (hiding).
 41217 | Depths:3 | 41217 ||| INVOKING Heroism.
 41306 | Depths:3 | 41306 ||| INVOKING Heroism.
 41307 | Depths:3 | 41307 ||| INVOKING Finesse.
 41357 | Depths:3 | 41357 ||| INVOKING Heroism.
 41361 | Depths:3 | 41361 ||| INVOKING Finesse.
 41547 | Depths:3 | Reached skill level 12 in Dodging
 41681 | Depths:3 | 41681 ||| DROPPING +0 pair of gloves "Hudulokk" {-Cast Fly
                  | Will+}.
 41682 | Depths:3 | 41682 ||| UPGRADING to +0 tower shield.
 41692 | Depths:3 | 41692 ||| DROPPING +5 kite shield "Tuul" {Dex+6}.
 41716 | Depths:4 | Entered Level 4 of the Depths
 41717 | Depths:4 | 41717 ||| PLANNING BAZAAR
 41719 | Depths:4 | 41719 ||| Stepping ~*~*~tactically~*~*~ (stealth).
 41720 | Depths:4 | 41720 ||| Stepping ~*~*~tactically~*~*~ (stealth).
 41724 | Depths:4 | 41724 ||| INVOKING Heroism.
 41730 | Depths:4 | 41730 ||| Stepping ~*~*~tactically~*~*~ (stealth).
 41746 | Depths:4 | 41746 ||| INVOKING Finesse.
 41748 | Depths:4 | Reached skill level 18 in Shields
 41765 | Depths:4 | 41765 ||| INVOKING Heroism.
 41786 | Depths:4 | 41786 ||| Stepping ~*~*~tactically~*~*~ (stealth).
 41793 | Depths:4 | 41793 ||| Stepping ~*~*~tactically~*~*~ (stealth).
 41794 | Depths:4 | 41794 ||| Stepping ~*~*~tactically~*~*~ (stealth).
 41795 | Depths:4 | 41795 ||| Stepping ~*~*~tactically~*~*~ (stealth).
 41836 | Depths:4 | 41836 ||| INVOKING Heroism.
 41858 | Depths:4 | Found a one-way gateway to a ziggurat.
 41929 | Depths:4 | 41929 ||| Stepping ~*~*~tactically~*~*~ (hiding).
 41964 | Depths:4 | 41964 ||| Stepping ~*~*~tactically~*~*~ (hiding).
 41966 | Depths:4 | 41966 ||| INVOKING Heroism.
 42009 | Depths:4 | Found a gate to the Realm of Zot.
 42009 | Depths:4 | Noticed a golden dragon
 42010 | Depths:4 | 42010 ||| INVOKING Heroism.
 42022 | Depths:4 | Killed a golden dragon
 42048 | Depths:4 | HP: 20/152 [ice dragon/blast of cold (43)]
 42049 | Depths:4 | 42049 ||| READING 12 scrolls of teleportation.
 42050 | Depths:4 | 42050 ||| DRINKING 7 potions of heal wounds.
 42202 | Depths:4 | 42202 ||| Stepping ~*~*~tactically~*~*~ (hiding).
 42203 | Depths:4 | 42203 ||| FLEEEEING.
 42204 | Depths:4 | 42204 ||| Stepping ~*~*~tactically~*~*~ (hiding).
 42210 | Depths:4 | 42210 ||| INVOKING Heroism.
 42220 | Depths:4 | Received a gift from Okawaru
 42247 | Depths:4 | 42247 ||| INVOKING Heroism.
 42433 | Depths:4 | 42433 ||| INVOKING Heroism.
 42445 | Depths:4 | Found a shimmering blue altar of Sif Muna.
 42547 | Depths:4 | 42547 ||| Stepping ~*~*~tactically~*~*~ (stealth).
 42559 | Depths:4 | 42559 ||| RIP BAZAAR
 42568 | Depths:4 | 42568 ||| PLANNING DEPTHS
 42579 | Depths:4 | 42579 ||| Stepping ~*~*~tactically~*~*~ (stealth).
 42580 | Depths:4 | 42580 ||| Stepping ~*~*~tactically~*~*~ (stealth).
 42693 | Depths:4 | 42693 ||| PLANNING VAULTS:5
 42938 | Vaults:5 | Entered Level 5 of the Vaults
 42943 | Vaults:5 | 42943 ||| INVOKING Heroism.
 42964 | Vaults:5 | Reached XP level 23. HP: 147/156 MP: 30/30
 42975 | Vaults:5 | 42975 ||| INVOKING Finesse.
 42989 | Vaults:5 | Received a gift from Okawaru
 43004 | Vaults:5 | Received a gift from Okawaru
 43020 | Vaults:5 | 43020 ||| Stepping ~*~*~tactically~*~*~ (hiding).
 43022 | Vaults:5 | 43022 ||| INVOKING Heroism.
 43041 | Vaults:5 | Reached skill level 21 in Shields
 43050 | Vaults:5 | Received a gift from Okawaru
 43070 | Vaults:5 | 43070 ||| INVOKING Finesse.
 43072 | Vaults:5 | 43072 ||| Stepping ~*~*~tactically~*~*~ (hiding).
 43113 | Vaults:5 | 43113 ||| INVOKING Heroism.
 43369 | Vaults:5 | 43369 ||| INVOKING Heroism.
 43370 | Vaults:5 | 43370 ||| INVOKING Finesse.
 43440 | Vaults:5 | 43440 ||| INVOKING Heroism.
 43446 | Vaults:5 | Reached skill level 21 in Fighting
 43467 | Vaults:5 | Found Otenwy's Magic Scroll Boutique.
 43467 | Vaults:5 | Found Hapapso's Antique Armour Boutique.
 43468 | Vaults:5 | 43468 ||| Stepping ~*~*~tactically~*~*~ (hiding).
 43469 | Vaults:5 | 43469 ||| INVOKING Finesse.
 43476 | Vaults:5 | 43476 ||| Stepping ~*~*~tactically~*~*~ (hiding).
 43494 | Vaults:5 | 43494 ||| INVOKING Heroism.
 43499 | Vaults:5 | Received a gift from Okawaru
 43530 | Vaults:5 | 43530 ||| BUYING scroll of blinking (142 gold).
 43530 | Vaults:5 | Bought a scroll of blinking for 142 gold pieces
 43530 | Vaults:5 | 43530 ||| BUYING scroll of enchant armour (142 gold).
 43530 | Vaults:5 | Bought a scroll of enchant armour for 142 gold pieces
 43530 | Vaults:5 | 43530 ||| BUYING scroll of enchant armour (142 gold).
 43530 | Vaults:5 | Bought a scroll of enchant armour for 142 gold pieces
 43530 | Vaults:5 | 43530 ||| BUYING scroll of enchant weapon (142 gold).
 43530 | Vaults:5 | Bought a scroll of enchant weapon for 142 gold pieces
 43530 | Vaults:5 | 43530 ||| BUYING scroll of enchant weapon (142 gold).
 43530 | Vaults:5 | Bought a scroll of enchant weapon for 142 gold pieces
 43530 | Vaults:5 | 43530 ||| BUYING scroll of teleportation (57 gold).
 43530 | Vaults:5 | Bought a scroll of teleportation for 57 gold pieces
 43530 | Vaults:5 | 43530 ||| BUYING scroll of teleportation (57 gold).
 43530 | Vaults:5 | Bought a scroll of teleportation for 57 gold pieces
 43530 | Vaults:5 | 43530 ||| READING 2 scrolls of enchant weapon.
 43530 | Vaults:5 | 43530 ||| ENCHANTING +2 vampiric broad axe.
 43531 | Vaults:5 | 43531 ||| READING scroll of enchant weapon.
 43531 | Vaults:5 | 43531 ||| ENCHANTING +3 vampiric broad axe.
 43536 | Vaults:5 | 43536 ||| BUYING pair of glowing boots (277 gold).
 43536 | Vaults:5 | Bought a pair of glowing boots for 277 gold pieces
 43536 | Vaults:5 | 43536 ||| SHOPLISTING runed crystal plate armour (3071
                  | gold, have 235).
 43536 | Vaults:5 | 43536 ||| SHOPLISTING runed scarf (296 gold, have 235).
 43546 | Vaults:5 | 43546 ||| INVOKING Finesse.
 43558 | Vaults:5 | 43558 ||| INVOKING Heroism.
 43596 | Vaults:5 | Got a silver rune of Zot
 43612 | Vaults:5 | 43612 ||| INVOKING Heroism.
 43622 | Vaults:5 | Reached skill level 12 in Throwing
 43773 | Vaults:5 | Found Tuetueblaz's Book Shoppe.
 43781 | Vaults:5 | Found Wuunnolu's Jewellery Shop.
 43785 | Vaults:5 | 43785 ||| SHOPLISTING amulet "Cumpiok" {rC+ Regen+ Str+4}
                  | (1100 gold, have 235).
 43785 | Vaults:5 | 43785 ||| SHOPLISTING ring "Wyamostaott" {rC+ Dex+4} (848
                  | gold, have 235).
 43785 | Vaults:5 | 43785 ||| SHOPLISTING ring of resist corrosion (420 gold,
                  | have 235).
 43881 | Vaults:5 | 43881 ||| INVOKING Heroism.
 43882 | Vaults:5 | 43882 ||| INVOKING Finesse.
 43896 | Vaults:5 | 43896 ||| Stepping ~*~*~tactically~*~*~ (hiding).
 44050 | Vaults:5 | 44050 ||| READING scroll of enchant weapon.
 44050 | Vaults:5 | 44050 ||| ENCHANTING +4 vampiric broad axe.
 44180 | Vaults:5 | Identified the +1 chain mail of Xom's Pride {rCorr}
 44328 | Vaults:5 | 44328 ||| PLANNING SHOPPING SPREE
 44328 | Vaults:5 | 44328 ||| DROPPING +0 acid dragon scales.
 44329 | Vaults:5 | 44329 ||| DROPPING +1 pair of boots.
 44641 | Orc:2    | 44641 ||| BUYING potion of heal wounds (80 gold).
 44641 | Orc:2    | Bought a potion of heal wounds for 80 gold pieces
 44641 | Orc:2    | 44641 ||| BUYING potion of mutation (128 gold).
 44641 | Orc:2    | Bought a potion of mutation for 128 gold pieces
 44649 | Orc:2    | 44649 ||| BUYING potion of haste (310 gold).
 44649 | Orc:2    | Bought a potion of haste for 310 gold pieces
 44649 | Orc:2    | 44649 ||| BUYING scroll of enchant weapon (232 gold).
 44649 | Orc:2    | Bought a scroll of enchant weapon for 232 gold pieces
 44649 | Orc:2    | 44649 ||| BUYING scroll of teleportation (93 gold).
 44649 | Orc:2    | Bought a scroll of teleportation for 93 gold pieces
 44649 | Orc:2    | 44649 ||| READING scroll of enchant weapon.
 44649 | Orc:2    | 44649 ||| ENCHANTING +5 vampiric broad axe.
 44682 | Orc:2    | 44682 ||| BUYING scroll of enchant armour (105 gold).
 44682 | Orc:2    | Bought a scroll of enchant armour for 105 gold pieces
 44682 | Orc:2    | 44682 ||| BUYING scroll of enchant armour (105 gold).
 44682 | Orc:2    | Bought a scroll of enchant armour for 105 gold pieces
 44682 | Orc:2    | 44682 ||| CLEARING SHOPPING LIST
 44682 | Orc:2    | 44682 ||| PLANNING ZOT
 44682 | Orc:2    | 44682 ||| READING 14 scrolls of teleportation.
 44914 | Zot:1    | Entered Level 1 of the Realm of Zot
 44918 | Zot:1    | 44918 ||| Stepping ~*~*~tactically~*~*~ (hiding).
 44922 | Zot:1    | 44922 ||| Stepping ~*~*~tactically~*~*~ (hiding).
 44929 | Zot:1    | 44929 ||| INVOKING Heroism.
 44947 | Zot:1    | 44947 ||| Stepping ~*~*~tactically~*~*~ (hiding).
 44978 | Zot:1    | 44978 ||| INVOKING Heroism.
 45162 | Zot:1    | 45162 ||| INVOKING Heroism.
 45170 | Zot:1    | Received a gift from Okawaru
 45175 | Zot:1    | Reached XP level 24. HP: 166/166 MP: 30/30
 45271 | Zot:1    | 45271 ||| INVOKING Heroism.
 45337 | Zot:1    | 45337 ||| INVOKING Heroism.
 45392 | Zot:1    | 45392 ||| READING scroll of enchant weapon.
 45392 | Zot:1    | 45392 ||| ENCHANTING +6 vampiric broad axe.
 45454 | Zot:1    | Received a gift from Okawaru
 45736 | Zot:1    | 45736 ||| Stepping ~*~*~tactically~*~*~ (hiding).
 45976 | Zot:1    | 45976 ||| DROPPING scarf of repulsion.
 45991 | Zot:2    | 45991 ||| Stepping ~*~*~tactically~*~*~ (hiding).
 45998 | Zot:2    | 45998 ||| INVOKING Heroism.
 46011 | Zot:2    | Received a gift from Okawaru
 46012 | Zot:2    | 46012 ||| Stepping ~*~*~tactically~*~*~ (hiding).
 46029 | Zot:2    | 46029 ||| INVOKING Heroism.
 46179 | Zot:2    | Noticed Parghit
 46180 | Zot:2    | 46180 ||| INVOKING Heroism.
 46181 | Zot:2    | 46181 ||| INVOKING Finesse.
 46184 | Zot:2    | Killed Parghit
 46184 | Zot:2    | Received a gift from Okawaru
 46223 | Zot:2    | Identified the +3 dagger of Ziont {drain, rF+ MP+9 Dex-2}
 46361 | Zot:2    | Noticed an orb of fire
 46362 | Zot:2    | 46362 ||| DRINKING 4 potions of resistance.
 46363 | Zot:2    | 46363 ||| INVOKING Heroism.
 46364 | Zot:2    | 46364 ||| INVOKING Finesse.
 46369 | Zot:2    | 46369 ||| DRINKING 3 potions of resistance.
 46369 | Zot:2    | Noticed an orb of fire
 46375 | Zot:2    | Gained mutation: You are clumsy. (Dex -2) [an orb of fire]
 46376 | Zot:2    | Gained mutation: Your magical capacity is low. (-10% MP)
                  | [an orb of fire]
 46377 | Zot:2    | 46377 ||| DRINKING 2 potions of resistance.
 46377 | Zot:2    | Gained mutation: You occasionally lose the ability to drink
                  | potions when taking damage. [an orb of fire]
 46380 | Zot:2    | Killed an orb of fire
 46381 | Zot:2    | Gained mutation: You are occasionally teleported next to
                  | monsters. [an orb of fire]
 46394 | Zot:2    | Killed an orb of fire
 46413 | Zot:2    | 46413 ||| DRINKING 10 potions of mutation.
 46413 | Zot:2    | Lost mutation: Your spells are a little easier to cast, but
                  | a little less powerful. [potion of mutation]
 46413 | Zot:2    | Lost mutation: You occasionally lose the ability to drink
                  | potions when taking damage. [potion of mutation]
 46413 | Zot:2    | Gained mutation: You possess an exceptional clarity of
                  | mind. [potion of mutation]
 46413 | Zot:2    | Gained mutation: You are partially covered in iridescent
                  | scales. (AC +2) [potion of mutation]
 46414 | Zot:2    | 46414 ||| DRINKING 9 potions of mutation.
 46414 | Zot:2    | Lost mutation: You expend magic power (3 MP) to strengthen
                  | your wands. [potion of mutation]
 46414 | Zot:2    | Lost mutation: You have a pair of small horns on your head.
                  | [potion of mutation]
 46415 | Zot:2    | 46415 ||| DRINKING 8 potions of mutation.
 46415 | Zot:2    | Lost mutation: Your magical capacity is low. (-10% MP)
                  | [potion of mutation]
 46415 | Zot:2    | Lost mutation: Your natural rate of healing is unusually
                  | fast. [potion of mutation]
 46416 | Zot:2    | 46416 ||| DRINKING 7 potions of mutation.
 46416 | Zot:2    | Lost mutation: You are partially covered in iridescent
                  | scales. (AC +2) [potion of mutation]
 46416 | Zot:2    | Lost mutation: You are clumsy. (Dex -2) [potion of
                  | mutation]
 46416 | Zot:2    | Lost mutation: You possess an exceptional clarity of mind.
                  | [potion of mutation]
 46416 | Zot:2    | Gained mutation: Your mind is acute. (Int +4, Str/Dex -1)
                  | [potion of mutation]
 46416 | Zot:2    | Gained mutation: You are frail. (-10% HP) [potion of
                  | mutation]
 46416 | Zot:2    | Gained mutation: You passively dampen the noise of your
                  | surroundings. [potion of mutation]
 46417 | Zot:2    | 46417 ||| DRINKING 6 potions of mutation.
 46417 | Zot:2    | Lost mutation: Your mind is acute. (Int +4, Str/Dex -1)
                  | [potion of mutation]
 46417 | Zot:2    | Lost mutation: You are occasionally teleported next to
                  | monsters. [potion of mutation]
 46417 | Zot:2    | Lost mutation: You are frail. (-10% HP) [potion of
                  | mutation]
 46417 | Zot:2    | Gained mutation: You have a somewhat thin skeletal
                  | structure. (Dex +2, Stealth+) [potion of mutation]
 46531 | Zot:2    | 46531 ||| Stepping ~*~*~tactically~*~*~ (hiding).
 46670 | Zot:2    | 46670 ||| DROPPING +6 plate armour of Creativity {rC+
                  | Dex+5}.
 46671 | Zot:2    | 46671 ||| DROPPING +0 gold dragon scales.
 46692 | Zot:3    | 46692 ||| STAIRDANCE
 46709 | Zot:3    | 46709 ||| STAIRDANCE
 46795 | Zot:3    | 46795 ||| INVOKING Heroism.
 47080 | Zot:3    | 47080 ||| Stepping ~*~*~tactically~*~*~ (hiding).
 47081 | Zot:3    | 47081 ||| Stepping ~*~*~tactically~*~*~ (hiding).
 47082 | Zot:3    | 47082 ||| INVOKING Heroism.
 47130 | Zot:3    | 47130 ||| INVOKING Heroism.
 47152 | Zot:3    | Received a gift from Okawaru
 47153 | Zot:3    | Reached skill level 21 in Armour
 47221 | Zot:3    | 47221 ||| FLEEEEING.
 47222 | Zot:3    | 47222 ||| FLEEEEING.
 47223 | Zot:3    | 47223 ||| FLEEEEING.
 47228 | Zot:3    | 47228 ||| FLEEEEING.
 47278 | Zot:3    | 47278 ||| INVOKING Heroism.
 47415 | Zot:3    | 47415 ||| INVOKING Heroism.
 47476 | Zot:3    | Noticed an orb of fire
 47477 | Zot:3    | 47477 ||| DRINKING potion of resistance.
 47478 | Zot:3    | 47478 ||| INVOKING Heroism.
 47479 | Zot:3    | 47479 ||| INVOKING Finesse.
 47480 | Zot:3    | Gained mutation: You are weak. (Str -2) [an orb of fire]
 47486 | Zot:3    | Noticed an orb of fire
 47493 | Zot:3    | Gained mutation: Armour fits poorly on your strangely
                  | shaped body. [an orb of fire]
 47500 | Zot:3    | Gained mutation: You possess an exceptional clarity of
                  | mind. [an orb of fire]
 47503 | Zot:3    | Killed an orb of fire
 47537 | Zot:3    | Killed an orb of fire
 47538 | Zot:3    | Reached XP level 25. HP: 154/175 MP: 28/30
 47555 | Zot:3    | Identified the +0 plate armour of Hopscotch {Int+2}
                  | (Okawaru gifted it to you on level 3 of the Realm of Zot)
 47555 | Zot:3    | Received a gift from Okawaru
 47562 | Zot:3    | 47562 ||| INVOKING Heroism.
 47578 | Zot:3    | 47578 ||| DRINKING 5 potions of mutation.
 47578 | Zot:3    | Lost mutation: You possess an exceptional clarity of mind.
                  | [potion of mutation]
 47578 | Zot:3    | Lost mutation: You passively dampen the noise of your
                  | surroundings. [potion of mutation]
 47578 | Zot:3    | Gained mutation: You occasionally shout uncontrollably at
                  | your foes. [potion of mutation]
 47578 | Zot:3    | Gained mutation: You have hidden genetic potential. [potion
                  | of mutation]
 47579 | Zot:3    | 47579 ||| DRINKING 4 potions of mutation.
 47579 | Zot:3    | Lost mutation: Armour fits poorly on your strangely shaped
                  | body. [potion of mutation]
 47579 | Zot:3    | Lost mutation: You have hidden genetic potential. [potion
                  | of mutation]
 47579 | Zot:3    | Lost mutation: You are weak. (Str -2) [potion of mutation]
 47579 | Zot:3    | Gained mutation: Your body sometimes deteriorates upon
                  | taking damage. [potion of mutation]
 47579 | Zot:3    | Gained mutation: You are somewhat resistant to further
                  | mutation. [potion of mutation]
 47923 | Zot:3    | 47923 ||| INVOKING Heroism.
 48222 | Zot:4    | 48222 ||| INVOKING Heroism.
 48265 | Zot:4    | 48265 ||| Stepping ~*~*~tactically~*~*~ (hiding).
 48267 | Zot:4    | 48267 ||| Stepping ~*~*~tactically~*~*~ (stealth).
 48272 | Zot:4    | 48272 ||| INVOKING Heroism.
 48332 | Zot:4    | Noticed a Killer Klown
 48333 | Zot:4    | 48333 ||| INVOKING Heroism.
 48334 | Zot:4    | 48334 ||| INVOKING Finesse.
 48355 | Zot:4    | Killed a Killer Klown
 48496 | Zot:4    | 48496 ||| INVOKING Heroism.
 48506 | Zot:4    | 48506 ||| Stepping ~*~*~tactically~*~*~ (hiding).
 48507 | Zot:4    | 48507 ||| Stepping ~*~*~tactically~*~*~ (hiding).
 48549 | Zot:4    | 48549 ||| INVOKING Heroism.
 48760 | Zot:4    | 48760 ||| Stepping ~*~*~tactically~*~*~ (hiding).
 48767 | Zot:4    | 48767 ||| INVOKING Heroism.
 48784 | Zot:4    | 48784 ||| Stepping ~*~*~tactically~*~*~ (hiding).
 48785 | Zot:4    | 48785 ||| Stepping ~*~*~tactically~*~*~ (hiding).
 48786 | Zot:4    | 48786 ||| Stepping ~*~*~tactically~*~*~ (hiding).
 48922 | Zot:4    | 48922 ||| INVOKING Heroism.
 49100 | Zot:4    | 49100 ||| Stepping ~*~*~tactically~*~*~ (stealth).
 49184 | Zot:4    | 49184 ||| INVOKING Heroism.
 49384 | Zot:4    | 49384 ||| Stepping ~*~*~tactically~*~*~ (stealth).
 49701 | Zot:5    | Entered Level 5 of the Realm of Zot
 49712 | Zot:5    | 49712 ||| INVOKING Heroism.
 49749 | Zot:5    | 49749 ||| INVOKING Heroism.
 49785 | Zot:5    | 49785 ||| Stepping ~*~*~tactically~*~*~ (hiding).
 49800 | Zot:5    | 49800 ||| INVOKING Heroism.
 49890 | Zot:5    | 49890 ||| INVOKING Heroism.
 49891 | Zot:5    | Received a gift from Okawaru
 49892 | Zot:5    | Reached skill level 24 in Fighting
 49941 | Zot:5    | 49941 ||| Stepping ~*~*~tactically~*~*~ (stealth).
 49957 | Zot:5    | Received a gift from Okawaru
 49957 | Zot:5    | Noticed an ancient lich
 49958 | Zot:5    | 49958 ||| INVOKING Heroism.
 49959 | Zot:5    | 49959 ||| INVOKING Finesse.
 49965 | Zot:5    | Killed an ancient lich
 49989 | Zot:5    | Noticed a Killer Klown
 49990 | Zot:5    | 49990 ||| INVOKING Heroism.
 49993 | Zot:5    | Noticed a dread lich
 49994 | Zot:5    | Noticed a Killer Klown
 50005 | Zot:5    | Killed a dread lich
 50005 | Zot:5    | Received a gift from Okawaru
 50007 | Zot:5    | Killed a Killer Klown
 50009 | Zot:5    | Noticed an orb of fire
 50010 | Zot:5    | 50010 ||| Stepping ~*~*~tactically~*~*~ (hiding).
 50014 | Zot:5    | Noticed an ancient lich
 50017 | Zot:5    | Noticed an ancient lich
 50018 | Zot:5    | Noticed a Killer Klown
 50027 | Zot:5    | Killed an orb of fire
 50031 | Zot:5    | Killed an ancient lich
 50035 | Zot:5    | Noticed a Killer Klown
 50037 | Zot:5    | Noticed a Killer Klown
 50039 | Zot:5    | Killed an ancient lich
 50039 | Zot:5    | Received a gift from Okawaru
 50043 | Zot:5    | 50043 ||| INVOKING Finesse.
 50048 | Zot:5    | Killed a Killer Klown
 50051 | Zot:5    | Killed a Killer Klown
 50052 | Zot:5    | Reached XP level 26. HP: 184/184 MP: 25/30
 50061 | Zot:5    | Killed a Killer Klown
 50084 | Zot:5    | 50084 ||| INVOKING Heroism.
 50084 | Zot:5    | a Killer Klown changed into a rockslime
 50085 | Zot:5    | Received a gift from Okawaru
 50169 | Zot:5    | 50169 ||| INVOKING Heroism.
 50182 | Zot:5    | Received a gift from Okawaru
 50187 | Zot:5    | Noticed an orb of fire
 50188 | Zot:5    | 50188 ||| INVOKING Finesse.
 50193 | Zot:5    | Received a gift from Okawaru
 50196 | Zot:5    | Noticed an orb of fire
 50198 | Zot:5    | Noticed an ancient lich
 50200 | Zot:5    | Noticed a Killer Klown
 50200 | Zot:5    | Gained mutation: Your magical capacity is low. (-10% MP)
                  | [an orb of fire]
 50206 | Zot:5    | Noticed a Killer Klown
 50207 | Zot:5    | HP: 41/186 [orb of fire/fireball (25)]
 50208 | Zot:5    | 50208 ||| READING 16 scrolls of teleportation.
 50209 | Zot:5    | 50209 ||| DRINKING 10 potions of heal wounds.
 50209 | Zot:5    | Gained mutation: You are frail. (-10% HP) [an orb of fire]
 50213 | Zot:5    | Killed an orb of fire
 50217 | Zot:5    | HP: 37/167 [ancient lich/bolt of acid (6)]
 50218 | Zot:5    | 50218 ||| DRINKING 9 potions of heal wounds.
 50218 | Zot:5    | Noticed a dread lich
 50221 | Zot:5    | Killed an ancient lich
 50221 | Zot:5    | Identified the +4 scale mail "Oluah" {Dex+2} (Okawaru
                  | gifted it to you on level 5 of the Realm of Zot)
 50221 | Zot:5    | Received a gift from Okawaru
 50221 | Zot:5    | Noticed a Killer Klown
 50226 | Zot:5    | Killed an orb of fire
 50229 | Zot:5    | Killed a Killer Klown
 50233 | Zot:5    | Killed a Killer Klown
 50235 | Zot:5    | 50235 ||| DRINKING 3 potions of mutation.
 50235 | Zot:5    | Lost mutation: Your body sometimes deteriorates upon taking
                  | damage. [potion of mutation]
 50235 | Zot:5    | Lost mutation: Your magical capacity is low. (-10% MP)
                  | [potion of mutation]
 50236 | Zot:5    | 50236 ||| DRINKING 2 potions of mutation.
 50236 | Zot:5    | Lost mutation: You have a somewhat thin skeletal structure.
                  | (Dex +2, Stealth+) [potion of mutation]
 50236 | Zot:5    | Lost mutation: You are frail. (-10% HP) [potion of
                  | mutation]
 50236 | Zot:5    | Gained mutation: You are partially covered in large bone
                  | plates. (SH +4) [potion of mutation]
 50318 | Zot:5    | 50318 ||| INVOKING Heroism.
 50319 | Zot:5    | 50319 ||| INVOKING Finesse.
 50370 | Zot:5    | 50370 ||| INVOKING Heroism.
 50371 | Zot:5    | 50371 ||| INVOKING Finesse.
 50371 | Zot:5    | a Killer Klown changed into an eleionoma
 50502 | Zot:5    | Noticed a dread lich
 50503 | Zot:5    | 50503 ||| INVOKING Heroism.
 50504 | Zot:5    | 50504 ||| INVOKING Finesse.
 50510 | Zot:5    | Killed a dread lich
 50599 | Zot:5    | 50599 ||| Stepping ~*~*~tactically~*~*~ (hiding).
 50605 | Zot:5    | 50605 ||| INVOKING Heroism.
 50797 | Zot:5    | 50797 ||| INVOKING Heroism.
 50797 | Zot:5    | Paralysed by a dread lich for 2 turns
 50807 | Zot:5    | Killed a dread lich
 50837 | Zot:5    | 50837 ||| PLANNING CONVERSION TO THE SHINING ONE
 50837 | Zot:5    | 50837 ||| DROPPING +4 ring of protection.
 51262 | Temple   | Fell from the grace of Okawaru
 51262 | Temple   | Became a worshipper of the Shining One
 51263 | Temple   | 51263 ||| PLANNING CRYPT
 51263 | Temple   | 51263 ||| SWAPPING to +9 broad axe "Feroc" {vorpal,
                  | *Corrode rPois Str+5 Stlth+}.
 51534 | Crypt:1  | Entered Level 1 of the Crypt
 51599 | Crypt:1  | 51599 ||| Stepping ~*~*~tactically~*~*~ (hiding).
 51600 | Crypt:1  | 51600 ||| Stepping ~*~*~tactically~*~*~ (hiding).
 51642 | Crypt:1  | 51642 ||| Stepping ~*~*~tactically~*~*~ (stealth).
 51644 | Crypt:1  | 51644 ||| Stepping ~*~*~tactically~*~*~ (stealth).
 51712 | Crypt:1  | Reached * piety under the Shining One
 51894 | Crypt:1  | Reached ** piety under the Shining One
 52012 | Crypt:1  | 52012 ||| Stepping ~*~*~tactically~*~*~ (hiding).
 52273 | Crypt:1  | Reached *** piety under the Shining One
 52595 | Crypt:1  | 52595 ||| UPGRADING to +0 crystal plate armour of Gestures
                  | {Slay+5 Stlth-}.
 52605 | Crypt:1  | 52605 ||| UPGRADING to +6 gold dragon scales.
 52615 | Crypt:1  | 52615 ||| READING 8 scrolls of enchant armour.
 52615 | Crypt:1  | 52615 ||| ENCHANTING +6 gold dragon scales.
 52616 | Crypt:1  | 52616 ||| DROPPING +8 plate armour "Gekum" {rF+ rN+ Int-5
                  | SInv}.
 52617 | Crypt:1  | 52617 ||| READING 7 scrolls of enchant armour.
 52617 | Crypt:1  | 52617 ||| ENCHANTING +7 gold dragon scales.
 52618 | Crypt:1  | 52618 ||| READING 6 scrolls of enchant armour.
 52618 | Crypt:1  | 52618 ||| ENCHANTING +8 gold dragon scales.
 52619 | Crypt:1  | 52619 ||| DROPPING +0 crystal plate armour of Gestures
                  | {Slay+5 Stlth-}.
 52620 | Crypt:1  | 52620 ||| READING 5 scrolls of enchant armour.
 52620 | Crypt:1  | 52620 ||| ENCHANTING +9 gold dragon scales.
 52621 | Crypt:1  | 52621 ||| READING 4 scrolls of enchant armour.
 52621 | Crypt:1  | 52621 ||| ENCHANTING +10 gold dragon scales.
 52622 | Crypt:1  | 52622 ||| READING 3 scrolls of enchant armour.
 52622 | Crypt:1  | 52622 ||| ENCHANTING +11 gold dragon scales.
 52643 | Crypt:2  | Reached skill level 12 in Invocations
 52643 | Crypt:2  | Reached **** piety under the Shining One
 52690 | Crypt:2  | 52690 ||| Stepping ~*~*~tactically~*~*~ (hiding).
 52721 | Crypt:2  | Reached ***** piety under the Shining One
 52887 | Crypt:2  | 52887 ||| Stepping ~*~*~tactically~*~*~ (stealth).
 52888 | Crypt:2  | 52888 ||| Stepping ~*~*~tactically~*~*~ (stealth).
 52891 | Crypt:2  | 52891 ||| Stepping ~*~*~tactically~*~*~ (stealth).
 52894 | Crypt:2  | 52894 ||| Stepping ~*~*~tactically~*~*~ (hiding).
 52897 | Crypt:2  | 52897 ||| Stepping ~*~*~tactically~*~*~ (hiding).
 53080 | Crypt:2  | Reached ****** piety under the Shining One
 53103 | Crypt:2  | 53103 ||| INVOKING Brand Weapon With Holy Wrath.
 53103 | Crypt:2  | Identified a +9 broad axe of holy wrath (a +7 vampiric
                  | broad axe blessed by the Shining One)
 53103 | Crypt:2  | Received a gift from the Shining One
 53159 | Crypt:2  | 53159 ||| Stepping ~*~*~tactically~*~*~ (stealth).
 53161 | Crypt:2  | 53161 ||| Stepping ~*~*~tactically~*~*~ (hiding).
 53164 | Crypt:2  | 53164 ||| Stepping ~*~*~tactically~*~*~ (hiding).
 53454 | Crypt:2  | 53454 ||| Stepping ~*~*~tactically~*~*~ (stealth).
 53549 | Crypt:2  | 53549 ||| UPGRADING to +0 helmet.
 53554 | Crypt:2  | 53554 ||| UPGRADING to +2 cloak of stealth.
 53564 | Crypt:2  | 53564 ||| DROPPING +1 cloak of Baleful Birdsong {Fly rN+
                  | Dex+2}.
 53565 | Crypt:2  | 53565 ||| READING 2 scrolls of enchant armour.
 53565 | Crypt:2  | 53565 ||| ENCHANTING +0 helmet.
 53566 | Crypt:2  | 53566 ||| READING scroll of enchant armour.
 53566 | Crypt:2  | 53566 ||| ENCHANTING +1 helmet.
 53610 | Crypt:3  | Entered Level 3 of the Crypt
 53833 | Crypt:3  | Reached XP level 27. HP: 193/193 MP: 34/34
 53841 | Crypt:3  | Reached skill level 15 in Invocations
 53955 | Crypt:3  | 53955 ||| READING 20 scrolls of teleportation.
 53956 | Crypt:3  | 53956 ||| FLEEEEING.
 53957 | Crypt:3  | 53957 ||| FLEEEEING.
 53958 | Crypt:3  | 53958 ||| FLEEEEING.
 53959 | Crypt:3  | 53959 ||| FLEEEEING.
 54161 | Crypt:3  | 54161 ||| Stepping ~*~*~tactically~*~*~ (stealth).
 54163 | Crypt:3  | 54163 ||| Stepping ~*~*~tactically~*~*~ (hiding).
 54199 | Crypt:3  | Found the +10 Black Knight's barding {ponderous, rPois rN+}
 54262 | Crypt:3  | 54262 ||| Stepping ~*~*~tactically~*~*~ (hiding).
 54325 | Crypt:3  | 54325 ||| READING 19 scrolls of teleportation.
 54334 | Crypt:3  | 54334 ||| DRINKING 19 potions of curing.
 54334 | Crypt:3  | 54334 ||| (to cure confusion)
 54376 | Crypt:3  | 54376 ||| READING 18 scrolls of teleportation.
 54380 | Crypt:3  | 54380 ||| READING 17 scrolls of teleportation.
 54561 | Crypt:3  | 54561 ||| INVOKING Cleansing Flame.
 54707 | Crypt:3  | 54707 ||| Stepping ~*~*~tactically~*~*~ (stealth).
 54746 | Crypt:3  | 54746 ||| Stepping ~*~*~tactically~*~*~ (stealth).
 54817 | Crypt:3  | Found a staircase to the Tomb.
 54818 | Crypt:3  | Found the +13 scythe of Curses {drain, Drain}
 54840 | Crypt:3  | 54840 ||| INVOKING Cleansing Flame.
 54841 | Crypt:3  | 54841 ||| INVOKING Cleansing Flame.
 54842 | Crypt:3  | 54842 ||| INVOKING Summon Divine Warrior.
 55080 | Crypt:3  | 55080 ||| Stepping ~*~*~tactically~*~*~ (stealth).
 55109 | Crypt:3  | Found an ancient bone altar of Kikubaaqudgha.
 55112 | Crypt:3  | 55112 ||| INVOKING Summon Divine Warrior.
 55134 | Crypt:3  | 55134 ||| INVOKING Cleansing Flame.
 55163 | Crypt:3  | Noticed a dread lich
 55165 | Crypt:3  | 55165 ||| INVOKING Cleansing Flame.
 55166 | Crypt:3  | 55166 ||| INVOKING Cleansing Flame.
 55166 | Crypt:3  | Killed a dread lich
 55212 | Crypt:3  | Identified the ring "Xemysh" {rN+ Int+4 Stlth+}
 55212 | Crypt:3  | Identified the ring of Discretion {rN+ rCorr}
 55212 | Crypt:3  | Identified the ring "Ijoriuth" {rElec rC+ rN+}
 55362 | Crypt:3  | 55362 ||| PLANNING TOMB
 55362 | Crypt:3  | 55362 ||| SWAPPING to +9 broad axe of holy wrath.
 55363 | Crypt:3  | 55363 ||| DROPPING ring of willpower.
 55364 | Crypt:3  | 55364 ||| DROPPING ring "Xemysh" {rN+ Int+4 Stlth+}.
 55487 | Tomb:1   | Entered Level 1 of the Tomb of the Ancients
 55639 | Tomb:1   | 55639 ||| DRINKING 18 potions of curing.
 55639 | Tomb:1   | 55639 ||| (to cure confusion)
 55840 | Tomb:1   | 55840 ||| Stepping ~*~*~tactically~*~*~ (hiding).
 55843 | Tomb:1   | 55843 ||| INVOKING Cleansing Flame.
 55850 | Tomb:1   | 55850 ||| Stepping ~*~*~tactically~*~*~ (stealth).
 55871 | Tomb:1   | 55871 ||| INVOKING Cleansing Flame.
 55872 | Tomb:1   | 55872 ||| INVOKING Cleansing Flame.
 55872 | Tomb:1   | Noticed a royal mummy
 55873 | Tomb:1   | 55873 ||| INVOKING Summon Divine Warrior.
 55876 | Tomb:1   | 55876 ||| INVOKING Cleansing Flame.
 55882 | Tomb:1   | Killed a royal mummy
 56389 | Tomb:1   | 56389 ||| INVOKING Cleansing Flame.
 56695 | Tomb:1   | Identified the +1 leather armour of Lucidity {Contam rPois
                  | Str+4 Int+4 Dex+4}
 56891 | Tomb:2   | 56891 ||| DRINKING 19 potions of haste.
 56892 | Tomb:2   | 56892 ||| DRINKING 18 potions of attraction.
 56893 | Tomb:2   | Noticed a royal mummy
 56894 | Tomb:2   | 56894 ||| INVOKING Cleansing Flame.
 56895 | Tomb:2   | 56895 ||| INVOKING Summon Divine Warrior.
 56895 | Tomb:2   | Noticed a royal mummy
 56895 | Tomb:2   | Noticed a royal mummy
 56895 | Tomb:2   | Noticed a royal mummy
 56896 | Tomb:2   | Noticed a royal mummy
 56898 | Tomb:2   | Noticed a royal mummy
 56898 | Tomb:2   | Noticed Khufu
 56901 | Tomb:2   | 56901 ||| INVOKING Cleansing Flame.
 56902 | Tomb:2   | 56902 ||| INVOKING Cleansing Flame.
 56903 | Tomb:2   | Killed a royal mummy
 56903 | Tomb:2   | Killed a royal mummy
 56904 | Tomb:2   | Reached skill level 18 in Invocations
 56905 | Tomb:2   | Killed a royal mummy
 56906 | Tomb:2   | 56906 ||| INVOKING Cleansing Flame.
 56906 | Tomb:2   | Killed a royal mummy
 56906 | Tomb:2   | Killed a royal mummy
 56908 | Tomb:2   | Killed Khufu
 56908 | Tomb:2   | Killed a royal mummy
 56926 | Tomb:2   | 56926 ||| INVOKING Cleansing Flame.
 56981 | Tomb:2   | 56981 ||| INVOKING Cleansing Flame.
 56990 | Tomb:2   | 56990 ||| INVOKING Cleansing Flame.
 56991 | Tomb:2   | 56991 ||| INVOKING Cleansing Flame.
 56995 | Tomb:2   | 56995 ||| INVOKING Cleansing Flame.
 56996 | Tomb:2   | 56996 ||| INVOKING Cleansing Flame.
 57015 | Tomb:2   | 57015 ||| INVOKING Cleansing Flame.
 57281 | Tomb:2   | 57281 ||| INVOKING Summon Divine Warrior.
 57281 | Tomb:2   | Identified the +3 tower shield "Huvyto" {rC+}
 57282 | Tomb:2   | 57282 ||| INVOKING Cleansing Flame.
 57286 | Tomb:2   | 57286 ||| INVOKING Cleansing Flame.
 57287 | Tomb:2   | 57287 ||| INVOKING Cleansing Flame.
 57294 | Tomb:2   | 57294 ||| INVOKING Cleansing Flame.
 57295 | Tomb:2   | Noticed Boris
 57299 | Tomb:2   | 57299 ||| INVOKING Cleansing Flame.
 57301 | Tomb:2   | Killed Boris
 57461 | Tomb:3   | Entered Level 3 of the Tomb of the Ancients
 57462 | Tomb:3   | 57462 ||| DRINKING 19 potions of haste.
 57463 | Tomb:3   | 57463 ||| DRINKING 17 potions of attraction.
 57498 | Tomb:3   | 57498 ||| INVOKING Cleansing Flame.
 57506 | Tomb:3   | 57506 ||| INVOKING Cleansing Flame.
 57510 | Tomb:3   | Noticed a royal mummy
 57511 | Tomb:3   | 57511 ||| INVOKING Summon Divine Warrior.
 57512 | Tomb:3   | 57512 ||| INVOKING Cleansing Flame.
 57517 | Tomb:3   | Noticed a royal mummy
 57518 | Tomb:3   | Killed a royal mummy
 57525 | Tomb:3   | Noticed a royal mummy
 57529 | Tomb:3   | Noticed a royal mummy
 57531 | Tomb:3   | 57531 ||| INVOKING Cleansing Flame.
 57535 | Tomb:3   | 57535 ||| INVOKING Cleansing Flame.
 57536 | Tomb:3   | 57536 ||| INVOKING Cleansing Flame.
 57537 | Tomb:3   | 57537 ||| INVOKING Cleansing Flame.
 57537 | Tomb:3   | Killed a royal mummy
 57538 | Tomb:3   | Reached skill level 21 in Invocations
 57538 | Tomb:3   | HP: 45/193 [something (14)]
 57539 | Tomb:3   | 57539 ||| READING 18 scrolls of teleportation.
 57540 | Tomb:3   | 57540 ||| DRINKING 11 potions of heal wounds.
 57540 | Tomb:3   | Killed a royal mummy
 57541 | Tomb:3   | 57541 ||| INVOKING Cleansing Flame.
 57543 | Tomb:3   | 57543 ||| INVOKING Summon Divine Warrior.
 57547 | Tomb:3   | 57547 ||| INVOKING Cleansing Flame.
 57548 | Tomb:3   | 57548 ||| INVOKING Cleansing Flame.
 57548 | Tomb:3   | Killed a royal mummy
 57548 | Tomb:3   | HP: 42/193 [torment (8)]
 57549 | Tomb:3   | 57549 ||| READING 17 scrolls of teleportation.
 57550 | Tomb:3   | 57550 ||| DRINKING 10 potions of heal wounds.
 57560 | Tomb:3   | Noticed a royal mummy
 57561 | Tomb:3   | 57561 ||| INVOKING Summon Divine Warrior.
 57562 | Tomb:3   | Noticed a royal mummy
 57563 | Tomb:3   | Noticed a royal mummy
 57564 | Tomb:3   | 57564 ||| INVOKING Summon Divine Warrior.
 57565 | Tomb:3   | 57565 ||| DRINKING 2 potions of magic.
 57566 | Tomb:3   | 57566 ||| INVOKING Cleansing Flame.
 57568 | Tomb:3   | Killed a royal mummy
 57571 | Tomb:3   | Killed a royal mummy
 57573 | Tomb:3   | Noticed a royal mummy
 57573 | Tomb:3   | Killed a royal mummy
 57574 | Tomb:3   | 57574 ||| INVOKING Cleansing Flame.
 57577 | Tomb:3   | Killed a royal mummy
 57719 | Tomb:3   | Was forgiven by Okawaru
 57866 | Tomb:3   | Identified the +2 robe of the Elven Halls {Dex+5}
 57870 | Tomb:3   | Identified the +0 leather armour of Axafer {rElec Str+4
                  | Int-4 Slay+6}
 57889 | Tomb:3   | Identified the +10 scimitar "Igoidaar" {vorpal, Dex+2}
 57890 | Tomb:3   | Identified the +1 war axe "Ixut" {drain, rF+++ rC+ Will+
                  | Str-2}
 57893 | Tomb:3   | Identified the +5 shortbow "Worm" {flame, rN+}
 57897 | Tomb:3   | Identified the +6 trident "Death Rattle" {freeze, Fragile
                  | Will+++ MP-9 Dex+4}
 58189 | Tomb:3   | Got a golden rune of Zot
 58273 | Tomb:3   | 58273 ||| PLANNING PAN
 58819 | Pan      | Entered Pandemonium
 58820 | Pan      | Noticed Gourphim the pandemonium lord
 58821 | Pan      | 58821 ||| DRINKING potion of resistance.
 58822 | Pan      | 58822 ||| INVOKING Summon Divine Warrior.
 58830 | Pan      | Killed Gourphim the pandemonium lord
 58831 | Pan      | 58831 ||| INVOKING Cleansing Flame.
 58832 | Pan      | 58832 ||| INVOKING Cleansing Flame.
 58833 | Pan      | 58833 ||| INVOKING Cleansing Flame.
 58834 | Pan      | 58834 ||| INVOKING Cleansing Flame.
 58836 | Pan      | 58836 ||| INVOKING Cleansing Flame.
 58838 | Pan      | 58838 ||| INVOKING Cleansing Flame.
 59286 | Pan      | 59286 ||| INVOKING Cleansing Flame.
 59565 | Pan      | 59565 ||| INVOKING Cleansing Flame.
 59716 | Pan      | 59716 ||| INVOKING Cleansing Flame.
 59717 | Pan      | 59717 ||| INVOKING Cleansing Flame.
 59782 | Pan      | 59782 ||| INVOKING Summon Divine Warrior.
 59784 | Pan      | 59784 ||| INVOKING Cleansing Flame.
 59884 | Pan      | 59884 ||| INVOKING Cleansing Flame.
 59885 | Pan      | 59885 ||| INVOKING Cleansing Flame.
 59907 | Pan      | 59907 ||| Stepping ~*~*~tactically~*~*~ (stealth).
 59952 | Pan      | Noticed Noupn the pandemonium lord
 59953 | Pan      | 59953 ||| INVOKING Summon Divine Warrior.
 59956 | Pan      | 59956 ||| INVOKING Summon Divine Warrior.
 59962 | Pan      | Killed Noupn the pandemonium lord
 60659 | Pan      | 60659 ||| Stepping ~*~*~tactically~*~*~ (hiding).
 60666 | Pan      | Reached skill level 24 in Invocations
 60730 | Pan      | 60730 ||| Stepping ~*~*~tactically~*~*~ (stealth).
 60748 | Pan      | 60748 ||| Stepping ~*~*~tactically~*~*~ (hiding).
 60752 | Pan      | 60752 ||| Stepping ~*~*~tactically~*~*~ (hiding).
 60759 | Pan      | 60759 ||| Stepping ~*~*~tactically~*~*~ (stealth).
 60786 | Pan      | 60786 ||| Stepping ~*~*~tactically~*~*~ (hiding).
 60798 | Pan      | Noticed Ohashrat the pandemonium lord
 60798 | Pan      | 60798 ||| INVOKING Summon Divine Warrior.
 60816 | Pan      | Killed Ohashrat the pandemonium lord
 60821 | Pan      | 60821 ||| INVOKING Cleansing Flame.
 60828 | Pan      | 60828 ||| DRINKING 23 potions of curing.
 60828 | Pan      | 60828 ||| (to cure confusion)
 61589 | Pan      | 61589 ||| Stepping ~*~*~tactically~*~*~ (hiding).
 61590 | Pan      | 61590 ||| INVOKING Summon Divine Warrior.
 61591 | Pan      | 61591 ||| INVOKING Cleansing Flame.
 61591 | Pan      | Noticed Geison the pandemonium lord
 61594 | Pan      | 61594 ||| INVOKING Cleansing Flame.
 61597 | Pan      | 61597 ||| INVOKING Summon Divine Warrior.
 61605 | Pan      | Killed Geison the pandemonium lord
 61819 | Pan      | 61819 ||| INVOKING Cleansing Flame.
 62380 | Pan      | 62380 ||| Stepping ~*~*~tactically~*~*~ (hiding).
 62404 | Pan      | 62404 ||| Stepping ~*~*~tactically~*~*~ (hiding).
 62424 | Pan      | Found a runed translucent door.
 62603 | Pan      | Found a runed translucent door.
 62613 | Pan      | Found a runed translucent door.
 62613 | Pan      | Found a runed translucent door.
 62620 | Pan      | 62620 ||| INVOKING Summon Divine Warrior.
 62623 | Pan      | 62623 ||| INVOKING Cleansing Flame.
 62624 | Pan      | 62624 ||| INVOKING Cleansing Flame.
 62625 | Pan      | 62625 ||| INVOKING Cleansing Flame.
 62651 | Pan      | Noticed Utubbues the pandemonium lord
 62736 | Pan      | Found an exit through the horrors of the Abyss.
 63042 | Pan      | 63042 ||| READING scroll labelled UNADOCO NIONOS.
 63126 | Pan      | 63126 ||| INVOKING Summon Divine Warrior.
 63127 | Pan      | 63127 ||| INVOKING Cleansing Flame.
 63128 | Pan      | 63128 ||| INVOKING Cleansing Flame.
 63133 | Pan      | Killed Utubbues the pandemonium lord
 63135 | Pan      | Paralysed by accursed screaming for 1 turns
 63302 | Pan      | 63302 ||| Stepping ~*~*~tactically~*~*~ (stealth).
 63304 | Pan      | 63304 ||| Stepping ~*~*~tactically~*~*~ (stealth).
 63318 | Pan      | 63318 ||| Stepping ~*~*~tactically~*~*~ (hiding).
 63367 | Pan      | Identified the +10 war axe "Izez" {freeze, rPois Str+3}
 63375 | Pan      | Noticed Nopheocu the pandemonium lord
 63376 | Pan      | 63376 ||| INVOKING Summon Divine Warrior.
 63378 | Pan      | 63378 ||| INVOKING Cleansing Flame.
 63379 | Pan      | 63379 ||| INVOKING Cleansing Flame.
 63380 | Pan      | 63380 ||| INVOKING Summon Divine Warrior.
 63390 | Pan      | Killed Nopheocu the pandemonium lord
 63391 | Pan      | 63391 ||| INVOKING Cleansing Flame.
 63402 | Pan      | 63402 ||| DRINKING 24 potions of curing.
 63402 | Pan      | 63402 ||| (to cure confusion)
 63449 | Pan      | Identified the +9 great sword "Eblacw" {flame, rF+ SInv}
 63592 | Pan      | 63592 ||| Stepping ~*~*~tactically~*~*~ (hiding).
 63607 | Pan      | 63607 ||| INVOKING Cleansing Flame.
 64106 | Pan      | Found an exit through the horrors of the Abyss.
 64507 | Pan      | 64507 ||| INVOKING Cleansing Flame.
 64585 | Pan      | 64585 ||| UPGRADING to +2 tower shield of reflection.
 64595 | Pan      | 64595 ||| DROPPING +0 tower shield.
 64628 | Pan      | Noticed Jeucio the pandemonium lord
 64629 | Pan      | 64629 ||| INVOKING Summon Divine Warrior.
 64637 | Pan      | Paralysed by a floating eye for 4 turns
 64640 | Pan      | Gained mutation: You sometimes lose your temper in combat.
                  | [a shining eye]
 64642 | Pan      | 64642 ||| DRINKING 23 potions of curing.
 64642 | Pan      | 64642 ||| (to cure confusion)
 64644 | Pan      | 64644 ||| DRINKING 22 potions of curing.
 64644 | Pan      | 64644 ||| (to cure confusion)
 64646 | Pan      | Paralysed by a floating eye for 2 turns
 64648 | Pan      | Gained mutation: You have a pair of small horns on your
                  | head. [a shining eye]
 64649 | Pan      | 64649 ||| DRINKING 21 potions of curing.
 64649 | Pan      | 64649 ||| (to cure confusion)
 64650 | Pan      | 64650 ||| INVOKING Cleansing Flame.
 64652 | Pan      | Killed Jeucio the pandemonium lord
 64661 | Pan      | 64661 ||| DRINKING 5 potions of mutation.
 64661 | Pan      | Lost mutation: You are partially covered in large bone
                  | plates. (SH +4) [potion of mutation]
 64661 | Pan      | Lost mutation: You have a pair of small horns on your head.
                  | [potion of mutation]
 64661 | Pan      | Lost mutation: You occasionally shout uncontrollably at
                  | your foes. [potion of mutation]
 64662 | Pan      | 64662 ||| DRINKING 4 potions of mutation.
 64662 | Pan      | Lost mutation: You sometimes lose your temper in combat.
                  | [potion of mutation]
 64662 | Pan      | Lost mutation: You are somewhat resistant to further
                  | mutation. [potion of mutation]
 64662 | Pan      | Gained mutation: Your spells are a little easier to cast,
                  | but a little less powerful. [potion of mutation]
 65253 | Pan      | 65253 ||| UPGRADING to +2 helmet.
 65333 | Pan      | 65333 ||| Stepping ~*~*~tactically~*~*~ (hiding).
 65388 | Pan      | 65388 ||| Stepping ~*~*~tactically~*~*~ (stealth).
 65402 | Pan      | 65402 ||| Stepping ~*~*~tactically~*~*~ (hiding).
 65412 | Pan      | 65412 ||| Stepping ~*~*~tactically~*~*~ (stealth).
 65417 | Pan      | 65417 ||| Stepping ~*~*~tactically~*~*~ (hiding).
 65421 | Pan      | 65421 ||| Stepping ~*~*~tactically~*~*~ (hiding).
 65451 | Pan      | 65451 ||| Stepping ~*~*~tactically~*~*~ (stealth).
 65508 | Pan      | Reached skill level 27 in Invocations
 65546 | Pan      | 65546 ||| Stepping ~*~*~tactically~*~*~ (hiding).
 65623 | Pan      | 65623 ||| Stepping ~*~*~tactically~*~*~ (stealth).
 65627 | Pan      | 65627 ||| Stepping ~*~*~tactically~*~*~ (hiding).
 65673 | Pan      | 65673 ||| Stepping ~*~*~tactically~*~*~ (stealth).
 65700 | Pan      | 65700 ||| Stepping ~*~*~tactically~*~*~ (hiding).
 65726 | Pan      | 65726 ||| Stepping ~*~*~tactically~*~*~ (stealth).
 65729 | Pan      | 65729 ||| Stepping ~*~*~tactically~*~*~ (stealth).
 65778 | Pan      | 65778 ||| Stepping ~*~*~tactically~*~*~ (stealth).
 65779 | Pan      | 65779 ||| Stepping ~*~*~tactically~*~*~ (stealth).
 65780 | Pan      | 65780 ||| Stepping ~*~*~tactically~*~*~ (stealth).
 65781 | Pan      | 65781 ||| Stepping ~*~*~tactically~*~*~ (stealth).
 65811 | Pan      | 65811 ||| Stepping ~*~*~tactically~*~*~ (stealth).
 65827 | Pan      | 65827 ||| Stepping ~*~*~tactically~*~*~ (hiding).
 65829 | Pan      | 65829 ||| Stepping ~*~*~tactically~*~*~ (hiding).
 65917 | Pan      | 65917 ||| Stepping ~*~*~tactically~*~*~ (stealth).
 65920 | Pan      | 65920 ||| Stepping ~*~*~tactically~*~*~ (stealth).
 65934 | Pan      | 65934 ||| INVOKING Cleansing Flame.
 65935 | Pan      | 65935 ||| INVOKING Summon Divine Warrior.
 65972 | Pan      | Noticed Jece the pandemonium lord
 65980 | Pan      | Killed Jece the pandemonium lord
 66153 | Pan      | 66153 ||| DROPPING +1 cloak.
 66458 | Pan      | Found an exit through the horrors of the Abyss.
 66581 | Pan      | 66581 ||| Stepping ~*~*~tactically~*~*~ (hiding).
 66582 | Pan      | 66582 ||| Stepping ~*~*~tactically~*~*~ (hiding).
 66588 | Pan      | 66588 ||| INVOKING Summon Divine Warrior.
 66912 | Pan      | Identified the +0 pair of boots of Patterns {+Blink Dex+7
                  | Stlth-}
 67179 | Pan      | Noticed Zeelyeh the pandemonium lord
 67181 | Pan      | 67181 ||| READING 22 scrolls of teleportation.
 67183 | Pan      | 67183 ||| INVOKING Cleansing Flame.
 67184 | Pan      | 67184 ||| INVOKING Cleansing Flame.
 67508 | Pan      | Found an exit through the horrors of the Abyss.
 67537 | Pan      | Reached skill level 24 in Armour
 67558 | Pan      | 67558 ||| Stepping ~*~*~tactically~*~*~ (stealth).
 67600 | Pan      | Noticed Baosodo the pandemonium lord
 67603 | Pan      | 67603 ||| DRINKING 3 potions of magic.
 67604 | Pan      | 67604 ||| INVOKING Summon Divine Warrior.
 67605 | Pan      | 67605 ||| INVOKING Cleansing Flame.
 67610 | Pan      | Killed Baosodo the pandemonium lord
 67685 | Pan      | 67685 ||| Stepping ~*~*~tactically~*~*~ (hiding).
 67687 | Pan      | 67687 ||| Stepping ~*~*~tactically~*~*~ (hiding).
 67727 | Pan      | 67727 ||| DROPPING +1 pair of boots.
 67851 | Pan      | 67851 ||| Stepping ~*~*~tactically~*~*~ (stealth).
 67857 | Pan      | 67857 ||| Stepping ~*~*~tactically~*~*~ (stealth).
 67862 | Pan      | 67862 ||| Stepping ~*~*~tactically~*~*~ (stealth).
 67875 | Pan      | 67875 ||| Stepping ~*~*~tactically~*~*~ (stealth).
 67882 | Pan      | 67882 ||| Stepping ~*~*~tactically~*~*~ (stealth).
 67893 | Pan      | 67893 ||| Stepping ~*~*~tactically~*~*~ (stealth).
 68056 | Pan      | 68056 ||| Stepping ~*~*~tactically~*~*~ (stealth).
 68057 | Pan      | 68057 ||| Stepping ~*~*~tactically~*~*~ (hiding).
 68133 | Pan      | 68133 ||| Stepping ~*~*~tactically~*~*~ (hiding).
 68134 | Pan      | 68134 ||| Stepping ~*~*~tactically~*~*~ (hiding).
 68158 | Pan      | 68158 ||| Stepping ~*~*~tactically~*~*~ (hiding).
 68159 | Pan      | 68159 ||| Stepping ~*~*~tactically~*~*~ (hiding).
 68165 | Pan      | 68165 ||| Stepping ~*~*~tactically~*~*~ (hiding).
 68197 | Pan      | 68197 ||| Stepping ~*~*~tactically~*~*~ (stealth).
 68198 | Pan      | 68198 ||| Stepping ~*~*~tactically~*~*~ (stealth).
 68200 | Pan      | 68200 ||| Stepping ~*~*~tactically~*~*~ (stealth).
 68237 | Pan      | 68237 ||| ZAPPING wand of digging (20).
 68293 | Pan      | 68293 ||| Stepping ~*~*~tactically~*~*~ (stealth).
 68297 | Pan      | 68297 ||| Stepping ~*~*~tactically~*~*~ (stealth).
 68609 | Pan      | 68609 ||| Stepping ~*~*~tactically~*~*~ (stealth).
 68611 | Pan      | 68611 ||| Stepping ~*~*~tactically~*~*~ (stealth).
 68673 | Pan      | 68673 ||| Stepping ~*~*~tactically~*~*~ (stealth).
 68738 | Pan      | 68738 ||| Stepping ~*~*~tactically~*~*~ (hiding).
 68741 | Pan      | 68741 ||| Stepping ~*~*~tactically~*~*~ (hiding).
 68809 | Pan      | 68809 ||| Stepping ~*~*~tactically~*~*~ (stealth).
 69010 | Pan      | 69010 ||| Stepping ~*~*~tactically~*~*~ (hiding).
 69012 | Pan      | 69012 ||| ZAPPING wand of digging (19).
 69054 | Pan      | 69054 ||| Stepping ~*~*~tactically~*~*~ (stealth).
 69055 | Pan      | 69055 ||| Stepping ~*~*~tactically~*~*~ (stealth).
 69058 | Pan      | 69058 ||| Stepping ~*~*~tactically~*~*~ (stealth).
 69102 | Pan      | 69102 ||| Stepping ~*~*~tactically~*~*~ (stealth).
 69103 | Pan      | 69103 ||| Stepping ~*~*~tactically~*~*~ (stealth).
 69283 | Pan      | 69283 ||| Stepping ~*~*~tactically~*~*~ (stealth).
 69295 | Pan      | 69295 ||| Stepping ~*~*~tactically~*~*~ (stealth).
 69316 | Pan      | 69316 ||| Stepping ~*~*~tactically~*~*~ (stealth).
 69485 | Pan      | 69485 ||| Stepping ~*~*~tactically~*~*~ (stealth).
 69654 | Pan      | 69654 ||| Stepping ~*~*~tactically~*~*~ (stealth).
 69655 | Pan      | 69655 ||| Stepping ~*~*~tactically~*~*~ (stealth).
 69656 | Pan      | 69656 ||| Stepping ~*~*~tactically~*~*~ (stealth).
 69688 | Pan      | 69688 ||| Stepping ~*~*~tactically~*~*~ (stealth).
 69713 | Pan      | 69713 ||| Stepping ~*~*~tactically~*~*~ (stealth).
 69724 | Pan      | 69724 ||| Stepping ~*~*~tactically~*~*~ (stealth).
 69774 | Pan      | 69774 ||| Stepping ~*~*~tactically~*~*~ (stealth).
 69843 | Pan      | 69843 ||| Stepping ~*~*~tactically~*~*~ (hiding).
 69923 | Pan      | 69923 ||| Stepping ~*~*~tactically~*~*~ (stealth).
 69967 | Pan      | 69967 ||| Stepping ~*~*~tactically~*~*~ (stealth).
 69970 | Pan      | 69970 ||| Stepping ~*~*~tactically~*~*~ (stealth).
 69975 | Pan      | 69975 ||| Stepping ~*~*~tactically~*~*~ (stealth).
 69980 | Pan      | 69980 ||| Stepping ~*~*~tactically~*~*~ (hiding).
 69981 | Pan      | 69981 ||| Stepping ~*~*~tactically~*~*~ (hiding).
 69996 | Pan      | 69996 ||| Stepping ~*~*~tactically~*~*~ (hiding).
 70001 | Pan      | 70001 ||| UPGRADING to +0 pair of boots of Patterns {+Blink
                  | Dex+7 Stlth-}.
 70002 | Pan      | 70002 ||| UPGRADING to +0 pair of boots of Patterns {+Blink
                  | Dex+7 Stlth-}.
 70018 | Pan      | 70018 ||| DROPPING +2 pair of boots of rampaging.
 70047 | Pan      | 70047 ||| Stepping ~*~*~tactically~*~*~ (stealth).
 70087 | Pan      | 70087 ||| Stepping ~*~*~tactically~*~*~ (stealth).
 70233 | Pan      | 70233 ||| Stepping ~*~*~tactically~*~*~ (stealth).
 70235 | Pan      | 70235 ||| Stepping ~*~*~tactically~*~*~ (stealth).
 70280 | Pan      | 70280 ||| Stepping ~*~*~tactically~*~*~ (stealth).
 70283 | Pan      | 70283 ||| Stepping ~*~*~tactically~*~*~ (stealth).
 70284 | Pan      | 70284 ||| Stepping ~*~*~tactically~*~*~ (stealth).
 70395 | Pan      | 70395 ||| Stepping ~*~*~tactically~*~*~ (stealth).
 70396 | Pan      | 70396 ||| Stepping ~*~*~tactically~*~*~ (stealth).
 70397 | Pan      | 70397 ||| Stepping ~*~*~tactically~*~*~ (hiding).
 70447 | Pan      | 70447 ||| Stepping ~*~*~tactically~*~*~ (hiding).
 70958 | Pan      | 70958 ||| Stepping ~*~*~tactically~*~*~ (stealth).
 70959 | Pan      | 70959 ||| Stepping ~*~*~tactically~*~*~ (stealth).
 71232 | Pan      | 71232 ||| Stepping ~*~*~tactically~*~*~ (stealth).
 71343 | Pan      | 71343 ||| Stepping ~*~*~tactically~*~*~ (stealth).
 71651 | Pan      | 71651 ||| Stepping ~*~*~tactically~*~*~ (stealth).
 71912 | Pan      | 71912 ||| Stepping ~*~*~tactically~*~*~ (stealth).
 72069 | Pan      | 72069 ||| Stepping ~*~*~tactically~*~*~ (stealth).
 72070 | Pan      | 72070 ||| Stepping ~*~*~tactically~*~*~ (stealth).
 72132 | Pan      | 72132 ||| Stepping ~*~*~tactically~*~*~ (stealth).
 72181 | Pan      | 72181 ||| Stepping ~*~*~tactically~*~*~ (hiding).
 72182 | Pan      | 72182 ||| Stepping ~*~*~tactically~*~*~ (hiding).
 72377 | Pan      | 72377 ||| Stepping ~*~*~tactically~*~*~ (stealth).
 72380 | Pan      | 72380 ||| Stepping ~*~*~tactically~*~*~ (stealth).
 72421 | Pan      | 72421 ||| Stepping ~*~*~tactically~*~*~ (stealth).
 72561 | Pan      | 72561 ||| Stepping ~*~*~tactically~*~*~ (stealth).
 72598 | Pan      | 72598 ||| Stepping ~*~*~tactically~*~*~ (stealth).
 72641 | Pan      | 72641 ||| Stepping ~*~*~tactically~*~*~ (stealth).
 72670 | Pan      | 72670 ||| Stepping ~*~*~tactically~*~*~ (stealth).
 72692 | Pan      | 72692 ||| Stepping ~*~*~tactically~*~*~ (stealth).
 72823 | Pan      | 72823 ||| Stepping ~*~*~tactically~*~*~ (stealth).
 72862 | Pan      | 72862 ||| Stepping ~*~*~tactically~*~*~ (stealth).
 72868 | Pan      | 72868 ||| Stepping ~*~*~tactically~*~*~ (stealth).
 72870 | Pan      | 72870 ||| Stepping ~*~*~tactically~*~*~ (stealth).
 72946 | Pan      | 72946 ||| Stepping ~*~*~tactically~*~*~ (stealth).
 72947 | Pan      | 72947 ||| Stepping ~*~*~tactically~*~*~ (stealth).
 73099 | Pan      | 73099 ||| Stepping ~*~*~tactically~*~*~ (stealth).
 73274 | Pan      | 73274 ||| Stepping ~*~*~tactically~*~*~ (stealth).
 73372 | Pan      | 73372 ||| Stepping ~*~*~tactically~*~*~ (stealth).
 73729 | Pan      | 73729 ||| Stepping ~*~*~tactically~*~*~ (stealth).
 73734 | Pan      | 73734 ||| Stepping ~*~*~tactically~*~*~ (stealth).
 74417 | Pan      | 74417 ||| Stepping ~*~*~tactically~*~*~ (stealth).
 74624 | Pan      | 74624 ||| Stepping ~*~*~tactically~*~*~ (stealth).
 74646 | Pan      | 74646 ||| Stepping ~*~*~tactically~*~*~ (stealth).
 74706 | Pan      | 74706 ||| Stepping ~*~*~tactically~*~*~ (hiding).
 74707 | Pan      | 74707 ||| Stepping ~*~*~tactically~*~*~ (hiding).
 74709 | Pan      | 74709 ||| Stepping ~*~*~tactically~*~*~ (hiding).
 74722 | Pan      | 74722 ||| Stepping ~*~*~tactically~*~*~ (hiding).
 74725 | Pan      | 74725 ||| Stepping ~*~*~tactically~*~*~ (hiding).
 74726 | Pan      | 74726 ||| Stepping ~*~*~tactically~*~*~ (hiding).
 74727 | Pan      | 74727 ||| Stepping ~*~*~tactically~*~*~ (hiding).
 74853 | Pan      | 74853 ||| Stepping ~*~*~tactically~*~*~ (stealth).
 74854 | Pan      | 74854 ||| Stepping ~*~*~tactically~*~*~ (stealth).
 74923 | Pan      | 74923 ||| Stepping ~*~*~tactically~*~*~ (stealth).
 75039 | Pan      | 75039 ||| Stepping ~*~*~tactically~*~*~ (stealth).
 75114 | Pan      | 75114 ||| Stepping ~*~*~tactically~*~*~ (stealth).
 75160 | Pan      | 75160 ||| Stepping ~*~*~tactically~*~*~ (stealth).
 75164 | Pan      | 75164 ||| Stepping ~*~*~tactically~*~*~ (stealth).
 75165 | Pan      | 75165 ||| Stepping ~*~*~tactically~*~*~ (stealth).
 75166 | Pan      | 75166 ||| Stepping ~*~*~tactically~*~*~ (stealth).
 75219 | Pan      | 75219 ||| Stepping ~*~*~tactically~*~*~ (stealth).
 75225 | Pan      | 75225 ||| Stepping ~*~*~tactically~*~*~ (stealth).
 75692 | Pan      | Reached skill level 27 in Armour
 75705 | Pan      | 75705 ||| Stepping ~*~*~tactically~*~*~ (stealth).
 76217 | Pan      | 76217 ||| Stepping ~*~*~tactically~*~*~ (stealth).
 76286 | Pan      | 76286 ||| Stepping ~*~*~tactically~*~*~ (stealth).
 77174 | Pan      | 77174 ||| Stepping ~*~*~tactically~*~*~ (stealth).
 77384 | Pan      | 77384 ||| Stepping ~*~*~tactically~*~*~ (stealth).
 77390 | Pan      | 77390 ||| Stepping ~*~*~tactically~*~*~ (hiding).
 77391 | Pan      | 77391 ||| Stepping ~*~*~tactically~*~*~ (hiding).
 77392 | Pan      | 77392 ||| Stepping ~*~*~tactically~*~*~ (hiding).
 77403 | Pan      | Found a runed translucent door.
 77648 | Pan      | 77648 ||| Stepping ~*~*~tactically~*~*~ (stealth).
 78229 | Pan      | 78229 ||| Stepping ~*~*~tactically~*~*~ (hiding).
 78237 | Pan      | 78237 ||| Stepping ~*~*~tactically~*~*~ (stealth).
 78242 | Pan      | 78242 ||| Stepping ~*~*~tactically~*~*~ (stealth).
 78255 | Pan      | 78255 ||| Stepping ~*~*~tactically~*~*~ (stealth).
 78258 | Pan      | 78258 ||| Stepping ~*~*~tactically~*~*~ (stealth).
 78649 | Pan      | 78649 ||| Stepping ~*~*~tactically~*~*~ (stealth).
 78781 | Pan      | 78781 ||| Stepping ~*~*~tactically~*~*~ (stealth).
 78800 | Pan      | 78800 ||| Stepping ~*~*~tactically~*~*~ (stealth).
 78809 | Pan      | 78809 ||| Stepping ~*~*~tactically~*~*~ (stealth).
 78866 | Pan      | 78866 ||| Stepping ~*~*~tactically~*~*~ (hiding).
 78983 | Pan      | 78983 ||| Stepping ~*~*~tactically~*~*~ (stealth).
 79008 | Pan      | 79008 ||| Stepping ~*~*~tactically~*~*~ (stealth).
 79043 | Pan      | 79043 ||| Stepping ~*~*~tactically~*~*~ (stealth).
 79307 | Pan      | 79307 ||| Stepping ~*~*~tactically~*~*~ (stealth).
 79968 | Pan      | 79968 ||| Stepping ~*~*~tactically~*~*~ (stealth).
 79970 | Pan      | 79970 ||| Stepping ~*~*~tactically~*~*~ (hiding).
 80399 | Pan      | 80399 ||| Stepping ~*~*~tactically~*~*~ (stealth).
 80449 | Pan      | 80449 ||| Stepping ~*~*~tactically~*~*~ (stealth).
 80510 | Pan      | 80510 ||| Stepping ~*~*~tactically~*~*~ (stealth).
 80646 | Pan      | 80646 ||| Stepping ~*~*~tactically~*~*~ (stealth).
 80766 | Pan      | 80766 ||| Stepping ~*~*~tactically~*~*~ (stealth).
 80834 | Pan      | 80834 ||| Stepping ~*~*~tactically~*~*~ (stealth).
 80835 | Pan      | 80835 ||| Stepping ~*~*~tactically~*~*~ (stealth).
 80836 | Pan      | 80836 ||| Stepping ~*~*~tactically~*~*~ (stealth).
 80999 | Pan      | 80999 ||| Stepping ~*~*~tactically~*~*~ (stealth).
 81065 | Pan      | 81065 ||| Stepping ~*~*~tactically~*~*~ (stealth).
 81158 | Pan      | 81158 ||| Stepping ~*~*~tactically~*~*~ (stealth).
 81160 | Pan      | 81160 ||| Stepping ~*~*~tactically~*~*~ (hiding).
 81263 | Pan      | 81263 ||| Stepping ~*~*~tactically~*~*~ (stealth).
 81264 | Pan      | 81264 ||| Stepping ~*~*~tactically~*~*~ (stealth).
 81375 | Pan      | 81375 ||| Stepping ~*~*~tactically~*~*~ (stealth).
 81387 | Pan      | 81387 ||| Stepping ~*~*~tactically~*~*~ (stealth).
 81392 | Pan      | 81392 ||| Stepping ~*~*~tactically~*~*~ (stealth).
 81462 | Pan      | 81462 ||| Stepping ~*~*~tactically~*~*~ (stealth).
 81554 | Pan      | 81554 ||| Stepping ~*~*~tactically~*~*~ (stealth).
 81590 | Pan      | 81590 ||| Stepping ~*~*~tactically~*~*~ (stealth).
 81894 | Pan      | 81894 ||| Stepping ~*~*~tactically~*~*~ (stealth).
 81917 | Pan      | 81917 ||| Stepping ~*~*~tactically~*~*~ (stealth).
 81918 | Pan      | 81918 ||| Stepping ~*~*~tactically~*~*~ (stealth).
 81991 | Pan      | Reached skill level 1 in Short Blades
 82026 | Pan      | 82026 ||| Stepping ~*~*~tactically~*~*~ (stealth).
 82180 | Pan      | 82180 ||| Stepping ~*~*~tactically~*~*~ (stealth).
 82196 | Pan      | 82196 ||| Stepping ~*~*~tactically~*~*~ (hiding).
 82197 | Pan      | 82197 ||| Stepping ~*~*~tactically~*~*~ (hiding).
 82283 | Pan      | 82283 ||| Stepping ~*~*~tactically~*~*~ (stealth).
 82565 | Pan      | 82565 ||| Stepping ~*~*~tactically~*~*~ (stealth).
 82611 | Pan      | 82611 ||| Stepping ~*~*~tactically~*~*~ (stealth).
 82614 | Pan      | 82614 ||| Stepping ~*~*~tactically~*~*~ (stealth).
 82625 | Pan      | 82625 ||| Stepping ~*~*~tactically~*~*~ (stealth).
 82717 | Pan      | 82717 ||| Stepping ~*~*~tactically~*~*~ (stealth).
 82905 | Pan      | 82905 ||| Stepping ~*~*~tactically~*~*~ (stealth).
 82910 | Pan      | 82910 ||| DROPPING amulet of regeneration.
 82911 | Pan      | 82911 ||| ZAPPING wand of digging (18).
 83011 | Pan      | 83011 ||| Stepping ~*~*~tactically~*~*~ (stealth).
 83014 | Pan      | 83014 ||| Stepping ~*~*~tactically~*~*~ (stealth).
 83015 | Pan      | 83015 ||| Stepping ~*~*~tactically~*~*~ (stealth).
 83360 | Pan      | 83360 ||| Stepping ~*~*~tactically~*~*~ (stealth).
 83363 | Pan      | 83363 ||| Stepping ~*~*~tactically~*~*~ (stealth).
 83382 | Pan      | 83382 ||| Stepping ~*~*~tactically~*~*~ (stealth).
 83383 | Pan      | 83383 ||| Stepping ~*~*~tactically~*~*~ (stealth).
 83438 | Pan      | 83438 ||| Stepping ~*~*~tactically~*~*~ (stealth).
 83439 | Pan      | 83439 ||| Stepping ~*~*~tactically~*~*~ (stealth).
 83440 | Pan      | 83440 ||| Stepping ~*~*~tactically~*~*~ (stealth).
 83477 | Pan      | 83477 ||| Stepping ~*~*~tactically~*~*~ (stealth).
 83478 | Pan      | 83478 ||| Stepping ~*~*~tactically~*~*~ (stealth).
 83488 | Pan      | 83488 ||| Stepping ~*~*~tactically~*~*~ (stealth).
 83746 | Pan      | Reached skill level 3 in Short Blades
 83964 | Pan      | 83964 ||| Stepping ~*~*~tactically~*~*~ (stealth).
 84026 | Pan      | 84026 ||| Stepping ~*~*~tactically~*~*~ (stealth).
 84029 | Pan      | 84029 ||| Stepping ~*~*~tactically~*~*~ (stealth).
 84111 | Pan      | 84111 ||| Stepping ~*~*~tactically~*~*~ (stealth).
 84112 | Pan      | 84112 ||| Stepping ~*~*~tactically~*~*~ (stealth).
 84148 | Pan      | 84148 ||| Stepping ~*~*~tactically~*~*~ (stealth).
 84191 | Pan      | 84191 ||| Stepping ~*~*~tactically~*~*~ (stealth).
 84213 | Pan      | 84213 ||| Stepping ~*~*~tactically~*~*~ (stealth).
 84311 | Pan      | 84311 ||| Stepping ~*~*~tactically~*~*~ (stealth).
 84312 | Pan      | 84312 ||| Stepping ~*~*~tactically~*~*~ (stealth).
 84313 | Pan      | 84313 ||| Stepping ~*~*~tactically~*~*~ (stealth).
 84489 | Pan      | 84489 ||| Stepping ~*~*~tactically~*~*~ (stealth).
 84492 | Pan      | 84492 ||| Stepping ~*~*~tactically~*~*~ (stealth).
 84549 | Pan      | 84549 ||| ZAPPING wand of digging (17).
 84550 | Pan      | 84550 ||| ZAPPING wand of digging (16).
 84714 | Pan      | 84714 ||| Stepping ~*~*~tactically~*~*~ (stealth).
 84723 | Pan      | 84723 ||| Stepping ~*~*~tactically~*~*~ (hiding).
 85055 | Pan      | 85055 ||| Stepping ~*~*~tactically~*~*~ (stealth).
 85086 | Pan      | 85086 ||| Stepping ~*~*~tactically~*~*~ (stealth).
 85350 | Pan      | 85350 ||| Stepping ~*~*~tactically~*~*~ (stealth).
 85399 | Pan      | 85399 ||| Stepping ~*~*~tactically~*~*~ (stealth).
 85459 | Pan      | 85459 ||| Stepping ~*~*~tactically~*~*~ (stealth).
 85470 | Pan      | 85470 ||| Stepping ~*~*~tactically~*~*~ (stealth).
 85471 | Pan      | 85471 ||| Stepping ~*~*~tactically~*~*~ (stealth).
 85472 | Pan      | 85472 ||| Stepping ~*~*~tactically~*~*~ (stealth).
 85824 | Pan      | 85824 ||| Stepping ~*~*~tactically~*~*~ (stealth).
 85828 | Pan      | Reached skill level 27 in Fighting
 86246 | Pan      | 86246 ||| Stepping ~*~*~tactically~*~*~ (stealth).
 86248 | Pan      | 86248 ||| Stepping ~*~*~tactically~*~*~ (stealth).
 86249 | Pan      | 86249 ||| Stepping ~*~*~tactically~*~*~ (stealth).
 86251 | Pan      | 86251 ||| Stepping ~*~*~tactically~*~*~ (stealth).
 86266 | Pan      | Identified the +0 leather armour of Abstinence {Rampage
                  | rC+++ Str+4 Stlth-}
 86310 | Pan      | 86310 ||| Stepping ~*~*~tactically~*~*~ (stealth).
 86312 | Pan      | 86312 ||| Stepping ~*~*~tactically~*~*~ (stealth).
 86343 | Pan      | 86343 ||| Stepping ~*~*~tactically~*~*~ (stealth).
 86415 | Pan      | 86415 ||| Stepping ~*~*~tactically~*~*~ (stealth).
 86416 | Pan      | 86416 ||| Stepping ~*~*~tactically~*~*~ (stealth).
 86483 | Pan      | 86483 ||| Stepping ~*~*~tactically~*~*~ (stealth).
 87417 | Pan      | 87417 ||| Stepping ~*~*~tactically~*~*~ (stealth).
 88017 | Pan      | Reached skill level 15 in Dodging
 88083 | Pan      | 88083 ||| Stepping ~*~*~tactically~*~*~ (stealth).
 88215 | Pan      | 88215 ||| ZAPPING wand of digging (15).
 88234 | Pan      | 88234 ||| Stepping ~*~*~tactically~*~*~ (stealth).
 88235 | Pan      | 88235 ||| Stepping ~*~*~tactically~*~*~ (stealth).
 88392 | Pan      | 88392 ||| Stepping ~*~*~tactically~*~*~ (stealth).
 88597 | Pan      | 88597 ||| Stepping ~*~*~tactically~*~*~ (stealth).
 88875 | Pan      | 88875 ||| Stepping ~*~*~tactically~*~*~ (stealth).
 88876 | Pan      | 88876 ||| Stepping ~*~*~tactically~*~*~ (stealth).
 89048 | Pan      | 89048 ||| Stepping ~*~*~tactically~*~*~ (stealth).
 89850 | Pan      | 89850 ||| Stepping ~*~*~tactically~*~*~ (stealth).
 89851 | Pan      | 89851 ||| Stepping ~*~*~tactically~*~*~ (stealth).
 89936 | Pan      | 89936 ||| Stepping ~*~*~tactically~*~*~ (hiding).
 89938 | Pan      | 89938 ||| Stepping ~*~*~tactically~*~*~ (hiding).
 89940 | Pan      | 89940 ||| Stepping ~*~*~tactically~*~*~ (hiding).
 89942 | Pan      | 89942 ||| Stepping ~*~*~tactically~*~*~ (hiding).
 89944 | Pan      | 89944 ||| Stepping ~*~*~tactically~*~*~ (hiding).
 89951 | Pan      | 89951 ||| Stepping ~*~*~tactically~*~*~ (stealth).
 90343 | Pan      | 90343 ||| Stepping ~*~*~tactically~*~*~ (stealth).
 90356 | Pan      | 90356 ||| Stepping ~*~*~tactically~*~*~ (stealth).
 90750 | Pan      | 90750 ||| Stepping ~*~*~tactically~*~*~ (stealth).
 90760 | Pan      | 90760 ||| ZAPPING wand of digging (14).
 90880 | Pan      | 90880 ||| Stepping ~*~*~tactically~*~*~ (stealth).
 91091 | Pan      | 91091 ||| Stepping ~*~*~tactically~*~*~ (stealth).
 91113 | Pan      | 91113 ||| Stepping ~*~*~tactically~*~*~ (stealth).
 91244 | Pan      | 91244 ||| Stepping ~*~*~tactically~*~*~ (stealth).
 91382 | Pan      | 91382 ||| Stepping ~*~*~tactically~*~*~ (stealth).
 91494 | Pan      | 91494 ||| Stepping ~*~*~tactically~*~*~ (stealth).
 91634 | Pan      | 91634 ||| Stepping ~*~*~tactically~*~*~ (stealth).
 91642 | Pan      | 91642 ||| Stepping ~*~*~tactically~*~*~ (stealth).
 91648 | Pan      | 91648 ||| Stepping ~*~*~tactically~*~*~ (stealth).
 91653 | Pan      | 91653 ||| Stepping ~*~*~tactically~*~*~ (stealth).
 91654 | Pan      | 91654 ||| Stepping ~*~*~tactically~*~*~ (stealth).
 92064 | Pan      | 92064 ||| Stepping ~*~*~tactically~*~*~ (stealth).
 92119 | Pan      | 92119 ||| Stepping ~*~*~tactically~*~*~ (stealth).
 92120 | Pan      | 92120 ||| Stepping ~*~*~tactically~*~*~ (stealth).
 92127 | Pan      | 92127 ||| Stepping ~*~*~tactically~*~*~ (stealth).
 92246 | Pan      | 92246 ||| Stepping ~*~*~tactically~*~*~ (hiding).
 92296 | Pan      | 92296 ||| Stepping ~*~*~tactically~*~*~ (stealth).
 92297 | Pan      | 92297 ||| Stepping ~*~*~tactically~*~*~ (stealth).
 92306 | Pan      | 92306 ||| ZAPPING wand of digging (13).
 92317 | Pan      | 92317 ||| Stepping ~*~*~tactically~*~*~ (stealth).
 92394 | Pan      | 92394 ||| Stepping ~*~*~tactically~*~*~ (stealth).
 92484 | Pan      | 92484 ||| Stepping ~*~*~tactically~*~*~ (stealth).
 92485 | Pan      | 92485 ||| Stepping ~*~*~tactically~*~*~ (stealth).
 92516 | Pan      | 92516 ||| Stepping ~*~*~tactically~*~*~ (hiding).
 92517 | Pan      | 92517 ||| Stepping ~*~*~tactically~*~*~ (hiding).
 92861 | Pan      | 92861 ||| Stepping ~*~*~tactically~*~*~ (stealth).
 92862 | Pan      | 92862 ||| Stepping ~*~*~tactically~*~*~ (stealth).
 92866 | Pan      | 92866 ||| Stepping ~*~*~tactically~*~*~ (stealth).
 92869 | Pan      | 92869 ||| Stepping ~*~*~tactically~*~*~ (stealth).
 92871 | Pan      | 92871 ||| Stepping ~*~*~tactically~*~*~ (stealth).
 92874 | Pan      | 92874 ||| Stepping ~*~*~tactically~*~*~ (stealth).
 93013 | Pan      | 93013 ||| Stepping ~*~*~tactically~*~*~ (stealth).
 93025 | Pan      | 93025 ||| Stepping ~*~*~tactically~*~*~ (stealth).
 93105 | Pan      | 93105 ||| Stepping ~*~*~tactically~*~*~ (stealth).
 93127 | Pan      | 93127 ||| Stepping ~*~*~tactically~*~*~ (stealth).
 93128 | Pan      | 93128 ||| Stepping ~*~*~tactically~*~*~ (stealth).
 93238 | Pan      | 93238 ||| Stepping ~*~*~tactically~*~*~ (stealth).
 93405 | Pan      | 93405 ||| Stepping ~*~*~tactically~*~*~ (hiding).
 93534 | Pan      | 93534 ||| Stepping ~*~*~tactically~*~*~ (stealth).
 93539 | Pan      | 93539 ||| Stepping ~*~*~tactically~*~*~ (stealth).
 93618 | Pan      | 93618 ||| Stepping ~*~*~tactically~*~*~ (stealth).
 93620 | Pan      | 93620 ||| Stepping ~*~*~tactically~*~*~ (stealth).
 93713 | Pan      | 93713 ||| Stepping ~*~*~tactically~*~*~ (stealth).
 93715 | Pan      | 93715 ||| ZAPPING wand of digging (12).
 93898 | Pan      | Glimpsed the power of Zot.
 93950 | Pan      | 93950 ||| Stepping ~*~*~tactically~*~*~ (stealth).
 93951 | Pan      | 93951 ||| ZAPPING wand of digging (11).
 94404 | Pan      | Glimpsed the power of Zot.
 94628 | Pan      | 94628 ||| Stepping ~*~*~tactically~*~*~ (stealth).
 94698 | Pan      | 94698 ||| Stepping ~*~*~tactically~*~*~ (stealth).
 94700 | Pan      | 94700 ||| Stepping ~*~*~tactically~*~*~ (stealth).
 94704 | Pan      | 94704 ||| Stepping ~*~*~tactically~*~*~ (hiding).
 94720 | Pan      | Reached skill level 24 in Shields
 94814 | Pan      | Glimpsed the power of Zot.
 94916 | Pan      | Touched by the power of Zot.
 94917 | Pan      | Glimpsed the power of Zot.
 94987 | Pan      | 94987 ||| Stepping ~*~*~tactically~*~*~ (stealth).
 95202 | Pan      | HP: 30/130 [smoke demon/divine providence (13)]
 95203 | Pan      | 95203 ||| READING 21 scrolls of teleportation.
 95204 | Pan      | 95204 ||| DRINKING 13 potions of heal wounds.
 95208 | Pan      | 95208 ||| DRINKING 2 potions of magic.
 95209 | Pan      | 95209 ||| INVOKING Summon Divine Warrior.
 95287 | Pan      | 95287 ||| INVOKING Summon Divine Warrior.
 95430 | Pan      | Glimpsed the power of Zot.
 95587 | Pan      | 95587 ||| Stepping ~*~*~tactically~*~*~ (hiding).
 95836 | Pan      | Glimpsed the power of Zot.
 95937 | Pan      | Touched by the power of Zot.
 95938 | Pan      | Glimpsed the power of Zot.
 96001 | Pan      | 96001 ||| Stepping ~*~*~tactically~*~*~ (stealth).
 96002 | Pan      | 96002 ||| Stepping ~*~*~tactically~*~*~ (stealth).
 96035 | Pan      | 96035 ||| Stepping ~*~*~tactically~*~*~ (hiding).
 96450 | Pan      | Glimpsed the power of Zot.
 96824 | Pan      | 96824 ||| Stepping ~*~*~tactically~*~*~ (hiding).
 96863 | Pan      | Glimpsed the power of Zot.
 96966 | Pan      | Touched by the power of Zot.
 96967 | Pan      | Glimpsed the power of Zot.
 97249 | Pan      | 97249 ||| Stepping ~*~*~tactically~*~*~ (stealth).
 97348 | Pan      | 97348 ||| Stepping ~*~*~tactically~*~*~ (stealth).
 97351 | Pan      | 97351 ||| Stepping ~*~*~tactically~*~*~ (stealth).
 97419 | Pan      | 97419 ||| Stepping ~*~*~tactically~*~*~ (stealth).
 97475 | Pan      | Glimpsed the power of Zot.
 97695 | Pan      | 97695 ||| ZAPPING wand of digging (10).
 97878 | Pan      | Glimpsed the power of Zot.
 97911 | Pan      | 97911 ||| Stepping ~*~*~tactically~*~*~ (stealth).
 97980 | Pan      | Touched by the power of Zot.
 97981 | Pan      | Glimpsed the power of Zot.
 98485 | Pan      | Glimpsed the power of Zot.
 98505 | Pan      | Reached skill level 18 in Dodging
 98821 | Pan      | 98821 ||| Stepping ~*~*~tactically~*~*~ (stealth).
 98861 | Pan      | 98861 ||| Stepping ~*~*~tactically~*~*~ (stealth).
 98891 | Pan      | Glimpsed the power of Zot.
 98991 | Pan      | Touched by the power of Zot.
 98992 | Pan      | Glimpsed the power of Zot.
 99410 | Pan      | 99410 ||| Stepping ~*~*~tactically~*~*~ (stealth).
 99411 | Pan      | 99411 ||| Stepping ~*~*~tactically~*~*~ (stealth).
 99492 | Pan      | Glimpsed the power of Zot.
 99557 | Pan      | 99557 ||| Stepping ~*~*~tactically~*~*~ (stealth).
 99580 | Pan      | 99580 ||| Stepping ~*~*~tactically~*~*~ (stealth).
 99681 | Pan      | HP: 10/64 [smoke demon/divine providence (16)]
 99682 | Pan      | 99682 ||| READING 20 scrolls of teleportation.
 99682 | Pan      | Killed from afar by a smoke demon

Levels and vault maps discovered:
D:1:      mainiacjoe_arrival_reflecting_pool, layout_rooms,
          chequers_ecumenical_altar_simple_redux, serial_co_window_serial,
          co_window_paths_a, co_window_corner_a, co_window_paths_a,
          co_window_paths_a, co_window_of_opportunity_a, co_window_corner_a,
          co_window_paths_b, co_window_paths_a, co_window_corner_a,
          co_window_2corner, co_window_broadway_a, co_window_broadway_a,
          co_window_2corner, co_window_of_opportunity_b, glass_columns_a,
          glass_columns_a
D:2:      layout_basic, basic_altar, minmay_small_reverse_x
D:3:      layout_basic, kennysheep_generic_room_5
D:4:      layout_loops_corners, nicolae_kikubaaqudgha_miasma_corner,
          fedhas_altar_fruit_tree, uniq_edmund
D:5:      layout_basic, minmay_temple_entry_hall, nicolae_wooded_promenade
D:6:      layout_loops_cross, serial_shops, nicolae_stop_n_shop_1, uniq_maggie
D:7:      layout_loops_ring, mainiacjoe_overflow_large_starburst, st_stairs_4,
          uniq_crazy_yiuf_cottage
D:8:      layout_loops_cross, mainiacjoe_overflow_tiny_flanked,
          chequers_decorated_corner
D:9:      layout_cave_pods, orc_0_dummy, enter_bailey_5, serial_bayou_crossing,
          uniq_maurice, uniq_amaemon
D:10:     layout_basic, hangedman_misty_isle
D:11:     layout_basic, erik_lair_orcish_takeover, grunt_ministairs_2,
          nicolae_twisting_strands, kb_lookout_dungeons_type, uniq_psyche
D:12:     layout_loops_corners, serial_rivers, chequers_serial_rivers_room_a,
          chequers_serial_rivers_large_b, chequers_serial_rivers_room_a,
          chequers_serial_rivers_small_3
D:13:     layout_gridville
D:14:     layout_basic, david_vaults_2, nicolae_eternal_life, serial_shops,
          nicolae_shop_competitors_out_of_business, uniq_azrael, uniq_josephine
D:15:     hangedman_depths_entry_try_elsewhere_first, layout_loops_ring,
          nemelex_lonely_heart_becter, nicolae_shop_gadgets
Temple:   sentei_temple_godly_chess
Lair:1:   dreamdust_isle_of_ice, layout_regular_city
Lair:2:   layout_hall_layers, nzn_ghost_randoct
Lair:3:   layout_roguey, skrybe_swamp_entry_bodies,
          nicolae_spider_entry_orb_guardian, lemuel_fruit_tree
Lair:4:   layout_cave_shapes, slime_entry_1, grunt_megastairs_5
Lair:5:   hangedman_lair_in_review, layout_gridlike, wormcave,
          chequers_serial_rivers_room_b
Swamp:1:  cheibrodos_swamp_monstrosity, layout_basic_swamp,
          evilmike_swamp_ruin_rubble_1
Swamp:2:  nicolae_swamp_standing_stones, layout_basic_swamp,
          ebering_ghost_inner_flame, evilmike_swamp_ruin_house_5, swamp_pool4,
          infiniplex_staircase_pool_2, uniq_frances, uniq_aizul
Swamp:3:  layout_falls_marsh, evilmike_swamp_ruin_house_1, swamp_pool1
Swamp:4:  swamp_fiery, layout_basic_swamp, ebering_ghost_funeral_grove,
          nicolae_swamp_drake_lake, uniq_mara
Spider:1: layout_chambers
Spider:2: layout_chambers, portal_ice_cave_entry_pillars_1,
          nicolae_spider_webbed_stairs
Spider:3: layout_spider_delve, uniq_kirke, uniq_nikola, uniq_bai_suzhen,
          uniq_donald
Spider:4: grunt_spider_rune_circles, uniq_arachne
Orc:1:    layout_diamond_mine
Orc:2:    st_orc_rangers, layout_caves, nicolae_volcano_entry_lava_flow,
          serial_shops, nicolae_shop_bloodbath_and_beyond, shop,
          nicolae_diamond_shop, nicolae_square_shop, basic_altar, uniq_rupert
Vaults:1: ontoclasm_vaults_ligature, ontoclasm_vaults_claustrophobia, v_rooms_5,
          grunt_vaults_bifocal, nicolae_vaults_diagonal_hallway_7,
          vaults_room_door_hall, nicolae_vaults_little_squares_2,
          hangedman_vaults_capsules, vaults_room_grunt_arrival_ludios,
          v_misc_27, hangedman_vaults_stretched_pinwheel, layout_vaults_ring,
          serial_shops, nicolae_shop_crystal, nicolae_shop_hallway_plus
Vaults:2: nicolae_vaults_statue_guard, v_misc_27, nicolae_vaults_network_s,
          ontoclasm_vaults_spin, minmay_crypt_entry_necro_gods,
          ontoclasm_vaults_twist, grunt_vaults_swirl,
          vaults_room_grunt_arrival_checkpoint, hangedman_vaults_slice,
          nicolae_vaults_bisected_slash, layout_vaults_omnigrid, uniq_margery
Vaults:3: v_misc_2, hangedman_vaults_stream, nicolae_vaults_circle_grid_a,
          v_misc_31, vaults_standard_mumra_x, not_door_vault_mu,
          nicolae_vaults_network_barrier, ontoclasm_vaults_shuriken,
          nicolae_vaults_mini_display_case, vaults_dpeg_diagonal,
          layout_vaults_omnicross
Vaults:4: v_rooms_3, nicolae_vaults_circle_grid_a, v_misc_17, v_misc_15,
          nicolae_vaults_little_squares_5, nicolae_vaults_asterisk,
          nicolae_vaults_alarming, layout_vaults_chaotic_city, serial_shops,
          nicolae_shop_window_shopping, shop, shop
Vaults:5: serial_shops
Crypt:1:  layout_gridlike, unseen_surprise_small, grunt_crypt_arrival_split
Crypt:2:  layout_misc_corridors, grunt_megastairs_4
Crypt:3:  quadcrypt_mu
Tomb:1
Tomb:2:   uniq_boris, uniq_khufu
Tomb:3
Depths:1: layout_honeycomb, abyss_entry, minmay_door_square, pf_coc_iceberg,
          serial_shops, nicolae_shop_waterfront, kennysheep_generic_room_8,
          kennysheep_random_hallway
Depths:2: cheibrodos_salmonella, layout_cave_pools, rand_demon_pan_entry_4,
          hell_entry, serial_glass, glass_columns_a, glass_columns_a,
          glass_columns_b, glass_columns_a, glass_columns_a, glass_columns_b,
          minmay_strange_pillars, unseen_surprise_small, due_unseen_surprise,
          item_on_display_b, uniq_vv
Depths:3: nzn_winding_woodlands_large [nzn_winding_woodlands_hourglass,
          nzn_winding_woodlands_5x15_river_crossing,
          nzn_winding_woodlands_5x5_default,
          nzn_winding_woodlands_center_garden,
          nzn_winding_woodlands_15x15_thick_spiral,
          nzn_winding_woodlands_center_lodge,
          nzn_winding_woodlands_5x5_perimeter,
          nzn_winding_woodlands_5x15_jagged,
          nzn_winding_woodlands_5x5_closed_star], layout_long_grid,
          nicolae_abyss_entry_one_way_or_another, pan_entry,
          pf_vacation_house_of_asmodeus
Depths:4: grunt_zot_entry_funnels, layout_cave_pools, enter_ziggurat_a,
          serial_shops, bzr_firewalk, grunt_hell_entry_dis_mu, minivault_14,
          tgw_sif, serial_bayou_shore_b
Zot:1:    layout_gridlike, bh_zot_levy_curve, skrybe_zot_glass_2
Zot:2:    layout_misc_corridors, zot_minivault_3, uniq_parghit
Zot:3:    grunt_deathspiral_small, layout_onion
Zot:4:    kennysheep_spiral_hall, layout_gridlike
Zot:5:    layout_twisted_circle, st_stairs_1
Pan:      evilmike_mini_pan_diamond, layout_gridlike, nicolae_pan_door_chamber,
          layout_cellular_growth, grunt_pan_in_and_out, layout_cellular_growth,
          evilmike_mini_pan_doors_b, layout_cellular_growth,
          pan_blood_fountain_small, rand_demon_7, layout_irregular_city,
          pan_blood_fountain_2, pan_blood_fountain_small, pan_captured_pigsty,
          evilmike_mini_pan_layers, layout_stronghold, pan_blood_fountain_small,
          pan_blood_fountain, evilmike_mini_pan_corner, layout_long_grid,
          grunt_pan_pentagram, layout_pan_divisions_a [pan_division_quadrant_a3,
          pan_division_quadrant_a2, pan_division_quadrant_a2,
          pan_division_quadrant_a4, pan_division_octagon_halves],
          nicolae_pan_gloorx_vloqian_4, evilmike_mini_pan_corner,
          layout_gridlike, regret_index_pan_draining_boxed, layout_basic

Skill      XL: |  1  2  3  4  5  6  7  8  9 10 11 12 13 14 15 16 17 18 19 20 21 22 23 24 25 26 27 |
---------------+----------------------------------------------------------------------------------+-----
Axes           | 2 3 4 5 7 8 10 11 12 14 16 17 18 19 | 19.0
Throwing       | 1 2 3 4 5 6 9 10 11 12 13 14 | 14.5
Fighting       | 4 6 7 8 9 10 11 12 13 15 17 19 20 21 22 24 25 27 | 27.0
Dodging        | 2 3 5 6 7 9 10 11 12 13 18 | 18.0
Invocations    | 3 4 5 9 10 14 27 | 27.0
Armour         | 4 6 8 9 10 11 12 13 14 15 17 18 19 20 21 22 27 | 27.0
Shields        | 4 5 6 7 8 13 14 15 16 17 19 21 22 24 | 24.1
Short Blades   | 4 |  4.8

Action                   |  1- 3 |  4- 6 |  7- 9 | 10-12 | 13-15 | 16-18 | 19-21 | 22-24 | 25-27 || total
-------------------------+-------+-------+-------+-------+-------+-------+-------+-------+-------++-------
Melee: War axe           |   105 |    52 |   158 |   392 |   566 |       |       |       |       ||  1273
       Headbutt          |       |     7 |    35 |    93 |   210 |   291 |   406 |   391 |     2 ||  1435
       Broad axe         |       |       |       |       |   193 |  1070 |  1189 |  1269 |  3734 ||  7455
       Demon whip        |       |       |       |       |     5 |       |       |       |       ||     5
Throw: Javelin           |     4 |    22 |    44 |    54 |    67 |   112 |    97 |    51 |   243 ||   694
       Boomerang         |       |       |       |       |    68 |    62 |    25 |    15 |   454 ||   624
Invok: Heroism           |       |       |     9 |    24 |    38 |    43 |    34 |    42 |    23 ||   213
       Finesse           |       |       |       |     3 |     7 |    15 |    18 |    18 |     7 ||    68
       Brand Weapon With |       |       |       |       |       |       |       |       |     1 ||     1
       Cleansing Flame   |       |       |       |       |       |       |       |       |    71 ||    71
       Summon Divine War |       |       |       |       |       |       |       |       |    26 ||    26
Evoke: Wand              |       |       |       |       |       |       |       |       |    11 ||    11
  Use: Scroll            |     5 |     3 |    12 |    12 |     5 |     5 |     4 |     7 |    19 ||    72
       Potion            |     3 |     2 |     1 |     5 |     4 |     3 |     3 |    10 |    26 ||    57
 Stab: Distracted        |       |       |       |       |       |     1 |       |       |       ||     1
       Confused          |       |       |       |       |       |       |     1 |       |       ||     1
Armor: Scale mail        |    50 |       |       |       |       |       |       |       |       ||    50
       Chain mail        |     5 |    25 |    65 |    35 |       |       |       |       |       ||   130
       Plate armour      |       |       |       |   107 |   228 |   281 |   279 |   472 |   150 ||  1517
       Gold dragon scale |       |       |       |       |       |       |       |       |   762 ||   762
Dodge: Dodged            |    69 |    29 |    61 |   152 |   183 |   226 |   267 |   341 |   635 ||  1963
       Repelled          |       |       |       |       |     3 |       |       |       |       ||     3
Block: Buckler           |    28 |     8 |    24 |   158 |   123 |       |       |       |       ||   341
       Reflection        |       |       |       |    10 |    53 |    28 |    18 |    21 |   128 ||   258
       Kite shield       |       |       |       |       |   366 |   887 |   855 |   141 |       ||  2249
       Tower shield      |       |       |       |       |       |       |       |  1129 |  3255 ||  4384

Table legend:
 A = Non-vault XP
 B = Vault XP
 C = Vault XP percentage of total XP
 D = Non-vault monster count
 E = Vault monster count
 F = Vault count percentage of total count
                 A         B        C        D         E       F
            +---------+---------+-------+---------+---------+-------
      Total | 1418369 |  843418 |  37.3 |    2576 |     949 |  26.9
            +---------+---------+-------+---------+---------+-------
        D:1 |      45 |       0 |   0.0 |      26 |       0 |   0.0
        D:2 |      46 |       5 |   9.8 |      14 |       4 |  22.2
        D:3 |     170 |      16 |   8.6 |      17 |       3 |  15.0
        D:4 |     528 |     158 |  23.0 |      21 |       1 |   4.5
        D:5 |     932 |       0 |   0.0 |      17 |       0 |   0.0
        D:6 |     656 |     395 |  37.6 |      11 |       1 |   8.3
        D:7 |    1248 |     132 |   9.6 |      21 |       3 |  12.5
        D:8 |    1169 |       0 |   0.0 |      11 |       0 |   0.0
        D:9 |    1641 |    1660 |  50.3 |      28 |       6 |  17.6
       D:10 |    2151 |    1564 |  42.1 |       8 |       6 |  42.9
       D:11 |    6129 |    1573 |  20.4 |      19 |      12 |  38.7
       D:12 |    4547 |       0 |   0.0 |      12 |       0 |   0.0
       D:13 |    7927 |       0 |   0.0 |      19 |       0 |   0.0
       D:14 |   16156 |    4496 |  21.8 |      44 |      14 |  24.1
       D:15 |   12873 |    2445 |  16.0 |      30 |       3 |   9.1
     Lair:1 |    5403 |    4372 |  44.7 |      27 |      18 |  40.0
     Lair:2 |    3182 |       0 |   0.0 |      12 |       0 |   0.0
     Lair:3 |    2275 |    2046 |  47.4 |      10 |       3 |  23.1
     Lair:4 |    5480 |    3996 |  42.2 |      19 |       6 |  24.0
     Lair:5 |    9161 |   14085 |  60.6 |      42 |      36 |  46.2
    Swamp:1 |    7985 |    1832 |  18.7 |      18 |       1 |   5.3
    Swamp:2 |   15634 |    6668 |  29.9 |      32 |       7 |  17.9
    Swamp:3 |   11135 |     685 |   5.8 |      21 |       1 |   4.5
    Swamp:4 |   15032 |   20055 |  57.2 |      26 |      36 |  58.1
   Spider:1 |   19866 |       0 |   0.0 |      53 |       0 |   0.0
   Spider:2 |   15934 |       0 |   0.0 |      47 |       0 |   0.0
   Spider:3 |   18170 |    9357 |  34.0 |      47 |      10 |  17.5
   Spider:4 |    4395 |   20924 |  82.6 |      16 |      36 |  69.2
      Orc:1 |    2583 |       0 |   0.0 |      50 |       0 |   0.0
      Orc:2 |     628 |    8121 |  92.8 |      12 |      42 |  77.8
   Vaults:1 |   44725 |   19929 |  30.8 |      60 |      26 |  30.2
   Vaults:2 |   28729 |   13106 |  31.3 |      41 |      19 |  31.7
   Vaults:3 |   40899 |   14732 |  26.5 |      53 |      24 |  31.2
   Vaults:4 |   16339 |    7505 |  31.5 |      22 |      11 |  33.3
   Vaults:5 |   18503 |   95099 |  83.7 |      20 |      89 |  81.7
    Crypt:1 |   27222 |       0 |   0.0 |      45 |       0 |   0.0
    Crypt:2 |   46044 |    2169 |   4.5 |      66 |       4 |   5.7
    Crypt:3 |       0 |   49443 | 100.0 |       0 |      80 | 100.0
     Tomb:1 |   10632 |   24207 |  69.5 |      31 |      27 |  46.6
     Tomb:2 |    5849 |   52824 |  90.0 |      20 |      60 |  75.0
     Tomb:3 |    9609 |   60623 |  86.3 |      30 |      58 |  65.9
   Depths:1 |   33477 |    6139 |  15.5 |      43 |       7 |  14.0
   Depths:2 |   45789 |   28870 |  38.7 |      53 |      25 |  32.1
   Depths:3 |   14389 |   42189 |  74.6 |      15 |      35 |  70.0
   Depths:4 |   23954 |   22183 |  48.1 |      28 |      18 |  39.1
      Zot:1 |   46337 |       0 |   0.0 |      43 |       0 |   0.0
      Zot:2 |   24186 |   16346 |  40.3 |      17 |      12 |  41.4
      Zot:3 |   38998 |   53760 |  58.0 |      30 |      40 |  57.1
      Zot:4 |   47578 |    4981 |   9.5 |      37 |       4 |   9.8
      Zot:5 |   13338 |  117316 |  89.8 |       9 |      50 |  84.7
        Pan |  688691 |  107412 |  13.5 |    1183 |     111 |   8.6
            +---------+---------+-------+---------+---------+-------
